Workbook

Sheet Смета 12 гр. по ФЕР
A1: =Source!B1 -> Smeta.RU (495) 974-1589
H2: Приложение 1 к ФОРМЕ 6
B4: СМЕТА
B6: =IF(Source!G20<>"Новая локальная смета", Source!G20, "")
B8: =IF(Source!G12<>"Новый объект", Source!G12, "") -> Капитальный ремонт актового зала Технологического института - филиала НИЯУ МИФИ (ТИ НИЯУ МИФИ) по адресу: Свердловская обл., г. Лесной, Коммунистический проспект, д.36
A11: =CONCATENATE("Основание: ", Source!J20) -> Основание:
G14: базовая цена | I14: текущая цена
C15: Сметная стоимость | G15: =SUM(O26:O669)/1000 -> 335.43989 | I15: =(Source!P655/1000) -> 2636.7009 | K15: тыс. руб.
C16: Строительные работы | G16: =SUM(W26:W669)/1000 -> 259.26807 | I16: =(Source!P642)/1000 -> 1727.1884 | K16: тыс. руб.
C17: Монтажные работы | G17: =SUM(X26:X669)/1000 -> 76.17182 | I17: =(Source!P643)/1000 -> 507.30391 | K17: тыс. руб.
C18: Оборудование | G18: =SUM(Y26:Y669)/1000 -> 0 | I18: =(Source!P634)/1000 -> 0 | K18: тыс. руб.
C19: Прочие работы | G19: =SUM(Z26:Z669)/1000 -> 0 | I19: =(Source!P644+Source!P645)/1000 -> 0 | K19: тыс. руб.
C20: Нормативная трудоемкость | G20: =I20 -> 2840.0242 | I20: =(Source!P647+Source!P648) -> 2840.0242 | K20: чел. -ч.
C21: Средства на оплату труда | G21: =SUM(R26:R669)/1000 -> 25.53739 | I21: =((Source!P640 + Source!P639)/1000) -> 170.07888 | K21: тыс. руб.
A23: Составлена в ценах I квартал 2018 года
A24: № п/п | B24: Шифр расценки и коды ресурсов | C24: Наименование работ и затрат | D24: Ед. изм. | E24: Кол-во единиц | F24: Цена на ед. изм. | G24: Попра-вочные коэфф. | H24: Стоимость в ценах 2001г. | I24: Пункт коэфф. пересчета | J24: Коэфф. пересчета | K24: Стоимость в текущих ценах | L24: ЗТР всего чел.-час
A25: 1 | B25: 2 | C25: 3 | D25: 4 | E25: 5 | F25: 6 | G25: 7 | H25: 8 | I25: 9 | J25: 10 | K25: 11 | L25: 12
A27: =CONCATENATE("Раздел: ",IF(Source!G24<>"Новый раздел", Source!G24, "")) -> Раздел: Раздел 1: Демонтажные работы
A28: =Source!E29 -> 1 | B28: =Source!F29 -> 67-4-5 | C28: =Source!G29 -> Демонтаж светильников для люминесцентных ламп | D28: =Source!H29 -> 100 ШТ | E28: =Source!I29 -> 0.6 | F28: =Source!AL29+Source!AM29+Source!AO29 -> 145.98 | I28: =Source!BO29 | S28: =ROUND((Source!FX29/100)*((ROUND(Source!AF29*Source!I29, 2)+ROUND(Source!AE29*Source!I29, 2))), 2) -> 73.73 | T28: =Source!X29 -> 491.02 | U28: =ROUND((Source!FY29/100)*((ROUND(Source!AF29*Source!I29, 2)+ROUND(Source!AE29*Source!I29, 2))), 2) -> 56.38 | V28: =Source!Y29 -> 375.49
C29: ="Объем: "&Source!I29&"=60/"&"100" -> Объем: 0,6=60/100
C30: Зарплата | F30: =Source!AO29 -> 143.48 | G30: =Source!DG29 | H30: =ROUND(Source!AF29*Source!I29, 2) -> 86.09 | J30: =IF(Source!BA29<> 0, Source!BA29, 1) -> 6.66 | K30: =Source!S29 -> 573.35 | R30: =H30 -> 86.09
C31: Эксплуатация машин | F31: =Source!AM29 -> 2.5 | G31: =Source!DE29 | H31: =ROUND(Source!AD29*Source!I29, 2) -> 1.5 | J31: =IF(Source!BB29<> 0, Source!BB29, 1) -> 6.66 | K31: =Source!Q29 -> 9.99
C32: в т.ч. зарплата машинистов | F32: =Source!AN29 -> 1.08 | G32: =Source!DF29 | H32: =ROUND(Source!AE29*Source!I29, 2) -> 0.65 | J32: =IF(Source!BS29<> 0, Source!BS29, 1) -> 6.66 | K32: =Source!R29 -> 4.32 | R32: =H32 -> 0.65
C33: НР от ФОТ | D33: % | E33: =Source!BZ29 -> 85 | H33: =SUM(S28:S35) -> 73.73 | J33: =Source!AT29 -> 85 | K33: =SUM(T28:T35) -> 491.02
C34: СП от ФОТ | D34: % | E34: =Source!CA29 -> 65 | H34: =SUM(U28:U35) -> 56.38 | J34: =Source!AU29 -> 65 | K34: =SUM(V28:V35) -> 375.49
C35: Затраты труда | D35: чел-ч | E35: =Source!AQ29 -> 17.89 | G35: =Source!DI29 | L35: =Source!U29 -> 10.734
G36: =H30+H31+H33+H34 -> 217.7 | J36: =K30+K31+K33+K34 -> 1449.85 | L36: =Source!U29 -> 10.734 | O36: =G36 -> 217.7 | P36: =J36 -> 1449.85 | Q36: =L36 -> 10.734 | W36: =IF(Source!BI29<=1,H30+H31+H33+H34, 0) -> 217.7 | X36: =IF(Source!BI29=2,H30+H31+H33+H34, 0) -> 0 | Y36: =IF(Source!BI29=3,H30+H31+H33+H34, 0) -> 0 | Z36: =IF(Source!BI29=4,H30+H31+H33+H34, 0) -> 0
A37: =Source!E31 -> 2 | B37: =Source!F31 -> 67-4-1 | C37: =Source!G31 -> Демонтаж выключателей, розеток | D37: =Source!H31 -> 100 ШТ | E37: =Source!I31 -> 0.2 | F37: =Source!AL31+Source!AM31+Source!AO31 -> 45.55 | I37: =Source!BO31 | S37: =ROUND((Source!FX31/100)*((ROUND(Source!AF31*Source!I31, 2)+ROUND(Source!AE31*Source!I31, 2))), 2) -> 7.74 | T37: =Source!X31 -> 51.57 | U37: =ROUND((Source!FY31/100)*((ROUND(Source!AF31*Source!I31, 2)+ROUND(Source!AE31*Source!I31, 2))), 2) -> 5.92 | V37: =Source!Y31 -> 39.44
C38: ="Объем: "&Source!I31&"=20/"&"100" -> Объем: 0,2=20/100
C39: Зарплата | F39: =Source!AO31 -> 45.55 | G39: =Source!DG31 | H39: =ROUND(Source!AF31*Source!I31, 2) -> 9.11 | J39: =IF(Source!BA31<> 0, Source!BA31, 1) -> 6.66 | K39: =Source!S31 -> 60.67 | R39: =H39 -> 9.11
C40: НР от ФОТ | D40: % | E40: =Source!BZ31 -> 85 | H40: =SUM(S37:S42) -> 7.74 | J40: =Source!AT31 -> 85 | K40: =SUM(T37:T42) -> 51.57
C41: СП от ФОТ | D41: % | E41: =Source!CA31 -> 65 | H41: =SUM(U37:U42) -> 5.92 | J41: =Source!AU31 -> 65 | K41: =SUM(V37:V42) -> 39.44
C42: Затраты труда | D42: чел-ч | E42: =Source!AQ31 -> 5.84 | G42: =Source!DI31 | L42: =Source!U31 -> 1.168
G43: =H39+H40+H41 -> 22.77 | J43: =K39+K40+K41 -> 151.68 | L43: =Source!U31 -> 1.168 | O43: =G43 -> 22.77 | P43: =J43 -> 151.68 | Q43: =L43 -> 1.168 | W43: =IF(Source!BI31<=1,H39+H40+H41, 0) -> 22.77 | X43: =IF(Source!BI31=2,H39+H40+H41, 0) -> 0 | Y43: =IF(Source!BI31=3,H39+H40+H41, 0) -> 0 | Z43: =IF(Source!BI31=4,H39+H40+H41, 0) -> 0
A44: =Source!E33 -> 3 | B44: =Source!F33 -> 67-3-1 | C44: =Source!G33 -> Демонтаж кабеля | D44: =Source!H33 -> 100 м | E44: =Source!I33 -> 4.5 | F44: =Source!AL33+Source!AM33+Source!AO33 -> 75.5 | I44: =Source!BO33 | S44: =ROUND((Source!FX33/100)*((ROUND(Source!AF33*Source!I33, 2)+ROUND(Source!AE33*Source!I33, 2))), 2) -> 288.14 | T44: =Source!X33 -> 1918.99 | U44: =ROUND((Source!FY33/100)*((ROUND(Source!AF33*Source!I33, 2)+ROUND(Source!AE33*Source!I33, 2))), 2) -> 220.34 | V44: =Source!Y33 -> 1467.47
C45: ="Объем: "&Source!I33&"=450/"&"100" -> Объем: 4,5=450/100
C46: Зарплата | F46: =Source!AO33 -> 75.19 | G46: =Source!DG33 | H46: =ROUND(Source!AF33*Source!I33, 2) -> 338.36 | J46: =IF(Source!BA33<> 0, Source!BA33, 1) -> 6.66 | K46: =Source!S33 -> 2253.44 | R46: =H46 -> 338.36
C47: Эксплуатация машин | F47: =Source!AM33 -> 0.31 | G47: =Source!DE33 | H47: =ROUND(Source!AD33*Source!I33, 2) -> 1.4 | J47: =IF(Source!BB33<> 0, Source!BB33, 1) -> 6.66 | K47: =Source!Q33 -> 9.29
C48: в т.ч. зарплата машинистов | F48: =Source!AN33 -> 0.14 | G48: =Source!DF33 | H48: =ROUND(Source!AE33*Source!I33, 2) -> 0.63 | J48: =IF(Source!BS33<> 0, Source!BS33, 1) -> 6.66 | K48: =Source!R33 -> 4.2 | R48: =H48 -> 0.63
C49: НР от ФОТ | D49: % | E49: =Source!BZ33 -> 85 | H49: =SUM(S44:S51) -> 288.14 | J49: =Source!AT33 -> 85 | K49: =SUM(T44:T51) -> 1918.99
C50: СП от ФОТ | D50: % | E50: =Source!CA33 -> 65 | H50: =SUM(U44:U51) -> 220.34 | J50: =Source!AU33 -> 65 | K50: =SUM(V44:V51) -> 1467.47
C51: Затраты труда | D51: чел-ч | E51: =Source!AQ33 -> 9.64 | G51: =Source!DI33 | L51: =Source!U33 -> 43.38
G52: =H46+H47+H49+H50 -> 848.24 | J52: =K46+K47+K49+K50 -> 5649.19 | L52: =Source!U33 -> 43.38 | O52: =G52 -> 848.24 | P52: =J52 -> 5649.19 | Q52: =L52 -> 43.38 | W52: =IF(Source!BI33<=1,H46+H47+H49+H50, 0) -> 848.24 | X52: =IF(Source!BI33=2,H46+H47+H49+H50, 0) -> 0 | Y52: =IF(Source!BI33=3,H46+H47+H49+H50, 0) -> 0 | Z52: =IF(Source!BI33=4,H46+H47+H49+H50, 0) -> 0
A53: =Source!E35 -> 4 | B53: =Source!F35 -> м08-03-572-01 | C53: =Source!G35 -> Демонтаж: Блок управления открытого исполнения высотой и шириной до 1000х800 мм, устанавливаемый на стене | D53: =Source!H35 -> ШТ | E53: =Source!I35 -> 2 | F53: =Source!AL35+Source!AM35+Source!AO35 -> 230.95 | I53: =Source!BO35 | S53: =ROUND((Source!FX35/100)*((ROUND(Source!AF35*Source!I35, 2)+ROUND(Source!AE35*Source!I35, 2))), 2) -> 15.12 | T53: =Source!X35 -> 100.68 | U53: =ROUND((Source!FY35/100)*((ROUND(Source!AF35*Source!I35, 2)+ROUND(Source!AE35*Source!I35, 2))), 2) -> 10.35 | V53: =Source!Y35 -> 68.89
C54: Зарплата | F54: =Source!AO35 -> 23.01 | G54: =Source!DG35 -> )*0,3 | H54: =ROUND(Source!AF35*Source!I35, 2) -> 13.81 | J54: =IF(Source!BA35<> 0, Source!BA35, 1) -> 6.66 | K54: =Source!S35 -> 91.95 | R54: =H54 -> 13.81
C55: Эксплуатация машин | F55: =Source!AM35 -> 31.52 | G55: =Source!DE35 -> )*0,3 | H55: =ROUND(Source!AD35*Source!I35, 2) -> 18.91 | J55: =IF(Source!BB35<> 0, Source!BB35, 1) -> 6.66 | K55: =Source!Q35 -> 125.95
C56: в т.ч. зарплата машинистов | F56: =Source!AN35 -> 3.51 | G56: =Source!DF35 -> )*0,3 | H56: =ROUND(Source!AE35*Source!I35, 2) -> 2.11 | J56: =IF(Source!BS35<> 0, Source!BS35, 1) -> 6.66 | K56: =Source!R35 -> 14.03 | R56: =H56 -> 2.11
C57: НР от ФОТ | D57: % | E57: =Source!BZ35 -> 95 | H57: =SUM(S53:S59) -> 15.12 | J57: =Source!AT35 -> 95 | K57: =SUM(T53:T59) -> 100.68
C58: СП от ФОТ | D58: % | E58: =Source!CA35 -> 65 | H58: =SUM(U53:U59) -> 10.35 | J58: =Source!AU35 -> 65 | K58: =SUM(V53:V59) -> 68.89
C59: Затраты труда | D59: чел-ч | E59: =Source!AQ35 -> 2.32 | G59: =Source!DI35 -> )*0,3 | L59: =Source!U35 -> 1.392
G60: =H54+H55+H57+H58 -> 58.19 | J60: =K54+K55+K57+K58 -> 387.47 | L60: =Source!U35 -> 1.392 | O60: =G60 -> 58.19 | P60: =J60 -> 387.47 | Q60: =L60 -> 1.392 | W60: =IF(Source!BI35<=1,H54+H55+H57+H58, 0) -> 0 | X60: =IF(Source!BI35=2,H54+H55+H57+H58, 0) -> 58.19 | Y60: =IF(Source!BI35=3,H54+H55+H57+H58, 0) -> 0 | Z60: =IF(Source!BI35=4,H54+H55+H57+H58, 0) -> 0
A61: =Source!E37 -> 5 | B61: =Source!F37 -> 15-01-047-15 | C61: =Source!G37 -> Демонтаж:Устройство подвесных потолков типа <Армстронг> по каркасу из оцинкованного профиля | D61: =Source!H37 -> 100 м2 | E61: =Source!I37 -> 0.51392 | F61: =Source!AL37+Source!AM37+Source!AO37 -> 6623.23 | I61: =Source!BO37 | S61: =ROUND((Source!FX37/100)*((ROUND(Source!AF37*Source!I37, 2)+ROUND(Source!AE37*Source!I37, 2))), 2) -> 398.82 | T61: =Source!X37 -> 2670.21 | U61: =ROUND((Source!FY37/100)*((ROUND(Source!AF37*Source!I37, 2)+ROUND(Source!AE37*Source!I37, 2))), 2) -> 197.3 | V61: =Source!Y37 -> 1321.05
C62: ="Объем: "&Source!I37&"=51,392/"&"100" -> Объем: 0,51392=51,392/100
C63: Зарплата | F63: =Source!AO37 -> 963.12 | G63: =Source!DG37 -> )*0,8 | H63: =ROUND(Source!AF37*Source!I37, 2) -> 395.97 | J63: =IF(Source!BA37<> 0, Source!BA37, 1) -> 6.66 | K63: =Source!S37 -> 2637.18 | R63: =H63 -> 395.97
C64: Эксплуатация машин | F64: =Source!AM37 -> 324.71 | G64: =Source!DE37 -> )*0,8 | H64: =ROUND(Source!AD37*Source!I37, 2) -> 133.5 | J64: =IF(Source!BB37<> 0, Source!BB37, 1) -> 6.66 | K64: =Source!Q37 -> 889.11
C65: в т.ч. зарплата машинистов | F65: =Source!AN37 -> 63.39 | G65: =Source!DF37 -> )*0,8 | H65: =ROUND(Source!AE37*Source!I37, 2) -> 26.06 | J65: =IF(Source!BS37<> 0, Source!BS37, 1) -> 6.66 | K65: =Source!R37 -> 173.57 | R65: =H65 -> 26.06
C66: НР от ФОТ | D66: % | E66: =Source!BZ37 -> 105 | F66: =CONCATENATE(" )", Source!DL37, Source!FT37, "=", Source!FX37) -> )*0,9=94,5 | H66: =SUM(S61:S68) -> 398.82 | J66: =Source!AT37 -> 95 | K66: =SUM(T61:T68) -> 2670.21
C67: СП от ФОТ | D67: % | E67: =Source!CA37 -> 55 | F67: =CONCATENATE(" )", Source!DM37, Source!FU37, "=", Source!FY37) -> )*0,85=46,75 | H67: =SUM(U61:U68) -> 197.3 | J67: =Source!AU37 -> 47 | K67: =SUM(V61:V68) -> 1321.05
C68: Затраты труда | D68: чел-ч | E68: =Source!AQ37 -> 102.46 | G68: =Source!DI37 -> )*0,8 | L68: =Source!U37 -> 42.124995
G69: =H63+H64+H66+H67 -> 1125.59 | J69: =K63+K64+K66+K67 -> 7517.55 | L69: =Source!U37 -> 42.124995 | O69: =G69 -> 1125.59 | P69: =J69 -> 7517.55 | Q69: =L69 -> 42.124995 | W69: =IF(Source!BI37<=1,H63+H64+H66+H67, 0) -> 1125.59 | X69: =IF(Source!BI37=2,H63+H64+H66+H67, 0) -> 0 | Y69: =IF(Source!BI37=3,H63+H64+H66+H67, 0) -> 0 | Z69: =IF(Source!BI37=4,H63+H64+H66+H67, 0) -> 0
A70: =Source!E39 -> 6 | B70: =Source!F39 -> 09-03-048-02 | C70: =Source!G39 -> Демонтаж: Монтаж потолков подвесных алюминиевых панельных перфорированных (при расходе алюминия на 1 м2 потолка до 2,4 кг) | D70: =Source!H39 -> 100 м2 | E70: =Source!I39 -> 1.9272 | F70: =Source!AL39+Source!AM39+Source!AO39 -> 3654.8 | I70: =Source!BO39 | S70: =ROUND((Source!FX39/100)*((ROUND(Source!AF39*Source!I39, 2)+ROUND(Source!AE39*Source!I39, 2))), 2) -> 3062.71 | T70: =Source!X39 -> 20397.61 | U70: =ROUND((Source!FY39/100)*((ROUND(Source!AF39*Source!I39, 2)+ROUND(Source!AE39*Source!I39, 2))), 2) -> 2731.86 | V70: =Source!Y39 -> 18131.21
C71: ="Объем: "&Source!I39&"=192,72/"&"100" -> Объем: 1,9272=192,72/100
C72: Зарплата | F72: =Source!AO39 -> 2797.82 | G72: =Source!DG39 -> )*0,7 | H72: =ROUND(Source!AF39*Source!I39, 2) -> 3774.37 | J72: =IF(Source!BA39<> 0, Source!BA39, 1) -> 6.66 | K72: =Source!S39 -> 25137.31 | R72: =H72 -> 3774.37
C73: Эксплуатация машин | F73: =Source!AM39 -> 225.26 | G73: =Source!DE39 -> )*0,7 | H73: =ROUND(Source!AD39*Source!I39, 2) -> 303.88 | J73: =IF(Source!BB39<> 0, Source!BB39, 1) -> 6.66 | K73: =Source!Q39 -> 2023.87
C74: в т.ч. зарплата машинистов | F74: =Source!AN39 -> 5 | G74: =Source!DF39 -> )*0,7 | H74: =ROUND(Source!AE39*Source!I39, 2) -> 6.75 | J74: =IF(Source!BS39<> 0, Source!BS39, 1) -> 6.66 | K74: =Source!R39 -> 44.92 | R74: =H74 -> 6.75
C75: НР от ФОТ | D75: % | E75: =Source!BZ39 -> 90 | F75: =CONCATENATE(" )", Source!DL39, Source!FT39, "=", Source!FX39) -> )*0,9=81 | H75: =SUM(S70:S77) -> 3062.71 | J75: =Source!AT39 -> 81 | K75: =SUM(T70:T77) -> 20397.61
C76: СП от ФОТ | D76: % | E76: =Source!CA39 -> 85 | F76: =CONCATENATE(" )", Source!DM39, Source!FU39, "=", Source!FY39) -> )*0,85=72,25 | H76: =SUM(U70:U77) -> 2731.86 | J76: =Source!AU39 -> 72 | K76: =SUM(V70:V77) -> 18131.21
C77: Затраты труда | D77: чел-ч | E77: =Source!AQ39 -> 308.47 | G77: =Source!DI39 -> )*0,7 | L77: =Source!U39 -> 416.13837
G78: =H72+H73+H75+H76 -> 9872.82 | J78: =K72+K73+K75+K76 -> 65690 | L78: =Source!U39 -> 416.13837 | O78: =G78 -> 9872.82 | P78: =J78 -> 65690 | Q78: =L78 -> 416.13837 | W78: =IF(Source!BI39<=1,H72+H73+H75+H76, 0) -> 9872.82 | X78: =IF(Source!BI39=2,H72+H73+H75+H76, 0) -> 0 | Y78: =IF(Source!BI39=3,H72+H73+H75+H76, 0) -> 0 | Z78: =IF(Source!BI39=4,H72+H73+H75+H76, 0) -> 0
A79: =Source!E41 -> 7 | B79: =Source!F41 -> 10-04-010-04 | C79: =Source!G41 -> Демонтаж: Устройство перегородок в жилых зданиях на однорядном металлическом каркасе с двухсторонней обшивкой гипсокартонными листами или гипсоволокнистыми плитами в два слоя с изоляцией | D79: =Source!H41 -> 100 м2 | E79: =Source!I41 -> 0.385 | F79: =Source!AL41+Source!AM41+Source!AO41 -> 10807.78 | I79: =Source!BO41 | S79: =ROUND((Source!FX41/100)*((ROUND(Source!AF41*Source!I41, 2)+ROUND(Source!AE41*Source!I41, 2))), 2) -> 1019.41 | T79: =Source!X41 -> 6776.48 | U79: =ROUND((Source!FY41/100)*((ROUND(Source!AF41*Source!I41, 2)+ROUND(Source!AE41*Source!I41, 2))), 2) -> 514.03 | V79: =Source!Y41 -> 3452.17
C80: ="Объем: "&Source!I41&"=38,5/"&"100" -> Объем: 0,385=38,5/100
C81: Зарплата | F81: =Source!AO41 -> 3084.53 | G81: =Source!DG41 -> )*0,8 | H81: =ROUND(Source!AF41*Source!I41, 2) -> 950.04 | J81: =IF(Source!BA41<> 0, Source!BA41, 1) -> 6.66 | K81: =Source!S41 -> 6327.23 | R81: =H81 -> 950.04
C82: Эксплуатация машин | F82: =Source!AM41 -> 218.32 | G82: =Source!DE41 -> )*0,8 | H82: =ROUND(Source!AD41*Source!I41, 2) -> 67.24 | J82: =IF(Source!BB41<> 0, Source!BB41, 1) -> 6.66 | K82: =Source!Q41 -> 447.84
C83: в т.ч. зарплата машинистов | F83: =Source!AN41 -> 32.02 | G83: =Source!DF41 -> )*0,8 | H83: =ROUND(Source!AE41*Source!I41, 2) -> 9.86 | J83: =IF(Source!BS41<> 0, Source!BS41, 1) -> 6.66 | K83: =Source!R41 -> 65.68 | R83: =H83 -> 9.86
C84: НР от ФОТ | D84: % | E84: =Source!BZ41 -> 118 | F84: =CONCATENATE(" )", Source!DL41, Source!FT41, "=", Source!FX41) -> )*0,9=106,2 | H84: =SUM(S79:S86) -> 1019.41 | J84: =Source!AT41 -> 106 | K84: =SUM(T79:T86) -> 6776.48
C85: СП от ФОТ | D85: % | E85: =Source!CA41 -> 63 | F85: =CONCATENATE(" )", Source!DM41, Source!FU41, "=", Source!FY41) -> )*0,85=53,55 | H85: =SUM(U79:U86) -> 514.03 | J85: =Source!AU41 -> 54 | K85: =SUM(V79:V86) -> 3452.17
C86: Затраты труда | D86: чел-ч | E86: =Source!AQ41 -> 340.08 | G86: =Source!DI41 -> )*0,8 | L86: =Source!U41 -> 104.74464
G87: =H81+H82+H84+H85 -> 2550.72 | J87: =K81+K82+K84+K85 -> 17003.72 | L87: =Source!U41 -> 104.74464 | O87: =G87 -> 2550.72 | P87: =J87 -> 17003.72 | Q87: =L87 -> 104.74464 | W87: =IF(Source!BI41<=1,H81+H82+H84+H85, 0) -> 2550.72 | X87: =IF(Source!BI41=2,H81+H82+H84+H85, 0) -> 0 | Y87: =IF(Source!BI41=3,H81+H82+H84+H85, 0) -> 0 | Z87: =IF(Source!BI41=4,H81+H82+H84+H85, 0) -> 0
A88: =Source!E43 -> 8 | B88: =Source!F43 -> 15-01-049-01 прим. | C88: =Source!G43 -> Демонтаж:Облицовка стен по готовому каркасу щитами-картинами из древесностружечных плит покрытых эмалями (экраны на дадиаторы) | D88: =Source!H43 -> 100 м2 | E88: =Source!I43 -> 0.1784 | F88: =Source!AL43+Source!AM43+Source!AO43 -> 783.58 | I88: =Source!BO43 | S88: =ROUND((Source!FX43/100)*((ROUND(Source!AF43*Source!I43, 2)+ROUND(Source!AE43*Source!I43, 2))), 2) -> 65.68 | T88: =Source!X43 -> 439.72 | U88: =ROUND((Source!FY43/100)*((ROUND(Source!AF43*Source!I43, 2)+ROUND(Source!AE43*Source!I43, 2))), 2) -> 32.49 | V88: =Source!Y43 -> 217.54
C89: ="Объем: "&Source!I43&"=17,84/"&"100" -> Объем: 0,1784=17,84/100
C90: Зарплата | F90: =Source!AO43 -> 470.07 | G90: =Source!DG43 -> )*0,8 | H90: =ROUND(Source!AF43*Source!I43, 2) -> 67.09 | J90: =IF(Source!BA43<> 0, Source!BA43, 1) -> 6.66 | K90: =Source!S43 -> 446.81 | R90: =H90 -> 67.09
C91: Эксплуатация машин | F91: =Source!AM43 -> 85.73 | G91: =Source!DE43 -> )*0,8 | H91: =ROUND(Source!AD43*Source!I43, 2) -> 12.24 | J91: =IF(Source!BB43<> 0, Source!BB43, 1) -> 6.66 | K91: =Source!Q43 -> 81.49
C92: в т.ч. зарплата машинистов | F92: =Source!AN43 -> 16.89 | G92: =Source!DF43 -> )*0,8 | H92: =ROUND(Source!AE43*Source!I43, 2) -> 2.41 | J92: =IF(Source!BS43<> 0, Source!BS43, 1) -> 6.66 | K92: =Source!R43 -> 16.05 | R92: =H92 -> 2.41
C93: НР от ФОТ | D93: % | E93: =Source!BZ43 -> 105 | F93: =CONCATENATE(" )", Source!DL43, Source!FT43, "=", Source!FX43) -> )*0,9=94,5 | H93: =SUM(S88:S95) -> 65.68 | J93: =Source!AT43 -> 95 | K93: =SUM(T88:T95) -> 439.72
C94: СП от ФОТ | D94: % | E94: =Source!CA43 -> 55 | F94: =CONCATENATE(" )", Source!DM43, Source!FU43, "=", Source!FY43) -> )*0,85=46,75 | H94: =SUM(U88:U95) -> 32.49 | J94: =Source!AU43 -> 47 | K94: =SUM(V88:V95) -> 217.54
C95: Затраты труда | D95: чел-ч | E95: =Source!AQ43 -> 50.6 | G95: =Source!DI43 -> )*0,8 | L95: =Source!U43 -> 7.221632
G96: =H90+H91+H93+H94 -> 177.5 | J96: =K90+K91+K93+K94 -> 1185.56 | L96: =Source!U43 -> 7.221632 | O96: =G96 -> 177.5 | P96: =J96 -> 1185.56 | Q96: =L96 -> 7.221632 | W96: =IF(Source!BI43<=1,H90+H91+H93+H94, 0) -> 177.5 | X96: =IF(Source!BI43=2,H90+H91+H93+H94, 0) -> 0 | Y96: =IF(Source!BI43=3,H90+H91+H93+H94, 0) -> 0 | Z96: =IF(Source!BI43=4,H90+H91+H93+H94, 0) -> 0
A97: =Source!E45 -> 9 | B97: =Source!F45 -> 63-10-1 прим. | C97: =Source!G45 -> Разборка облицовки из гипсокартонных листов стен и перегородок (плиты АГШТ) | D97: =Source!H45 -> 100 м2 | E97: =Source!I45 -> 1.527 | F97: =Source!AL45+Source!AM45+Source!AO45 -> 69.41 | I97: =Source!BO45 | S97: =ROUND((Source!FX45/100)*((ROUND(Source!AF45*Source!I45, 2)+ROUND(Source!AE45*Source!I45, 2))), 2) -> 77.44 | T97: =Source!X45 -> 515.74 | U97: =ROUND((Source!FY45/100)*((ROUND(Source!AF45*Source!I45, 2)+ROUND(Source!AE45*Source!I45, 2))), 2) -> 50.29 | V97: =Source!Y45 -> 334.9
C98: ="Объем: "&Source!I45&"=152,7/"&"100" -> Объем: 1,527=152,7/100
C99: Зарплата | F99: =Source!AO45 -> 63.16 | G99: =Source!DG45 | H99: =ROUND(Source!AF45*Source!I45, 2) -> 96.45 | J99: =IF(Source!BA45<> 0, Source!BA45, 1) -> 6.66 | K99: =Source!S45 -> 642.33 | R99: =H99 -> 96.45
C100: Эксплуатация машин | F100: =Source!AM45 -> 6.25 | G100: =Source!DE45 | H100: =ROUND(Source!AD45*Source!I45, 2) -> 9.54 | J100: =IF(Source!BB45<> 0, Source!BB45, 1) -> 6.66 | K100: =Source!Q45 -> 63.56
C101: в т.ч. зарплата машинистов | F101: =Source!AN45 -> 2.7 | G101: =Source!DF45 | H101: =ROUND(Source!AE45*Source!I45, 2) -> 4.12 | J101: =IF(Source!BS45<> 0, Source!BS45, 1) -> 6.66 | K101: =Source!R45 -> 27.46 | R101: =H101 -> 4.12
C102: НР от ФОТ | D102: % | E102: =Source!BZ45 -> 77 | H102: =SUM(S97:S104) -> 77.44 | J102: =Source!AT45 -> 77 | K102: =SUM(T97:T104) -> 515.74
C103: СП от ФОТ | D103: % | E103: =Source!CA45 -> 50 | H103: =SUM(U97:U104) -> 50.29 | J103: =Source!AU45 -> 50 | K103: =SUM(V97:V104) -> 334.9
C104: Затраты труда | D104: чел-ч | E104: =Source!AQ45 -> 7.31 | G104: =Source!DI45 | L104: =Source!U45 -> 11.16237
G105: =H99+H100+H102+H103 -> 233.72 | J105: =K99+K100+K102+K103 -> 1556.53 | L105: =Source!U45 -> 11.16237 | O105: =G105 -> 233.72 | P105: =J105 -> 1556.53 | Q105: =L105 -> 11.16237 | W105: =IF(Source!BI45<=1,H99+H100+H102+H103, 0) -> 233.72 | X105: =IF(Source!BI45=2,H99+H100+H102+H103, 0) -> 0 | Y105: =IF(Source!BI45=3,H99+H100+H102+H103, 0) -> 0 | Z105: =IF(Source!BI45=4,H99+H100+H102+H103, 0) -> 0
A106: =Source!E47 -> 10 | B106: =Source!F47 -> 57-2-1 | C106: =Source!G47 -> Разборка покрытий полов из линолеума и релина | D106: =Source!H47 -> 100 м2 | E106: =Source!I47 -> 0.51392 | F106: =Source!AL47+Source!AM47+Source!AO47 -> 92.9 | I106: =Source!BO47 | S106: =ROUND((Source!FX47/100)*((ROUND(Source!AF47*Source!I47, 2)+ROUND(Source!AE47*Source!I47, 2))), 2) -> 37.25 | T106: =Source!X47 -> 248.07 | U106: =ROUND((Source!FY47/100)*((ROUND(Source!AF47*Source!I47, 2)+ROUND(Source!AE47*Source!I47, 2))), 2) -> 31.66 | V106: =Source!Y47 -> 210.86
C107: ="Объем: "&Source!I47&"=51,392/"&"100" -> Объем: 0,51392=51,392/100
C108: Зарплата | F108: =Source!AO47 -> 88.84 | G108: =Source!DG47 | H108: =ROUND(Source!AF47*Source!I47, 2) -> 45.66 | J108: =IF(Source!BA47<> 0, Source!BA47, 1) -> 6.66 | K108: =Source!S47 -> 304.07 | R108: =H108 -> 45.66
C109: Эксплуатация машин | F109: =Source!AM47 -> 4.06 | G109: =Source!DE47 | H109: =ROUND(Source!AD47*Source!I47, 2) -> 2.09 | J109: =IF(Source!BB47<> 0, Source!BB47, 1) -> 6.66 | K109: =Source!Q47 -> 13.9
...

Sheet Акт КС-2 c НР и СП
A1: =Source!B1 -> Smeta.RU (495) 974-1589
E2: Унифицированная форма № КС-2
E3: Утверждена постановлением Госкомстата России
E4: от 11.11.99. № 100
G6: Код
F7: Форма по ОКУД | G7: 0322005
G8: =IF(Source!AT15 <> "", Source!AT15, "")
A9: Инвестор | C9: =IF(Source!BA15 <> "", Source!BA15, IF(Source!AU15 <> "", Source!AU15, "")) | F9: по ОКПО
C10: организация, адрес, телефон, факс | G10: =IF(Source!AK15 <> "", Source!AK15, "")
A11: Заказчик | C11: =IF(Source!AX12<> "", Source!AX12, IF(Source!AJ12 <> "", Source!AJ12, "")) | F11: по ОКПО
C12: организация, адрес, телефон, факс | G12: =IF(Source!AO15 <> "", Source!AO15, "")
A13: Подрядчик | C13: =IF(Source!AY12<> "", Source!AY12, IF(Source!AN12 <> "", Source!AN12, "")) | F13: по ОКПО
C14: организация, адрес, телефон, факс | G14: =IF(Source!CO15 <> "", Source!CO15, "")
A15: Стройка | C15: Капитальный ремонт актового зала ТИ НИЯУ МИФИ | AE15: Капитальный ремонт актового зала ТИ НИЯУ МИФИ
C16: наименование, адрес | G16: =IF(Source!CP15 <> "", Source!CP15, "")
A17: Объект | C17: =IF(Source!G12<>"Новый объект", Source!G12, "") -> Капитальный ремонт актового зала Технологического института - филиала НИЯУ МИФИ (ТИ НИЯУ МИФИ) по адресу: Свердловская обл., г. Лесной, Коммунистический проспект, д.36 | AE17: =IF(Source!G12<>"Новый объект", Source!G12, "") -> Капитальный ремонт актового зала Технологического института - филиала НИЯУ МИФИ (ТИ НИЯУ МИФИ) по адресу: Свердловская обл., г. Лесной, Коммунистический проспект, д.36
C18: наименование
D19: Вид деятельности по ОКДП | G19: =IF(Source!CQ15 <> "", Source!CQ15, "")
D20: Договор подряда | F20: номер | G20: =IF(Source!CR15 <> "", Source!CR15, "")
F21: дата | G21: =IF(Source!CS15 <> 0, Source!CS15, "")
F22: Вид операции | G22: =IF(Source!CT15 <> "", Source!CT15, "")
D24: Номер документа | E24: Дата составления | F24: Отчетный период
F25: с | G25: по
D26: =IF(Source!CN15 <> "", Source!CN15, "") | E26: 43363.432
A28: AKT
A29: О ПРИЕМКЕ ВЫПОЛНЕННЫХ РАБОТ
A31: Сметная (договорная) стоимость в соответствии с договором подряда (субподряда) | F31: =(Source!P687/1000) -> 2636.7009 | H31: тыс.руб
A33: Номер | C33: Наименование работ | D33: Номер единичной расценки | E33: Единица измерения | F33: Выполнено работ
A34: по порядку | B34: поз. по смете | F34: Количество | G34: цена за единицу, руб | H34: стоимость, руб
A35: 1 | B35: 2 | C35: 3 | D35: 4 | E35: 5 | F35: 6 | G35: 7 | H35: 8
A37: =CONCATENATE("Локальная смета: ",IF(Source!G20<>"Новая локальная смета", Source!G20, "")) -> Локальная смета:
A39: =CONCATENATE("Раздел: ",IF(Source!G24<>"Новый раздел", Source!G24, "")) -> Раздел: Раздел 1: Демонтажные работы
A40: 1 | B40: =Source!E29 -> 1 | C40: =Source!G29 -> Демонтаж светильников для люминесцентных ламп | D40: =Source!F29 -> 67-4-5 | E40: =Source!H29 -> 100 ШТ | F40: =Source!I29 -> 0.6 | G40: =Source!AB29 -> 145.98 | H40: =Source!O29 -> 583.34 | T40: =Source!O29+Source!X29+Source!Y29 -> 1449.85 | U40: =Source!P29 -> 0 | V40: =Source!S29 -> 573.35 | W40: =Source!Q29 -> 9.99 | X40: =Source!R29 -> 4.32 | Y40: =Source!U29 -> 10.734 | Z40: =Source!V29 -> 0.048 | AA40: =Source!X29 -> 491.02 | AB40: =Source!Y29 -> 375.49
C41: ="Объем: "&Source!I29&"=60/"&"100" -> Объем: 0,6=60/100
C42: Коэфф. к ОЗП | D42: =Source!BA29 -> 6.66
C43: Коэфф. к эксплуатации машин | D43: =Source!BB29 -> 6.66
C44: Коэфф. к материалам | D44: =Source!BC29 -> 6.66
C45: Коэфф. к ЗПМ | D45: =Source!BS29 -> 6.66
C46: % НР | F46: =Source!BZ29 -> 85 | G46: =(Source!AF29+Source!AE29)*Source!FX29/100 -> 122.876 | H46: =Source!X29 -> 491.02
C47: % СП | F47: =Source!CA29 -> 65 | G47: =(Source!AF29+Source!AE29)*Source!FY29/100 -> 93.964 | H47: =Source!Y29 -> 375.49
C48: Итого с НР и СП | G48: =((Source!AF29+Source!AE29)*Source!FX29/100)+((Source!AF29+Source!AE29)*Source!FY29/100)+Source!AB29 -> 362.82 | H48: =Source!O29+Source!X29+Source!Y29 -> 1449.85
A49: 2 | B49: =Source!E31 -> 2 | C49: =Source!G31 -> Демонтаж выключателей, розеток | D49: =Source!F31 -> 67-4-1 | E49: =Source!H31 -> 100 ШТ | F49: =Source!I31 -> 0.2 | G49: =Source!AB31 -> 45.55 | H49: =Source!O31 -> 60.67 | T49: =Source!O31+Source!X31+Source!Y31 -> 151.68 | U49: =Source!P31 -> 0 | V49: =Source!S31 -> 60.67 | W49: =Source!Q31 -> 0 | X49: =Source!R31 -> 0 | Y49: =Source!U31 -> 1.168 | Z49: =Source!V31 -> 0 | AA49: =Source!X31 -> 51.57 | AB49: =Source!Y31 -> 39.44
C50: ="Объем: "&Source!I31&"=20/"&"100" -> Объем: 0,2=20/100
C51: Коэфф. к ОЗП | D51: =Source!BA31 -> 6.66
C52: Коэфф. к эксплуатации машин | D52: =Source!BB31 -> 6.66
C53: Коэфф. к материалам | D53: =Source!BC31 -> 6.66
C54: Коэфф. к ЗПМ | D54: =Source!BS31 -> 6.66
C55: % НР | F55: =Source!BZ31 -> 85 | G55: =(Source!AF31+Source!AE31)*Source!FX31/100 -> 38.7175 | H55: =Source!X31 -> 51.57
C56: % СП | F56: =Source!CA31 -> 65 | G56: =(Source!AF31+Source!AE31)*Source!FY31/100 -> 29.6075 | H56: =Source!Y31 -> 39.44
C57: Итого с НР и СП | G57: =((Source!AF31+Source!AE31)*Source!FX31/100)+((Source!AF31+Source!AE31)*Source!FY31/100)+Source!AB31 -> 113.875 | H57: =Source!O31+Source!X31+Source!Y31 -> 151.68
A58: 3 | B58: =Source!E33 -> 3 | C58: =Source!G33 -> Демонтаж кабеля | D58: =Source!F33 -> 67-3-1 | E58: =Source!H33 -> 100 м | F58: =Source!I33 -> 4.5 | G58: =Source!AB33 -> 75.5 | H58: =Source!O33 -> 2262.73 | T58: =Source!O33+Source!X33+Source!Y33 -> 5649.19 | U58: =Source!P33 -> 0 | V58: =Source!S33 -> 2253.44 | W58: =Source!Q33 -> 9.29 | X58: =Source!R33 -> 4.2 | Y58: =Source!U33 -> 43.38 | Z58: =Source!V33 -> 0.045 | AA58: =Source!X33 -> 1918.99 | AB58: =Source!Y33 -> 1467.47
C59: ="Объем: "&Source!I33&"=450/"&"100" -> Объем: 4,5=450/100
C60: Коэфф. к ОЗП | D60: =Source!BA33 -> 6.66
C61: Коэфф. к эксплуатации машин | D61: =Source!BB33 -> 6.66
C62: Коэфф. к материалам | D62: =Source!BC33 -> 6.66
C63: Коэфф. к ЗПМ | D63: =Source!BS33 -> 6.66
C64: % НР | F64: =Source!BZ33 -> 85 | G64: =(Source!AF33+Source!AE33)*Source!FX33/100 -> 64.0305 | H64: =Source!X33 -> 1918.99
C65: % СП | F65: =Source!CA33 -> 65 | G65: =(Source!AF33+Source!AE33)*Source!FY33/100 -> 48.9645 | H65: =Source!Y33 -> 1467.47
C66: Итого с НР и СП | G66: =((Source!AF33+Source!AE33)*Source!FX33/100)+((Source!AF33+Source!AE33)*Source!FY33/100)+Source!AB33 -> 188.495 | H66: =Source!O33+Source!X33+Source!Y33 -> 5649.19
A67: 4 | B67: =Source!E35 -> 4 | C67: =Source!G35 -> Демонтаж: Блок управления открытого исполнения высотой и шириной до 1000х800 мм, устанавливаемый на стене | D67: =Source!F35 -> м08-03-572-01 | E67: =Source!H35 -> ШТ | F67: =Source!I35 -> 2 | G67: =Source!AB35 -> 16.359 | H67: =Source!O35 -> 217.9 | T67: =Source!O35+Source!X35+Source!Y35 -> 387.47 | U67: =Source!P35 -> 0 | V67: =Source!S35 -> 91.95 | W67: =Source!Q35 -> 125.95 | X67: =Source!R35 -> 14.03 | Y67: =Source!U35 -> 1.392 | Z67: =Source!V35 -> 0.168 | AA67: =Source!X35 -> 100.68 | AB67: =Source!Y35 -> 68.89
C68: Коэфф. к ОЗП | D68: =Source!BA35 -> 6.66
C69: Коэфф. к эксплуатации машин | D69: =Source!BB35 -> 6.66
C70: Коэфф. к материалам | D70: =Source!BC35 -> 6.66
C71: Коэфф. к ЗПМ | D71: =Source!BS35 -> 6.66
C72: Стоимость материалов | D72: )*0
C73: Эксплуатация машин | D73: )*0,3
C74: Оплата труда машинистов | D74: )*0,3
C75: Оплата труда рабочих | D75: )*0,3
C76: Затраты труда рабочих | D76: )*0,3
C77: Затраты труда машинистов | D77: )*0,3
C78: % НР | F78: =Source!BZ35 -> 95 | G78: =(Source!AF35+Source!AE35)*Source!FX35/100 -> 7.5582 | H78: =Source!X35 -> 100.68
C79: % СП | F79: =Source!CA35 -> 65 | G79: =(Source!AF35+Source!AE35)*Source!FY35/100 -> 5.1714 | H79: =Source!Y35 -> 68.89
C80: Итого с НР и СП | G80: =((Source!AF35+Source!AE35)*Source!FX35/100)+((Source!AF35+Source!AE35)*Source!FY35/100)+Source!AB35 -> 29.0886 | H80: =Source!O35+Source!X35+Source!Y35 -> 387.47
A81: 5 | B81: =Source!E37 -> 5 | C81: =Source!G37 -> Демонтаж:Устройство подвесных потолков типа <Армстронг> по каркасу из оцинкованного профиля | D81: =Source!F37 -> 15-01-047-15 | E81: =Source!H37 -> 100 м2 | F81: =Source!I37 -> 0.51392 | G81: =Source!AB37 -> 1030.264 | H81: =Source!O37 -> 3526.29 | T81: =Source!O37+Source!X37+Source!Y37 -> 7517.55 | U81: =Source!P37 -> 0 | V81: =Source!S37 -> 2637.18 | W81: =Source!Q37 -> 889.11 | X81: =Source!R37 -> 173.57 | Y81: =Source!U37 -> 42.124995 | Z81: =Source!V37 -> 2.1954662 | AA81: =Source!X37 -> 2670.21 | AB81: =Source!Y37 -> 1321.05
C82: ="Объем: "&Source!I37&"=51,392/"&"100" -> Объем: 0,51392=51,392/100
C83: Коэфф. к ОЗП | D83: =Source!BA37 -> 6.66
C84: Коэфф. к эксплуатации машин | D84: =Source!BB37 -> 6.66
C85: Коэфф. к материалам | D85: =Source!BC37 -> 6.66
C86: Коэфф. к ЗПМ | D86: =Source!BS37 -> 6.66
C87: Стоимость материалов | D87: )*0
C88: Эксплуатация машин | D88: )*0,8
C89: Оплата труда машинистов | D89: )*0,8
C90: Оплата труда рабочих | D90: )*0,8
C91: Затраты труда рабочих | D91: )*0,8
C92: Затраты труда машинистов | D92: )*0,8
C93: % НР | F93: =Source!BZ37 -> 105 | G93: =(Source!AF37+Source!AE37)*Source!FX37/100 -> 776.04156 | H93: =Source!X37 -> 2670.21
C94: % НР с поправкой | G94: =CONCATENATE(Source!DL37,Source!FT37, "=", Source!FX37, "%") -> *0,9=94,5% | H94: =CONCATENATE(Source!AT37) -> 95
C95: % СП | F95: =Source!CA37 -> 55 | G95: =(Source!AF37+Source!AE37)*Source!FY37/100 -> 383.91474 | H95: =Source!Y37 -> 1321.05
C96: СП с поправкой | G96: =CONCATENATE(Source!DM37,Source!FU37, "=", Source!FY37, "%") -> *0,85=46,75% | H96: =CONCATENATE(Source!AU37) -> 47
C97: Итого с НР и СП | G97: =((Source!AF37+Source!AE37)*Source!FX37/100)+((Source!AF37+Source!AE37)*Source!FY37/100)+Source!AB37 -> 2190.2203 | H97: =Source!O37+Source!X37+Source!Y37 -> 7517.55
A98: 6 | B98: =Source!E39 -> 6 | C98: =Source!G39 -> Демонтаж: Монтаж потолков подвесных алюминиевых панельных перфорированных (при расходе алюминия на 1 м2 потолка до 2,4 кг) | D98: =Source!F39 -> 09-03-048-02 | E98: =Source!H39 -> 100 м2 | F98: =Source!I39 -> 1.9272 | G98: =Source!AB39 -> 2116.156 | H98: =Source!O39 -> 27161.18 | T98: =Source!O39+Source!X39+Source!Y39 -> 65690 | U98: =Source!P39 -> 0 | V98: =Source!S39 -> 25137.31 | W98: =Source!Q39 -> 2023.87 | X98: =Source!R39 -> 44.92 | Y98: =Source!U39 -> 416.13837 | Z98: =Source!V39 -> 0.5261256 | AA98: =Source!X39 -> 20397.61 | AB98: =Source!Y39 -> 18131.21
C99: ="Объем: "&Source!I39&"=192,72/"&"100" -> Объем: 1,9272=192,72/100
C100: Коэфф. к ОЗП | D100: =Source!BA39 -> 6.66
C101: Коэфф. к эксплуатации машин | D101: =Source!BB39 -> 6.66
C102: Коэфф. к материалам | D102: =Source!BC39 -> 6.66
C103: Коэфф. к ЗПМ | D103: =Source!BS39 -> 6.66
C104: Стоимость материалов | D104: )*0
C105: Эксплуатация машин | D105: )*0,7
C106: Оплата труда машинистов | D106: )*0,7
C107: Оплата труда рабочих | D107: )*0,7
...

Sheet Макет форма-3
A1: =Source!B1 -> Smeta.RU (495) 974-1589 | H1: Унифицированная форма № КС-3
H2: Утверждена постановлением Госкомстата России
H3: от 11.11.99. № 100
K4: Коды
I5: Форма по ОКУД | K5: 322001
A6: Инвестор | J6: по ОКПО
C7: организация, адрес, телефон, факс
A8: Заказчик (генподрядчик) | J8: по ОКПО
C9: организация, адрес, телефон, факс
A10: Подрядчик (субподрядчик) | J10: по ОКПО
C11: организация, адрес, телефон, факс
A12: Стройка | J12: по ОКПО
C13: наименование, адрес | H13: Вид деятельности по ОКДП
E14: Договор подряда (контракт) | I14: номер
I15: дата
I16: Вид операции
C19: Номер документа | E19: Дата составления | I19: Отчетный период
I20: с | K20: по
A24: СПРАВКА
A25: СТОИМОСТИ ВЫПОЛНЕННЫХ РАБОТ И ЗАТРАТ
A28: № п/п | B28: Наименование пусковых комплексов, объектов, видов работ, оборудования, затрат | F28: Код | G28: Стоимость выполненных работ и затрат
G29: с начала проведения работ | I29: с начала года по отчетный период включительно | K29: в том числе за отчетный месяц
A33: 1 | B33: 2 | F33: 3 | G33: 4 | I33: 5 | K33: 6
B34: Всего работ и затрат, включаемых в стоимость
B35: В том числе:
A36: Итого
A37: Сумма НДС
A38: Всего с учетом НДС
A42: Заказчик (генподрядчик)
C43: должность | G43: подпись | J43: расшифровка подпись
A45: МП
A49: Подрядчик (субподрядчик)
C50: должность | G50: подпись | J50: расшифровка подпись
A52: МП

Sheet Source
A1: 0 | B1: Smeta.RU (495) 974-1589 | D1: _PS_ | F1: 0 | G1: 0 | H1: 0 | I1: Smeta.RU | J1: НИЯУ МИФИ Доп. раб. место MCCS-0027251 | K1: 0 | L1: 27251 | M1: 10 | N1: 10 | O1: 1 | P1: 0 | Q1: 8
A12: 1 | B12: 718 | C12: 0 | D12: =ROW(A657) -> 657 | E12: 0 | F12: Новый объект | G12: Капитальный ремонт актового зала Технологического института - филиала НИЯУ МИФИ (ТИ НИЯУ МИФИ) по адресу: Свердловская обл., г. Лесной, Коммунистический проспект, д.36 | I12: 0 | K12: 0 | O12: 0 | P12: 0 | Q12: 0 | R12: 0 | S12: 0 | V12: 0 | BH12: Сметные нормы списания | BI12: Коды ценников | BJ12: 1 | BK12: 1 | BL12: 0 | BM12: 0 | BN12: 1 | BO12: 0 | BP12: 6 | BQ12: 2 | BR12: 1 | BS12: 1 | BT12: 0 | BU12: 0 | BV12: 0 | BW12: 0 | BX12: 0 | BY12: ФЕР-2017 | BZ12: ТР для Версии 10: Центральные регионы (с учетом п-ма 2536-ИП/12/ГС от 22.03.2017 г | CA12: ФЕР-2017 | CB12: ФЕР-2017 | CC12: ФЕР-2017 | CD12: ФЕР-2017 | CE12: Поправки для ГСН 2017 от 31.03.2017 г | CF12: 0 | CG12: 0 | CH12: 524296 | CK12: 4 | EC12: 0
A15: 15 | B15: 1
A18: 52 | B18: =B657 -> 718 | C18: =C657 -> 1 | D18: =D657 -> 12 | E18: =E657 -> 0 | F18: =F657 -> Новый объект | G18: =G657 -> Капитальный ремонт актового зала Технологического института - филиала НИЯУ МИФИ (ТИ НИЯУ МИФИ) по адресу: Свердловская обл., г. Лесной, Коммунистический проспект, д.36 | O18: =O657 -> 265474.66 | P18: =P657 -> 234451.16 | Q18: =Q657 -> 6363.62 | R18: =R657 -> 877.51 | S18: =S657 -> 24659.88 | T18: =T657 -> 0 | U18: =U657 -> 2762.8964 | V18: =V657 -> 77.127801 | ... GX18: =GX657 -> 0
A20: 3 | B20: 1 | D20: =ROW(A625) -> 625 | F20: Новая локальная смета | G20: Новая локальная смета | I20: 0 | K20: 0 | V20: 0 | BX20: 0 | CF20: 0 | CG20: 0
A22: 52 | B22: =B625 -> 1 | C22: =C625 -> 3 | D22: =D625 -> 20 | E22: =E625 -> 0 | F22: =F625 -> Новая локальная смета | G22: =G625 -> Новая локальная смета | O22: =O625 -> 265474.66 | P22: =P625 -> 234451.16 | Q22: =Q625 -> 6363.62 | R22: =R625 -> 877.51 | S22: =S625 -> 24659.88 | T22: =T625 -> 0 | U22: =U625 -> 2762.8964 | V22: =V625 -> 77.127801 | ... GX22: =GX625 -> 0
A24: 4 | B24: 1 | D24: =ROW(A59) -> 59 | F24: Новый раздел | G24: Раздел 1: Демонтажные работы | I24: 0 | K24: 0 | V24: 0 | BX24: 0 | CJ24: 0
A26: 52 | B26: =B59 -> 1 | C26: =C59 -> 4 | D26: =D59 -> 24 | E26: =E59 -> 0 | F26: =F59 -> Новый раздел | G26: =G59 -> Раздел 1: Демонтажные работы | O26: =O59 -> 7241.76 | P26: =P59 -> 0 | Q26: =Q59 -> 579.12 | R26: =R59 -> 58.58 | S26: =S59 -> 6662.64 | T26: =T59 -> 0 | U26: =U59 -> 755.43033 | V26: =V59 -> 4.7937502 | ... GX26: =GX59 -> 0
A28: 17 | B28: 1 | C28: =ROW(SmtRes!A3) -> 3 | D28: =ROW(EtalonRes!A3) -> 3 | E28: 1 | F28: 67-4-5 | G28: Демонтаж светильников для люминесцентных ламп | H28: 100 ШТ | I28: =ROUND(60/100,9) -> 0.6 | J28: 0 | O28: =ROUND(CP28,2) -> 87.59 | P28: =ROUND(CQ28*I28,2) -> 0 | Q28: =ROUND(CR28*I28,2) -> 1.5 | R28: =ROUND(CS28*I28,2) -> 0.65 | S28: =ROUND(CT28*I28,2) -> 86.09 | T28: =ROUND(CU28*I28,2) -> 0 | U28: =CV28*I28 -> 10.734 | V28: =CW28*I28 -> 0.048 | W28: =ROUND(CX28*I28,2) -> 0 | X28: =ROUND(CY28,2) -> 73.73 | Y28: =ROUND(CZ28,2) -> 56.38 | AA28: 16781625 | AB28: =ROUND((AC28+AD28+AF28),6) -> 145.98 | AC28: =ROUND((ES28),6) -> 0 | AD28: =ROUND((((ET28)-(EU28))+AE28),6) -> 2.5 | AE28: =ROUND((EU28),6) -> 1.08 | AF28: =ROUND((EV28),6) -> 143.48 | AG28: =ROUND((AP28),6) -> 0 | AH28: =(EW28) -> 17.89 | AI28: =(EX28) -> 0.08 | AJ28: =(AS28) -> 0 | AK28: 145.98 | AL28: 0 | AM28: 2.5 | AN28: 1.08 | AO28: 143.48 | AP28: 0 | AQ28: 17.89 | AR28: 0.08 | AS28: 0 | AT28: 85 | AU28: 65 | AV28: 1 | AW28: 1 | AZ28: 1 | BA28: 1 | BB28: 1 | BC28: 1 | BH28: 0 | BI28: 1 | BJ28: ФЕРр-2001, 67-4-5, приказ Минстроя России №1039/пр от 30.12.2016г. | BM28: 67001 | BN28: 0 | BP28: 0 | BQ28: 6 | BR28: 0 | BS28: 1 | BT28: 1 | BU28: 1 | BV28: 1 | BW28: 1 | BX28: 1 | BZ28: 85 | CA28: 65 | CE28: 0 | CF28: 0 | CG28: 0 | CM28: 0 | CO28: 0 | CP28: =(P28+Q28+S28) -> 87.59 | CQ28: =AC28*BC28 -> 0 | CR28: =AD28*BB28 -> 2.5 | CS28: =AE28*BS28 -> 1.08 | CT28: =AF28*BA28 -> 143.48 | CU28: =AG28 -> 0 | CV28: =AH28 -> 17.89 | CW28: =AI28 -> 0.08 | CX28: =AJ28 -> 0 | CY28: =(((S28+R28)*AT28)/100) -> 73.729 | CZ28: =(((S28+R28)*AU28)/100) -> 56.381 | DN28: 0 | DO28: 0 | DP28: 1 | DQ28: 1 | DU28: 1013 | DV28: 100 ШТ | DW28: 100 ШТ | DX28: 1 | EE28: 16510612 | EF28: 6 | EG28: Ремонтно-строительные работы | EH28: 0 | EJ28: 1 | EK28: 67001 | EL28: Электромонтажные работы | EM28: рФЕР-67 | EQ28: 0 | ER28: 145.98 | ES28: 0 | ET28: 2.5 | EU28: 1.08 | EV28: 143.48 | EW28: 17.89 | EX28: 0.08 | EY28: 0 | FQ28: 0 | FR28: =ROUND(IF(AND(BH28=3,BI28=3),P28,0),2) -> 0 | FS28: 0 | FX28: 85 | FY28: 65 | GD28: 0 | GF28: 1077668203 | GG28: 2 | GH28: 1 | GI28: -2 | GJ28: 0 | GK28: =ROUND(R28*(R12)/100,2) -> 0 | GL28: =ROUND(IF(AND(BH28=3,BI28=3,FS28<>0),P28,0),2) -> 0 | GM28: =ROUND(O28+X28+Y28+GK28,2)+GX28 -> 217.7 | GN28: =IF(OR(BI28=0,BI28=1),ROUND(O28+X28+Y28+GK28,2),0) -> 217.7 | GO28: =IF(BI28=2,ROUND(O28+X28+Y28+GK28,2),0) -> 0 | GP28: =IF(BI28=4,ROUND(O28+X28+Y28+GK28,2)+GX28,0) -> 0 | GR28: 0 | GS28: 3 | GT28: 0 | GV28: =ROUND((GT28),6) -> 0 | GW28: 1 | GX28: =ROUND(HC28*I28,2) -> 0 | HA28: 0 | HB28: 0 | HC28: =GV28*GW28 -> 0 | IK28: 0
A29: 17 | B29: 1 | C29: =ROW(SmtRes!A6) -> 6 | D29: =ROW(EtalonRes!A6) -> 6 | E29: 1 | F29: 67-4-5 | G29: Демонтаж светильников для люминесцентных ламп | H29: 100 ШТ | I29: =ROUND(60/100,9) -> 0.6 | J29: 0 | O29: =ROUND(CP29,2) -> 583.34 | P29: =ROUND(CQ29*I29,2) -> 0 | Q29: =ROUND(CR29*I29,2) -> 9.99 | R29: =ROUND(CS29*I29,2) -> 4.32 | S29: =ROUND(CT29*I29,2) -> 573.35 | T29: =ROUND(CU29*I29,2) -> 0 | U29: =CV29*I29 -> 10.734 | V29: =CW29*I29 -> 0.048 | W29: =ROUND(CX29*I29,2) -> 0 | X29: =ROUND(CY29,2) -> 491.02 | Y29: =ROUND(CZ29,2) -> 375.49 | AA29: 16781639 | AB29: =ROUND((AC29+AD29+AF29),6) -> 145.98 | AC29: =ROUND((ES29),6) -> 0 | AD29: =ROUND((((ET29)-(EU29))+AE29),6) -> 2.5 | AE29: =ROUND((EU29),6) -> 1.08 | AF29: =ROUND((EV29),6) -> 143.48 | AG29: =ROUND((AP29),6) -> 0 | AH29: =(EW29) -> 17.89 | AI29: =(EX29) -> 0.08 | AJ29: =(AS29) -> 0 | AK29: 145.98 | AL29: 0 | AM29: 2.5 | AN29: 1.08 | AO29: 143.48 | AP29: 0 | AQ29: 17.89 | AR29: 0.08 | AS29: 0 | AT29: 85 | AU29: 65 | AV29: 1 | AW29: 1 | AZ29: 6.66 | BA29: 6.66 | BB29: 6.66 | BC29: 6.66 | BH29: 0 | BI29: 1 | BJ29: ФЕРр-2001, 67-4-5, приказ Минстроя России №1039/пр от 30.12.2016г. | BM29: 67001 | BN29: 0 | BP29: 0 | BQ29: 6 | BR29: 0 | BS29: 6.66 | BT29: 1 | BU29: 1 | BV29: 1 | BW29: 1 | BX29: 1 | BZ29: 85 | CA29: 65 | CE29: 0 | CF29: 0 | CG29: 0 | CM29: 0 | CO29: 0 | CP29: =(P29+Q29+S29) -> 583.34 | CQ29: =AC29*BC29 -> 0 | CR29: =AD29*BB29 -> 16.65 | CS29: =AE29*BS29 -> 7.1928 | CT29: =AF29*BA29 -> 955.5768 | CU29: =AG29 -> 0 | CV29: =AH29 -> 17.89 | CW29: =AI29 -> 0.08 | CX29: =AJ29 -> 0 | CY29: =(((S29+R29)*AT29)/100) -> 491.0195 | CZ29: =(((S29+R29)*AU29)/100) -> 375.4855 | DN29: 0 | DO29: 0 | DP29: 1 | DQ29: 1 | DU29: 1013 | DV29: 100 ШТ | DW29: 100 ШТ | DX29: 1 | EE29: 16510612 | EF29: 6 | EG29: Ремонтно-строительные работы | EH29: 0 | EJ29: 1 | EK29: 67001 | EL29: Электромонтажные работы | EM29: рФЕР-67 | EQ29: 0 | ER29: 145.98 | ES29: 0 | ET29: 2.5 | EU29: 1.08 | EV29: 143.48 | EW29: 17.89 | EX29: 0.08 | EY29: 0 | FQ29: 0 | FR29: =ROUND(IF(AND(BH29=3,BI29=3),P29,0),2) -> 0 | FS29: 0 | FX29: 85 | FY29: 65 | GD29: 0 | GF29: 1077668203 | GG29: 1 | GH29: 1 | GI29: 4 | GJ29: 0 | GK29: =ROUND(R29*(S12)/100,2) -> 0 | GL29: =ROUND(IF(AND(BH29=3,BI29=3,FS29<>0),P29,0),2) -> 0 | GM29: =ROUND(O29+X29+Y29+GK29,2)+GX29 -> 1449.85 | GN29: =IF(OR(BI29=0,BI29=1),ROUND(O29+X29+Y29+GK29,2),0) -> 1449.85 | GO29: =IF(BI29=2,ROUND(O29+X29+Y29+GK29,2),0) -> 0 | GP29: =IF(BI29=4,ROUND(O29+X29+Y29+GK29,2)+GX29,0) -> 0 | GR29: 0 | GS29: 3 | GT29: 0 | GV29: =ROUND((GT29),6) -> 0 | GW29: 1 | GX29: =ROUND(HC29*I29,2) -> 0 | HA29: 0 | HB29: 0 | HC29: =GV29*GW29 -> 0 | IK29: 0
A30: 17 | B30: 1 | C30: =ROW(SmtRes!A7) -> 7 | D30: =ROW(EtalonRes!A7) -> 7 | E30: 2 | F30: 67-4-1 | G30: Демонтаж выключателей, розеток | H30: 100 ШТ | I30: =ROUND(20/100,9) -> 0.2 | J30: 0 | O30: =ROUND(CP30,2) -> 9.11 | P30: =ROUND(CQ30*I30,2) -> 0 | Q30: =ROUND(CR30*I30,2) -> 0 | R30: =ROUND(CS30*I30,2) -> 0 | S30: =ROUND(CT30*I30,2) -> 9.11 | T30: =ROUND(CU30*I30,2) -> 0 | U30: =CV30*I30 -> 1.168 | V30: =CW30*I30 -> 0 | W30: =ROUND(CX30*I30,2) -> 0 | X30: =ROUND(CY30,2) -> 7.74 | Y30: =ROUND(CZ30,2) -> 5.92 | AA30: 16781625 | AB30: =ROUND((AC30+AD30+AF30),6) -> 45.55 | AC30: =ROUND((ES30),6) -> 0 | AD30: =ROUND((((ET30)-(EU30))+AE30),6) -> 0 | AE30: =ROUND((EU30),6) -> 0 | AF30: =ROUND((EV30),6) -> 45.55 | AG30: =ROUND((AP30),6) -> 0 | AH30: =(EW30) -> 5.84 | AI30: =(EX30) -> 0 | AJ30: =(AS30) -> 0 | AK30: 45.55 | AL30: 0 | AM30: 0 | AN30: 0 | AO30: 45.55 | AP30: 0 | AQ30: 5.84 | AR30: 0 | AS30: 0 | AT30: 85 | AU30: 65 | AV30: 1 | AW30: 1 | AZ30: 1 | BA30: 1 | BB30: 1 | BC30: 1 | BH30: 0 | BI30: 1 | BJ30: ФЕРр-2001, 67-4-1, приказ Минстроя России №1039/пр от 30.12.2016г. | BM30: 67001 | BN30: 0 | BP30: 0 | BQ30: 6 | BR30: 0 | BS30: 1 | BT30: 1 | BU30: 1 | BV30: 1 | BW30: 1 | BX30: 1 | BZ30: 85 | CA30: 65 | CE30: 0 | CF30: 0 | CG30: 0 | CM30: 0 | CO30: 0 | CP30: =(P30+Q30+S30) -> 9.11 | CQ30: =AC30*BC30 -> 0 | CR30: =AD30*BB30 -> 0 | CS30: =AE30*BS30 -> 0 | CT30: =AF30*BA30 -> 45.55 | CU30: =AG30 -> 0 | CV30: =AH30 -> 5.84 | CW30: =AI30 -> 0 | CX30: =AJ30 -> 0 | CY30: =(((S30+R30)*AT30)/100) -> 7.7435 | CZ30: =(((S30+R30)*AU30)/100) -> 5.9215 | DN30: 0 | DO30: 0 | DP30: 1 | DQ30: 1 | DU30: 1013 | DV30: 100 ШТ | DW30: 100 ШТ | DX30: 1 | EE30: 16510612 | EF30: 6 | EG30: Ремонтно-строительные работы | EH30: 0 | EJ30: 1 | EK30: 67001 | EL30: Электромонтажные работы | EM30: рФЕР-67 | EQ30: 0 | ER30: 45.55 | ES30: 0 | ET30: 0 | EU30: 0 | EV30: 45.55 | EW30: 5.84 | EX30: 0 | EY30: 0 | FQ30: 0 | FR30: =ROUND(IF(AND(BH30=3,BI30=3),P30,0),2) -> 0 | FS30: 0 | FX30: 85 | FY30: 65 | GD30: 0 | GF30: -729058478 | GG30: 2 | GH30: 1 | GI30: -2 | GJ30: 0 | GK30: =ROUND(R30*(R12)/100,2) -> 0 | GL30: =ROUND(IF(AND(BH30=3,BI30=3,FS30<>0),P30,0),2) -> 0 | GM30: =ROUND(O30+X30+Y30+GK30,2)+GX30 -> 22.77 | GN30: =IF(OR(BI30=0,BI30=1),ROUND(O30+X30+Y30+GK30,2),0) -> 22.77 | GO30: =IF(BI30=2,ROUND(O30+X30+Y30+GK30,2),0) -> 0 | GP30: =IF(BI30=4,ROUND(O30+X30+Y30+GK30,2)+GX30,0) -> 0 | GR30: 0 | GS30: 3 | GT30: 0 | GV30: =ROUND((GT30),6) -> 0 | GW30: 1 | GX30: =ROUND(HC30*I30,2) -> 0 | HA30: 0 | HB30: 0 | HC30: =GV30*GW30 -> 0 | IK30: 0
A31: 17 | B31: 1 | C31: =ROW(SmtRes!A8) -> 8 | D31: =ROW(EtalonRes!A8) -> 8 | E31: 2 | F31: 67-4-1 | G31: Демонтаж выключателей, розеток | H31: 100 ШТ | I31: =ROUND(20/100,9) -> 0.2 | J31: 0 | O31: =ROUND(CP31,2) -> 60.67 | P31: =ROUND(CQ31*I31,2) -> 0 | Q31: =ROUND(CR31*I31,2) -> 0 | R31: =ROUND(CS31*I31,2) -> 0 | S31: =ROUND(CT31*I31,2) -> 60.67 | T31: =ROUND(CU31*I31,2) -> 0 | U31: =CV31*I31 -> 1.168 | V31: =CW31*I31 -> 0 | W31: =ROUND(CX31*I31,2) -> 0 | X31: =ROUND(CY31,2) -> 51.57 | Y31: =ROUND(CZ31,2) -> 39.44 | AA31: 16781639 | AB31: =ROUND((AC31+AD31+AF31),6) -> 45.55 | AC31: =ROUND((ES31),6) -> 0 | AD31: =ROUND((((ET31)-(EU31))+AE31),6) -> 0 | AE31: =ROUND((EU31),6) -> 0 | AF31: =ROUND((EV31),6) -> 45.55 | AG31: =ROUND((AP31),6) -> 0 | AH31: =(EW31) -> 5.84 | AI31: =(EX31) -> 0 | AJ31: =(AS31) -> 0 | AK31: 45.55 | AL31: 0 | AM31: 0 | AN31: 0 | AO31: 45.55 | AP31: 0 | AQ31: 5.84 | AR31: 0 | AS31: 0 | AT31: 85 | AU31: 65 | AV31: 1 | AW31: 1 | AZ31: 6.66 | BA31: 6.66 | BB31: 6.66 | BC31: 6.66 | BH31: 0 | BI31: 1 | BJ31: ФЕРр-2001, 67-4-1, приказ Минстроя России №1039/пр от 30.12.2016г. | BM31: 67001 | BN31: 0 | BP31: 0 | BQ31: 6 | BR31: 0 | BS31: 6.66 | BT31: 1 | BU31: 1 | BV31: 1 | BW31: 1 | BX31: 1 | BZ31: 85 | CA31: 65 | CE31: 0 | CF31: 0 | CG31: 0 | CM31: 0 | CO31: 0 | CP31: =(P31+Q31+S31) -> 60.67 | CQ31: =AC31*BC31 -> 0 | CR31: =AD31*BB31 -> 0 | CS31: =AE31*BS31 -> 0 | CT31: =AF31*BA31 -> 303.363 | CU31: =AG31 -> 0 | CV31: =AH31 -> 5.84 | CW31: =AI31 -> 0 | CX31: =AJ31 -> 0 | CY31: =(((S31+R31)*AT31)/100) -> 51.5695 | CZ31: =(((S31+R31)*AU31)/100) -> 39.4355 | DN31: 0 | DO31: 0 | DP31: 1 | DQ31: 1 | DU31: 1013 | DV31: 100 ШТ | DW31: 100 ШТ | DX31: 1 | EE31: 16510612 | EF31: 6 | EG31: Ремонтно-строительные работы | EH31: 0 | EJ31: 1 | EK31: 67001 | EL31: Электромонтажные работы | EM31: рФЕР-67 | EQ31: 0 | ER31: 45.55 | ES31: 0 | ET31: 0 | EU31: 0 | EV31: 45.55 | EW31: 5.84 | EX31: 0 | EY31: 0 | FQ31: 0 | FR31: =ROUND(IF(AND(BH31=3,BI31=3),P31,0),2) -> 0 | FS31: 0 | FX31: 85 | FY31: 65 | GD31: 0 | GF31: -729058478 | GG31: 1 | GH31: 1 | GI31: 4 | GJ31: 0 | GK31: =ROUND(R31*(S12)/100,2) -> 0 | GL31: =ROUND(IF(AND(BH31=3,BI31=3,FS31<>0),P31,0),2) -> 0 | GM31: =ROUND(O31+X31+Y31+GK31,2)+GX31 -> 151.68 | GN31: =IF(OR(BI31=0,BI31=1),ROUND(O31+X31+Y31+GK31,2),0) -> 151.68 | GO31: =IF(BI31=2,ROUND(O31+X31+Y31+GK31,2),0) -> 0 | GP31: =IF(BI31=4,ROUND(O31+X31+Y31+GK31,2)+GX31,0) -> 0 | GR31: 0 | GS31: 3 | GT31: 0 | GV31: =ROUND((GT31),6) -> 0 | GW31: 1 | GX31: =ROUND(HC31*I31,2) -> 0 | HA31: 0 | HB31: 0 | HC31: =GV31*GW31 -> 0 | IK31: 0
A32: 17 | B32: 1 | C32: =ROW(SmtRes!A11) -> 11 | D32: =ROW(EtalonRes!A11) -> 11 | E32: 3 | F32: 67-3-1 | G32: Демонтаж кабеля | H32: 100 м | I32: =ROUND(450/100,9) -> 4.5 | J32: 0 | O32: =ROUND(CP32,2) -> 339.76 | P32: =ROUND(CQ32*I32,2) -> 0 | Q32: =ROUND(CR32*I32,2) -> 1.4 | R32: =ROUND(CS32*I32,2) -> 0.63 | S32: =ROUND(CT32*I32,2) -> 338.36 | T32: =ROUND(CU32*I32,2) -> 0 | U32: =CV32*I32 -> 43.38 | V32: =CW32*I32 -> 0.045 | W32: =ROUND(CX32*I32,2) -> 0 | X32: =ROUND(CY32,2) -> 288.14 | Y32: =ROUND(CZ32,2) -> 220.34 | AA32: 16781625 | AB32: =ROUND((AC32+AD32+AF32),6) -> 75.5 | AC32: =ROUND((ES32),6) -> 0 | AD32: =ROUND((((ET32)-(EU32))+AE32),6) -> 0.31 | AE32: =ROUND((EU32),6) -> 0.14 | AF32: =ROUND((EV32),6) -> 75.19 | AG32: =ROUND((AP32),6) -> 0 | AH32: =(EW32) -> 9.64 | AI32: =(EX32) -> 0.01 | AJ32: =(AS32) -> 0 | AK32: 75.5 | AL32: 0 | AM32: 0.31 | AN32: 0.14 | AO32: 75.19 | AP32: 0 | AQ32: 9.64 | AR32: 0.01 | AS32: 0 | AT32: 85 | AU32: 65 | AV32: 1 | AW32: 1 | AZ32: 1 | BA32: 1 | BB32: 1 | BC32: 1 | BH32: 0 | BI32: 1 | BJ32: ФЕРр-2001, 67-3-1, приказ Минстроя России №1039/пр от 30.12.2016г. | BM32: 67001 | BN32: 0 | BP32: 0 | BQ32: 6 | BR32: 0 | BS32: 1 | BT32: 1 | BU32: 1 | BV32: 1 | BW32: 1 | BX32: 1 | BZ32: 85 | CA32: 65 | CE32: 0 | CF32: 0 | CG32: 0 | CM32: 0 | CO32: 0 | CP32: =(P32+Q32+S32) -> 339.76 | CQ32: =AC32*BC32 -> 0 | CR32: =AD32*BB32 -> 0.31 | CS32: =AE32*BS32 -> 0.14 | CT32: =AF32*BA32 -> 75.19 | CU32: =AG32 -> 0 | CV32: =AH32 -> 9.64 | CW32: =AI32 -> 0.01 | CX32: =AJ32 -> 0 | CY32: =(((S32+R32)*AT32)/100) -> 288.1415 | CZ32: =(((S32+R32)*AU32)/100) -> 220.3435 | DN32: 0 | DO32: 0 | DP32: 1 | DQ32: 1 | DU32: 1003 | DV32: 100 м | DW32: 100 м | DX32: 100 | EE32: 16510612 | EF32: 6 | EG32: Ремонтно-строительные работы | EH32: 0 | EJ32: 1 | EK32: 67001 | EL32: Электромонтажные работы | EM32: рФЕР-67 | EQ32: 0 | ER32: 75.5 | ES32: 0 | ET32: 0.31 | EU32: 0.14 | EV32: 75.19 | EW32: 9.64 | EX32: 0.01 | EY32: 0 | FQ32: 0 | FR32: =ROUND(IF(AND(BH32=3,BI32=3),P32,0),2) -> 0 | FS32: 0 | FX32: 85 | FY32: 65 | GD32: 0 | GF32: 994189354 | GG32: 2 | GH32: 1 | GI32: -2 | GJ32: 0 | GK32: =ROUND(R32*(R12)/100,2) -> 0 | GL32: =ROUND(IF(AND(BH32=3,BI32=3,FS32<>0),P32,0),2) -> 0 | GM32: =ROUND(O32+X32+Y32+GK32,2)+GX32 -> 848.24 | GN32: =IF(OR(BI32=0,BI32=1),ROUND(O32+X32+Y32+GK32,2),0) -> 848.24 | GO32: =IF(BI32=2,ROUND(O32+X32+Y32+GK32,2),0) -> 0 | GP32: =IF(BI32=4,ROUND(O32+X32+Y32+GK32,2)+GX32,0) -> 0 | GR32: 0 | GS32: 3 | GT32: 0 | GV32: =ROUND((GT32),6) -> 0 | GW32: 1 | GX32: =ROUND(HC32*I32,2) -> 0 | HA32: 0 | HB32: 0 | HC32: =GV32*GW32 -> 0 | IK32: 0
A33: 17 | B33: 1 | C33: =ROW(SmtRes!A14) -> 14 | D33: =ROW(EtalonRes!A14) -> 14 | E33: 3 | F33: 67-3-1 | G33: Демонтаж кабеля | H33: 100 м | I33: =ROUND(450/100,9) -> 4.5 | J33: 0 | O33: =ROUND(CP33,2) -> 2262.73 | P33: =ROUND(CQ33*I33,2) -> 0 | Q33: =ROUND(CR33*I33,2) -> 9.29 | R33: =ROUND(CS33*I33,2) -> 4.2 | S33: =ROUND(CT33*I33,2) -> 2253.44 | T33: =ROUND(CU33*I33,2) -> 0 | U33: =CV33*I33 -> 43.38 | V33: =CW33*I33 -> 0.045 | W33: =ROUND(CX33*I33,2) -> 0 | X33: =ROUND(CY33,2) -> 1918.99 | Y33: =ROUND(CZ33,2) -> 1467.47 | AA33: 16781639 | AB33: =ROUND((AC33+AD33+AF33),6) -> 75.5 | AC33: =ROUND((ES33),6) -> 0 | AD33: =ROUND((((ET33)-(EU33))+AE33),6) -> 0.31 | AE33: =ROUND((EU33),6) -> 0.14 | AF33: =ROUND((EV33),6) -> 75.19 | AG33: =ROUND((AP33),6) -> 0 | AH33: =(EW33) -> 9.64 | AI33: =(EX33) -> 0.01 | AJ33: =(AS33) -> 0 | AK33: 75.5 | AL33: 0 | AM33: 0.31 | AN33: 0.14 | AO33: 75.19 | AP33: 0 | AQ33: 9.64 | AR33: 0.01 | AS33: 0 | AT33: 85 | AU33: 65 | AV33: 1 | AW33: 1 | AZ33: 6.66 | BA33: 6.66 | BB33: 6.66 | BC33: 6.66 | BH33: 0 | BI33: 1 | BJ33: ФЕРр-2001, 67-3-1, приказ Минстроя России №1039/пр от 30.12.2016г. | BM33: 67001 | BN33: 0 | BP33: 0 | BQ33: 6 | BR33: 0 | BS33: 6.66 | BT33: 1 | BU33: 1 | BV33: 1 | BW33: 1 | BX33: 1 | BZ33: 85 | CA33: 65 | CE33: 0 | CF33: 0 | CG33: 0 | CM33: 0 | CO33: 0 | CP33: =(P33+Q33+S33) -> 2262.73 | CQ33: =AC33*BC33 -> 0 | CR33: =AD33*BB33 -> 2.0646 | CS33: =AE33*BS33 -> 0.9324 | CT33: =AF33*BA33 -> 500.7654 | CU33: =AG33 -> 0 | CV33: =AH33 -> 9.64 | CW33: =AI33 -> 0.01 | CX33: =AJ33 -> 0 | CY33: =(((S33+R33)*AT33)/100) -> 1918.994 | CZ33: =(((S33+R33)*AU33)/100) -> 1467.466 | DN33: 0 | DO33: 0 | DP33: 1 | DQ33: 1 | DU33: 1003 | DV33: 100 м | DW33: 100 м | DX33: 100 | EE33: 16510612 | EF33: 6 | EG33: Ремонтно-строительные работы | EH33: 0 | EJ33: 1 | EK33: 67001 | EL33: Электромонтажные работы | EM33: рФЕР-67 | EQ33: 0 | ER33: 75.5 | ES33: 0 | ET33: 0.31 | EU33: 0.14 | EV33: 75.19 | EW33: 9.64 | EX33: 0.01 | EY33: 0 | FQ33: 0 | FR33: =ROUND(IF(AND(BH33=3,BI33=3),P33,0),2) -> 0 | FS33: 0 | FX33: 85 | FY33: 65 | GD33: 0 | GF33: 994189354 | GG33: 1 | GH33: 1 | GI33: 4 | GJ33: 0 | GK33: =ROUND(R33*(S12)/100,2) -> 0 | GL33: =ROUND(IF(AND(BH33=3,BI33=3,FS33<>0),P33,0),2) -> 0 | GM33: =ROUND(O33+X33+Y33+GK33,2)+GX33 -> 5649.19 | GN33: =IF(OR(BI33=0,BI33=1),ROUND(O33+X33+Y33+GK33,2),0) -> 5649.19 | GO33: =IF(BI33=2,ROUND(O33+X33+Y33+GK33,2),0) -> 0 | GP33: =IF(BI33=4,ROUND(O33+X33+Y33+GK33,2)+GX33,0) -> 0 | GR33: 0 | GS33: 3 | GT33: 0 | GV33: =ROUND((GT33),6) -> 0 | GW33: 1 | GX33: =ROUND(HC33*I33,2) -> 0 | HA33: 0 | HB33: 0 | HC33: =GV33*GW33 -> 0 | IK33: 0
A34: 17 | B34: 1 | C34: =ROW(SmtRes!A24) -> 24 | D34: =ROW(EtalonRes!A24) -> 24 | E34: 4 | F34: м08-03-572-01 | G34: Демонтаж: Блок управления открытого исполнения высотой и шириной до 1000х800 мм, устанавливаемый на стене | H34: ШТ | I34: 2 | J34: 0 | O34: =ROUND(CP34,2) -> 32.72 | P34: =ROUND(CQ34*I34,2) -> 0 | Q34: =ROUND(CR34*I34,2) -> 18.91 | R34: =ROUND(CS34*I34,2) -> 2.11 | S34: =ROUND(CT34*I34,2) -> 13.81 | T34: =ROUND(CU34*I34,2) -> 0 | U34: =CV34*I34 -> 1.392 | V34: =CW34*I34 -> 0.168 | W34: =ROUND(CX34*I34,2) -> 0 | X34: =ROUND(CY34,2) -> 15.12 | Y34: =ROUND(CZ34,2) -> 10.35 | AA34: 16781625 | AB34: =ROUND((AC34+AD34+AF34),6) -> 16.359 | AC34: =ROUND(((ES34*0)),6) -> 0 | AD34: =ROUND(((((ET34*0.3))-((EU34*0.3)))+AE34),6) -> 9.456 | AE34: =ROUND(((EU34*0.3)),6) -> 1.053 | AF34: =ROUND(((EV34*0.3)),6) -> 6.903 | AG34: =ROUND((AP34),6) -> 0 | AH34: =((EW34*0.3)) -> 0.696 | AI34: =((EX34*0.3)) -> 0.084 | AJ34: =(AS34) -> 0 | AK34: 230.95 | AL34: 176.42 | AM34: 31.52 | AN34: 3.51 | AO34: 23.01 | AP34: 0 | AQ34: 2.32 | AR34: 0.28 | AS34: 0 | AT34: 95 | AU34: 65 | AV34: 1 | AW34: 1 | AZ34: 1 | BA34: 1 | BB34: 1 | BC34: 1 | BH34: 0 | BI34: 2 | BJ34: ФЕРм-2001, м08-03-572-01, приказ Минстроя России №1039/пр от 30.12.2016г. | BM34: 108001 | BN34: 0 | BP34: 0 | BQ34: 3 | BR34: 0 | BS34: 1 | BT34: 1 | BU34: 1 | BV34: 1 | BW34: 1 | BX34: 1 | BZ34: 95 | CA34: 65 | CE34: 0 | CF34: 0 | CG34: 0 | CM34: 0 | CN34: Поправка: Табл.3, п.4 Наименование: Демонтаж: Оборудование, не пригодное для дальнейшего использования, (предназначено в лом) без разборки и резки | CO34: 0 | CP34: =(P34+Q34+S34) -> 32.72 | CQ34: =AC34*BC34 -> 0 | CR34: =AD34*BB34 -> 9.456 | CS34: =AE34*BS34 -> 1.053 | CT34: =AF34*BA34 -> 6.903 | CU34: =AG34 -> 0 | CV34: =AH34 -> 0.696 | CW34: =AI34 -> 0.084 | CX34: =AJ34 -> 0 | CY34: =(((S34+R34)*AT34)/100) -> 15.124 | CZ34: =(((S34+R34)*AU34)/100) -> 10.348 | DD34: )*0 | DE34: )*0,3 | DF34: )*0,3 | DG34: )*0,3 | DI34: )*0,3 | DJ34: )*0,3 | DN34: 0 | DO34: 0 | DP34: 1 | DQ34: 1 | DU34: 1013 | DV34: ШТ | DW34: ШТ | DX34: 1 | EE34: 16510370 | EF34: 3 | EG34: Монтажные работы | EH34: 0 | EJ34: 2 | EK34: 108001 | EL34: Электромонтажные работы , отдел 01-03 : ( на АЭС НР = 110% ) - (работы по упр. авиа.- движением: СП=55% ( {АВИА}=1; обычные работы : СП=65 - {AВИА}=0), при работе на АЭС СП= 68% ) | EM34: мФЕР-08 | EO34: Поправка: Табл.3, п.4 | EQ34: 0 | ER34: 230.95 | ES34: 176.42 | ET34: 31.52 | EU34: 3.51 | EV34: 23.01 | EW34: 2.32 | EX34: 0.28 | EY34: 0 | FQ34: 0 | FR34: =ROUND(IF(AND(BH34=3,BI34=3),P34,0),2) -> 0 | FS34: 0 | FX34: 95 | FY34: 65 | GD34: 0 | GF34: 1068479520 | GG34: 2 | GH34: 1 | GI34: -2 | GJ34: 0 | GK34: =ROUND(R34*(R12)/100,2) -> 0 | GL34: =ROUND(IF(AND(BH34=3,BI34=3,FS34<>0),P34,0),2) -> 0 | GM34: =ROUND(O34+X34+Y34+GK34,2)+GX34 -> 58.19 | GN34: =IF(OR(BI34=0,BI34=1),ROUND(O34+X34+Y34+GK34,2),0) -> 0 | GO34: =IF(BI34=2,ROUND(O34+X34+Y34+GK34,2),0) -> 58.19 | GP34: =IF(BI34=4,ROUND(O34+X34+Y34+GK34,2)+GX34,0) -> 0 | GR34: 0 | GS34: 3 | GT34: 0 | GV34: =ROUND((GT34),6) -> 0 | GW34: 1 | GX34: =ROUND(HC34*I34,2) -> 0 | HA34: 0 | HB34: 0 | HC34: =GV34*GW34 -> 0 | IK34: 0
A35: 17 | B35: 1 | C35: =ROW(SmtRes!A34) -> 34 | D35: =ROW(EtalonRes!A34) -> 34 | E35: 4 | F35: м08-03-572-01 | G35: Демонтаж: Блок управления открытого исполнения высотой и шириной до 1000х800 мм, устанавливаемый на стене | H35: ШТ | I35: 2 | J35: 0 | O35: =ROUND(CP35,2) -> 217.9 | P35: =ROUND(CQ35*I35,2) -> 0 | Q35: =ROUND(CR35*I35,2) -> 125.95 | R35: =ROUND(CS35*I35,2) -> 14.03 | S35: =ROUND(CT35*I35,2) -> 91.95 | T35: =ROUND(CU35*I35,2) -> 0 | U35: =CV35*I35 -> 1.392 | V35: =CW35*I35 -> 0.168 | W35: =ROUND(CX35*I35,2) -> 0 | X35: =ROUND(CY35,2) -> 100.68 | Y35: =ROUND(CZ35,2) -> 68.89 | AA35: 16781639 | AB35: =ROUND((AC35+AD35+AF35),6) -> 16.359 | AC35: =ROUND(((ES35*0)),6) -> 0 | AD35: =ROUND(((((ET35*0.3))-((EU35*0.3)))+AE35),6) -> 9.456 | AE35: =ROUND(((EU35*0.3)),6) -> 1.053 | AF35: =ROUND(((EV35*0.3)),6) -> 6.903 | AG35: =ROUND((AP35),6) -> 0 | AH35: =((EW35*0.3)) -> 0.696 | AI35: =((EX35*0.3)) -> 0.084 | AJ35: =(AS35) -> 0 | AK35: 230.95 | AL35: 176.42 | AM35: 31.52 | AN35: 3.51 | AO35: 23.01 | AP35: 0 | AQ35: 2.32 | AR35: 0.28 | AS35: 0 | AT35: 95 | AU35: 65 | AV35: 1 | AW35: 1 | AZ35: 6.66 | BA35: 6.66 | BB35: 6.66 | BC35: 6.66 | BH35: 0 | BI35: 2 | BJ35: ФЕРм-2001, м08-03-572-01, приказ Минстроя России №1039/пр от 30.12.2016г. | BM35: 108001 | BN35: 0 | BP35: 0 | BQ35: 3 | BR35: 0 | BS35: 6.66 | BT35: 1 | BU35: 1 | BV35: 1 | BW35: 1 | BX35: 1 | BZ35: 95 | CA35: 65 | CE35: 0 | CF35: 0 | CG35: 0 | CM35: 0 | CN35: Поправка: Табл.3, п.4 Наименование: Демонтаж: Оборудование, не пригодное для дальнейшего использования, (предназначено в лом) без разборки и резки | CO35: 0 | CP35: =(P35+Q35+S35) -> 217.9 | CQ35: =AC35*BC35 -> 0 | CR35: =AD35*BB35 -> 62.97696 | CS35: =AE35*BS35 -> 7.01298 | CT35: =AF35*BA35 -> 45.97398 | CU35: =AG35 -> 0 | CV35: =AH35 -> 0.696 | CW35: =AI35 -> 0.084 | CX35: =AJ35 -> 0 | CY35: =(((S35+R35)*AT35)/100) -> 100.681 | CZ35: =(((S35+R35)*AU35)/100) -> 68.887 | DD35: )*0 | DE35: )*0,3 | DF35: )*0,3 | DG35: )*0,3 | DI35: )*0,3 | DJ35: )*0,3 | DN35: 0 | DO35: 0 | DP35: 1 | DQ35: 1 | DU35: 1013 | DV35: ШТ | DW35: ШТ | DX35: 1 | EE35: 16510370 | EF35: 3 | EG35: Монтажные работы | EH35: 0 | EJ35: 2 | EK35: 108001 | EL35: Электромонтажные работы , отдел 01-03 : ( на АЭС НР = 110% ) - (работы по упр. авиа.- движением: СП=55% ( {АВИА}=1; обычные работы : СП=65 - {AВИА}=0), при работе на АЭС СП= 68% ) | EM35: мФЕР-08 | EO35: Поправка: Табл.3, п.4 | EQ35: 0 | ER35: 230.95 | ES35: 176.42 | ET35: 31.52 | EU35: 3.51 | EV35: 23.01 | EW35: 2.32 | EX35: 0.28 | EY35: 0 | FQ35: 0 | FR35: =ROUND(IF(AND(BH35=3,BI35=3),P35,0),2) -> 0 | FS35: 0 | FX35: 95 | FY35: 65 | GD35: 0 | GF35: 1068479520 | GG35: 1 | GH35: 1 | GI35: 4 | GJ35: 0 | GK35: =ROUND(R35*(S12)/100,2) -> 0 | GL35: =ROUND(IF(AND(BH35=3,BI35=3,FS35<>0),P35,0),2) -> 0 | GM35: =ROUND(O35+X35+Y35+GK35,2)+GX35 -> 387.47 | GN35: =IF(OR(BI35=0,BI35=1),ROUND(O35+X35+Y35+GK35,2),0) -> 0 | GO35: =IF(BI35=2,ROUND(O35+X35+Y35+GK35,2),0) -> 387.47 | GP35: =IF(BI35=4,ROUND(O35+X35+Y35+GK35,2)+GX35,0) -> 0 | GR35: 0 | GS35: 3 | GT35: 0 | GV35: =ROUND((GT35),6) -> 0 | GW35: 1 | GX35: =ROUND(HC35*I35,2) -> 0 | HA35: 0 | HB35: 0 | HC35: =GV35*GW35 -> 0 | IK35: 0
A36: 17 | B36: 1 | C36: =ROW(SmtRes!A39) -> 39 | D36: =ROW(EtalonRes!A39) -> 39 | E36: 5 | F36: 15-01-047-15 | G36: Демонтаж:Устройство подвесных потолков типа <Армстронг> по каркасу из оцинкованного профиля | H36: 100 м2 | I36: =ROUND(51.392/100,9) -> 0.51392 | J36: 0 | O36: =ROUND(CP36,2) -> 529.47 | P36: =ROUND(CQ36*I36,2) -> 0 | Q36: =ROUND(CR36*I36,2) -> 133.5 | R36: =ROUND(CS36*I36,2) -> 26.06 | S36: =ROUND(CT36*I36,2) -> 395.97 | T36: =ROUND(CU36*I36,2) -> 0 | U36: =CV36*I36 -> 42.124995 | V36: =CW36*I36 -> 2.1954662 | W36: =ROUND(CX36*I36,2) -> 0 | X36: =ROUND(CY36,2) -> 400.93 | Y36: =ROUND(CZ36,2) -> 198.35 | AA36: 16781625 | AB36: =ROUND((AC36+AD36+AF36),6) -> 1030.264 | AC36: =ROUND(((ES36*0)),6) -> 0 | AD36: =ROUND(((((ET36*0.8))-((EU36*0.8)))+AE36),6) -> 259.768 | AE36: =ROUND(((EU36*0.8)),6) -> 50.712 | AF36: =ROUND(((EV36*0.8)),6) -> 770.496 | AG36: =ROUND((AP36),6) -> 0 | AH36: =((EW36*0.8)) -> 81.968 | AI36: =((EX36*0.8)) -> 4.272 | AJ36: =(AS36) -> 0 | AK36: 6623.23 | AL36: 5335.4 | AM36: 324.71 | AN36: 63.39 | AO36: 963.12 | AP36: 0 | AQ36: 102.46 | AR36: 5.34 | AS36: 0 | AT36: 95 | AU36: 47 | AV36: 1 | AW36: 1 | AZ36: 1 | BA36: 1 | BB36: 1 | BC36: 1 | BH36: 0 | BI36: 1 | BJ36: ФЕР-2001, 15-01-047-15, приказ Минстроя России №1039/пр от 30.12.2016г. | BM36: 15001 | BN36: 0 | BP36: 0 | BQ36: 2 | BR36: 0 | BS36: 1 | BT36: 1 | BU36: 1 | BV36: 1 | BW36: 1 | BX36: 1 | BZ36: 105 | CA36: 55 | CE36: 0 | CF36: 0 | CG36: 0 | CM36: 0 | CN36: Поправка: Табл.2, п.2 Наименование: При демонтаже (разборке) сборных деревянных конструкций | CO36: 0 | CP36: =(P36+Q36+S36) -> 529.47 | CQ36: =AC36*BC36 -> 0 | CR36: =AD36*BB36 -> 259.768 | CS36: =AE36*BS36 -> 50.712 | CT36: =AF36*BA36 -> 770.496 | CU36: =AG36 -> 0 | CV36: =AH36 -> 81.968 | CW36: =AI36 -> 4.272 | CX36: =AJ36 -> 0 | CY36: =(((S36+R36)*AT36)/100) -> 400.9285 | CZ36: =(((S36+R36)*AU36)/100) -> 198.3541 | DD36: )*0 | DE36: )*0,8 | DF36: )*0,8 | DG36: )*0,8 | DI36: )*0,8 | DJ36: )*0,8 | DN36: 0 | DO36: 0 | DP36: 1 | DQ36: 1 | DU36: 1005 | DV36: 100 м2 | DW36: 100 м2 | DX36: 100 | EE36: 16510513 | EF36: 2 | EG36: Общестроительные работы | EH36: 0 | EJ36: 1 | EK36: 15001 | EL36: Отделочные работы | EM36: ФЕР-15 | EO36: Поправка: Табл.2, п.2 | EQ36: 0 | ER36: 6623.23 | ES36: 5335.4 | ET36: 324.71 | EU36: 63.39 | EV36: 963.12 | EW36: 102.46 | EX36: 5.34 | EY36: 0 | FQ36: 0 | FR36: =ROUND(IF(AND(BH36=3,BI36=3),P36,0),2) -> 0 | FS36: 0 | FT36: *0,9 | FU36: *0,85 | FX36: 94.5 | FY36: 46.75 | GD36: 0 | GF36: 2124409249 | GG36: 2 | GH36: 1 | GI36: -2 | GJ36: 0 | GK36: =ROUND(R36*(R12)/100,2) -> 0 | GL36: =ROUND(IF(AND(BH36=3,BI36=3,FS36<>0),P36,0),2) -> 0 | GM36: =ROUND(O36+X36+Y36+GK36,2)+GX36 -> 1128.75 | GN36: =IF(OR(BI36=0,BI36=1),ROUND(O36+X36+Y36+GK36,2),0) -> 1128.75 | GO36: =IF(BI36=2,ROUND(O36+X36+Y36+GK36,2),0) -> 0 | GP36: =IF(BI36=4,ROUND(O36+X36+Y36+GK36,2)+GX36,0) -> 0 | GR36: 0 | GS36: 3 | GT36: 0 | GV36: =ROUND((GT36),6) -> 0 | GW36: 1 | GX36: =ROUND(HC36*I36,2) -> 0 | HA36: 0 | HB36: 0 | HC36: =GV36*GW36 -> 0 | IK36: 0
A37: 17 | B37: 1 | C37: =ROW(SmtRes!A44) -> 44 | D37: =ROW(EtalonRes!A44) -> 44 | E37: 5 | F37: 15-01-047-15 | G37: Демонтаж:Устройство подвесных потолков типа <Армстронг> по каркасу из оцинкованного профиля | H37: 100 м2 | I37: =ROUND(51.392/100,9) -> 0.51392 | J37: 0 | O37: =ROUND(CP37,2) -> 3526.29 | P37: =ROUND(CQ37*I37,2) -> 0 | Q37: =ROUND(CR37*I37,2) -> 889.11 | R37: =ROUND(CS37*I37,2) -> 173.57 | S37: =ROUND(CT37*I37,2) -> 2637.18 | T37: =ROUND(CU37*I37,2) -> 0 | U37: =CV37*I37 -> 42.124995 | V37: =CW37*I37 -> 2.1954662 | W37: =ROUND(CX37*I37,2) -> 0 | X37: =ROUND(CY37,2) -> 2670.21 | Y37: =ROUND(CZ37,2) -> 1321.05 | AA37: 16781639 | AB37: =ROUND((AC37+AD37+AF37),6) -> 1030.264 | AC37: =ROUND(((ES37*0)),6) -> 0 | AD37: =ROUND(((((ET37*0.8))-((EU37*0.8)))+AE37),6) -> 259.768 | AE37: =ROUND(((EU37*0.8)),6) -> 50.712 | AF37: =ROUND(((EV37*0.8)),6) -> 770.496 | AG37: =ROUND((AP37),6) -> 0 | AH37: =((EW37*0.8)) -> 81.968 | AI37: =((EX37*0.8)) -> 4.272 | AJ37: =(AS37) -> 0 | AK37: 6623.23 | AL37: 5335.4 | AM37: 324.71 | AN37: 63.39 | AO37: 963.12 | AP37: 0 | AQ37: 102.46 | AR37: 5.34 | AS37: 0 | AT37: 95 | AU37: 47 | AV37: 1 | AW37: 1 | AZ37: 6.66 | BA37: 6.66 | BB37: 6.66 | BC37: 6.66 | BH37: 0 | BI37: 1 | BJ37: ФЕР-2001, 15-01-047-15, приказ Минстроя России №1039/пр от 30.12.2016г. | BM37: 15001 | BN37: 0 | BP37: 0 | BQ37: 2 | BR37: 0 | BS37: 6.66 | BT37: 1 | BU37: 1 | BV37: 1 | BW37: 1 | BX37: 1 | BZ37: 105 | CA37: 55 | CE37: 0 | CF37: 0 | CG37: 0 | CM37: 0 | CN37: Поправка: Табл.2, п.2 Наименование: При демонтаже (разборке) сборных деревянных конструкций | CO37: 0 | CP37: =(P37+Q37+S37) -> 3526.29 | CQ37: =AC37*BC37 -> 0 | CR37: =AD37*BB37 -> 1730.0549 | CS37: =AE37*BS37 -> 337.74192 | CT37: =AF37*BA37 -> 5131.5034 | CU37: =AG37 -> 0 | CV37: =AH37 -> 81.968 | CW37: =AI37 -> 4.272 | CX37: =AJ37 -> 0 | CY37: =(((S37+R37)*AT37)/100) -> 2670.2125 | CZ37: =(((S37+R37)*AU37)/100) -> 1321.0525 | DD37: )*0 | DE37: )*0,8 | DF37: )*0,8 | DG37: )*0,8 | DI37: )*0,8 | DJ37: )*0,8 | DN37: 0 | DO37: 0 | DP37: 1 | DQ37: 1 | DU37: 1005 | DV37: 100 м2 | DW37: 100 м2 | DX37: 100 | EE37: 16510513 | EF37: 2 | EG37: Общестроительные работы | EH37: 0 | EJ37: 1 | EK37: 15001 | EL37: Отделочные работы | EM37: ФЕР-15 | EO37: Поправка: Табл.2, п.2 | EQ37: 0 | ER37: 6623.23 | ES37: 5335.4 | ET37: 324.71 | EU37: 63.39 | EV37: 963.12 | EW37: 102.46 | EX37: 5.34 | EY37: 0 | FQ37: 0 | FR37: =ROUND(IF(AND(BH37=3,BI37=3),P37,0),2) -> 0 | FS37: 0 | FT37: *0,9 | FU37: *0,85 | FX37: 94.5 | FY37: 46.75 | GD37: 0 | GF37: 2124409249 | GG37: 1 | GH37: 1 | GI37: 4 | GJ37: 0 | GK37: =ROUND(R37*(S12)/100,2) -> 0 | GL37: =ROUND(IF(AND(BH37=3,BI37=3,FS37<>0),P37,0),2) -> 0 | GM37: =ROUND(O37+X37+Y37+GK37,2)+GX37 -> 7517.55 | GN37: =IF(OR(BI37=0,BI37=1),ROUND(O37+X37+Y37+GK37,2),0) -> 7517.55 | GO37: =IF(BI37=2,ROUND(O37+X37+Y37+GK37,2),0) -> 0 | GP37: =IF(BI37=4,ROUND(O37+X37+Y37+GK37,2)+GX37,0) -> 0 | GR37: 0 | GS37: 3 | GT37: 0 | GV37: =ROUND((GT37),6) -> 0 | GW37: 1 | GX37: =ROUND(HC37*I37,2) -> 0 | HA37: 0 | HB37: 0 | HC37: =GV37*GW37 -> 0 | IK37: 0
A38: 17 | B38: 1 | C38: =ROW(SmtRes!A61) -> 61 | D38: =ROW(EtalonRes!A63) -> 63 | E38: 6 | F38: 09-03-048-02 | G38: Демонтаж: Монтаж потолков подвесных алюминиевых панельных перфорированных (при расходе алюминия на 1 м2 потолка до 2,4 кг) | H38: 100 м2 | I38: =ROUND(192.72/100,9) -> 1.9272 | J38: 0 | O38: =ROUND(CP38,2) -> 4078.25 | P38: =ROUND(CQ38*I38,2) -> 0 | Q38: =ROUND(CR38*I38,2) -> 303.88 | R38: =ROUND(CS38*I38,2) -> 6.75 | S38: =ROUND(CT38*I38,2) -> 3774.37 | T38: =ROUND(CU38*I38,2) -> 0 | U38: =CV38*I38 -> 416.13837 | V38: =CW38*I38 -> 0.5261256 | W38: =ROUND(CX38*I38,2) -> 0 | X38: =ROUND(CY38,2) -> 3062.71 | Y38: =ROUND(CZ38,2) -> 2722.41 | AA38: 16781625 | AB38: =ROUND((AC38+AD38+AF38),6) -> 2116.156 | AC38: =ROUND(((ES38*0)),6) -> 0 | AD38: =ROUND(((((ET38*0.7))-((EU38*0.7)))+AE38),6) -> 157.682 | AE38: =ROUND(((EU38*0.7)),6) -> 3.5 | AF38: =ROUND(((EV38*0.7)),6) -> 1958.474 | AG38: =ROUND((AP38),6) -> 0 | AH38: =((EW38*0.7)) -> 215.929 | AI38: =((EX38*0.7)) -> 0.273 | AJ38: =(AS38) -> 0 | AK38: 3654.8 | AL38: 631.72 | AM38: 225.26 | AN38: 5 | AO38: 2797.82 | AP38: 0 | AQ38: 308.47 | AR38: 0.39 | AS38: 0 | AT38: 81 | AU38: 72 | AV38: 1 | AW38: 1 | AZ38: 1 | BA38: 1 | BB38: 1 | BC38: 1 | BH38: 0 | BI38: 1 | BJ38: ФЕР-2001, 09-03-048-02, приказ Минстроя России №1039/пр от 30.12.2016г. | BM38: 9001 | BN38: 0 | BP38: 0 | BQ38: 2 | BR38: 0 | BS38: 1 | BT38: 1 | BU38: 1 | BV38: 1 | BW38: 1 | BX38: 1 | BZ38: 90 | CA38: 85 | CE38: 0 | CF38: 0 | CG38: 0 | CM38: 0 | CN38: Поправка: Прил. 9.3, п.5 Наименование: Разборка (демонтаж) металлических конструкций | CO38: 0 | CP38: =(P38+Q38+S38) -> 4078.25 | CQ38: =AC38*BC38 -> 0 | CR38: =AD38*BB38 -> 157.682 | CS38: =AE38*BS38 -> 3.5 | CT38: =AF38*BA38 -> 1958.474 | CU38: =AG38 -> 0 | CV38: =AH38 -> 215.929 | CW38: =AI38 -> 0.273 | CX38: =AJ38 -> 0 | CY38: =(((S38+R38)*AT38)/100) -> 3062.7072 | CZ38: =(((S38+R38)*AU38)/100) -> 2722.4064 | DD38: )*0 | DE38: )*0,7 | DF38: )*0,7 | DG38: )*0,7 | DI38: )*0,7 | DJ38: )*0,7 | DN38: 0 | DO38: 0 | DP38: 1 | DQ38: 1 | DU38: 1005 | DV38: 100 м2 | DW38: 100 м2 | DX38: 100 | EE38: 16510486 | EF38: 2 | EG38: Общестроительные работы | EH38: 0 | EJ38: 1 | EK38: 9001 | EL38: Металлические конструкции | EM38: ФЕР-09 | EO38: Поправка: Прил. 9.3, п.5 | EQ38: 0 | ER38: 3654.8 | ES38: 631.72 | ET38: 225.26 | EU38: 5 | EV38: 2797.82 | EW38: 308.47 | EX38: 0.39 | EY38: 0 | FQ38: 0 | FR38: =ROUND(IF(AND(BH38=3,BI38=3),P38,0),2) -> 0 | FS38: 0 | FT38: *0,9 | FU38: *0,85 | FX38: 81 | FY38: 72.25 | GD38: 0 | GF38: 254739207 | GG38: 2 | GH38: 1 | GI38: -2 | GJ38: 0 | GK38: =ROUND(R38*(R12)/100,2) -> 0 | GL38: =ROUND(IF(AND(BH38=3,BI38=3,FS38<>0),P38,0),2) -> 0 | GM38: =ROUND(O38+X38+Y38+GK38,2)+GX38 -> 9863.37 | GN38: =IF(OR(BI38=0,BI38=1),ROUND(O38+X38+Y38+GK38,2),0) -> 9863.37 | GO38: =IF(BI38=2,ROUND(O38+X38+Y38+GK38,2),0) -> 0 | GP38: =IF(BI38=4,ROUND(O38+X38+Y38+GK38,2)+GX38,0) -> 0 | GR38: 0 | GS38: 3 | GT38: 0 | GV38: =ROUND((GT38),6) -> 0 | GW38: 1 | GX38: =ROUND(HC38*I38,2) -> 0 | HA38: 0 | HB38: 0 | HC38: =GV38*GW38 -> 0 | IK38: 0
A39: 17 | B39: 1 | C39: =ROW(SmtRes!A78) -> 78 | D39: =ROW(EtalonRes!A82) -> 82 | E39: 6 | F39: 09-03-048-02 | G39: Демонтаж: Монтаж потолков подвесных алюминиевых панельных перфорированных (при расходе алюминия на 1 м2 потолка до 2,4 кг) | H39: 100 м2 | I39: =ROUND(192.72/100,9) -> 1.9272 | J39: 0 | O39: =ROUND(CP39,2) -> 27161.18 | P39: =ROUND(CQ39*I39,2) -> 0 | Q39: =ROUND(CR39*I39,2) -> 2023.87 | R39: =ROUND(CS39*I39,2) -> 44.92 | S39: =ROUND(CT39*I39,2) -> 25137.31 | T39: =ROUND(CU39*I39,2) -> 0 | U39: =CV39*I39 -> 416.13837 | V39: =CW39*I39 -> 0.5261256 | W39: =ROUND(CX39*I39,2) -> 0 | X39: =ROUND(CY39,2) -> 20397.61 | Y39: =ROUND(CZ39,2) -> 18131.21 | AA39: 16781639 | AB39: =ROUND((AC39+AD39+AF39),6) -> 2116.156 | AC39: =ROUND(((ES39*0)),6) -> 0 | AD39: =ROUND(((((ET39*0.7))-((EU39*0.7)))+AE39),6) -> 157.682 | AE39: =ROUND(((EU39*0.7)),6) -> 3.5 | AF39: =ROUND(((EV39*0.7)),6) -> 1958.474 | AG39: =ROUND((AP39),6) -> 0 | AH39: =((EW39*0.7)) -> 215.929 | AI39: =((EX39*0.7)) -> 0.273 | AJ39: =(AS39) -> 0 | AK39: 3654.8 | AL39: 631.72 | AM39: 225.26 | AN39: 5 | AO39: 2797.82 | AP39: 0 | AQ39: 308.47 | AR39: 0.39 | AS39: 0 | AT39: 81 | AU39: 72 | AV39: 1 | AW39: 1 | AZ39: 6.66 | BA39: 6.66 | BB39: 6.66 | BC39: 6.66 | BH39: 0 | BI39: 1 | BJ39: ФЕР-2001, 09-03-048-02, приказ Минстроя России №1039/пр от 30.12.2016г. | BM39: 9001 | BN39: 0 | BP39: 0 | BQ39: 2 | BR39: 0 | BS39: 6.66 | BT39: 1 | BU39: 1 | BV39: 1 | BW39: 1 | BX39: 1 | BZ39: 90 | CA39: 85 | CE39: 0 | CF39: 0 | CG39: 0 | CM39: 0 | CN39: Поправка: Прил. 9.3, п.5 Наименование: Разборка (демонтаж) металлических конструкций | CO39: 0 | CP39: =(P39+Q39+S39) -> 27161.18 | CQ39: =AC39*BC39 -> 0 | CR39: =AD39*BB39 -> 1050.1621 | CS39: =AE39*BS39 -> 23.31 | CT39: =AF39*BA39 -> 13043.437 | CU39: =AG39 -> 0 | CV39: =AH39 -> 215.929 | CW39: =AI39 -> 0.273 | CX39: =AJ39 -> 0 | CY39: =(((S39+R39)*AT39)/100) -> 20397.606 | CZ39: =(((S39+R39)*AU39)/100) -> 18131.206 | DD39: )*0 | DE39: )*0,7 | DF39: )*0,7 | DG39: )*0,7 | DI39: )*0,7 | DJ39: )*0,7 | DN39: 0 | DO39: 0 | DP39: 1 | DQ39: 1 | DU39: 1005 | DV39: 100 м2 | DW39: 100 м2 | DX39: 100 | EE39: 16510486 | EF39: 2 | EG39: Общестроительные работы | EH39: 0 | EJ39: 1 | EK39: 9001 | EL39: Металлические конструкции | EM39: ФЕР-09 | EO39: Поправка: Прил. 9.3, п.5 | EQ39: 0 | ER39: 3654.8 | ES39: 631.72 | ET39: 225.26 | EU39: 5 | EV39: 2797.82 | EW39: 308.47 | EX39: 0.39 | EY39: 0 | FQ39: 0 | FR39: =ROUND(IF(AND(BH39=3,BI39=3),P39,0),2) -> 0 | FS39: 0 | FT39: *0,9 | FU39: *0,85 | FX39: 81 | FY39: 72.25 | GD39: 0 | GF39: 254739207 | GG39: 1 | GH39: 1 | GI39: 4 | GJ39: 0 | GK39: =ROUND(R39*(S12)/100,2) -> 0 | GL39: =ROUND(IF(AND(BH39=3,BI39=3,FS39<>0),P39,0),2) -> 0 | GM39: =ROUND(O39+X39+Y39+GK39,2)+GX39 -> 65690 | GN39: =IF(OR(BI39=0,BI39=1),ROUND(O39+X39+Y39+GK39,2),0) -> 65690 | GO39: =IF(BI39=2,ROUND(O39+X39+Y39+GK39,2),0) -> 0 | GP39: =IF(BI39=4,ROUND(O39+X39+Y39+GK39,2)+GX39,0) -> 0 | GR39: 0 | GS39: 3 | GT39: 0 | GV39: =ROUND((GT39),6) -> 0 | GW39: 1 | GX39: =ROUND(HC39*I39,2) -> 0 | HA39: 0 | HB39: 0 | HC39: =GV39*GW39 -> 0 | IK39: 0
A40: 17 | B40: 1 | C40: =ROW(SmtRes!A96) -> 96 | D40: =ROW(EtalonRes!A101) -> 101 | E40: 7 | F40: 10-04-010-04 | G40: Демонтаж: Устройство перегородок в жилых зданиях на однорядном металлическом каркасе с двухсторонней обшивкой гипсокартонными листами или гипсоволокнистыми плитами в два слоя с изоляцией | H40: 100 м2 | I40: =ROUND(38.5/100,9) -> 0.385 | J40: 0 | O40: =ROUND(CP40,2) -> 1017.28 | P40: =ROUND(CQ40*I40,2) -> 0 | Q40: =ROUND(CR40*I40,2) -> 67.24 | R40: =ROUND(CS40*I40,2) -> 9.86 | S40: =ROUND(CT40*I40,2) -> 950.04 | T40: =ROUND(CU40*I40,2) -> 0 | U40: =CV40*I40 -> 104.74464 | V40: =CW40*I40 -> 0.79772 | W40: =ROUND(CX40*I40,2) -> 0 | X40: =ROUND(CY40,2) -> 1017.49 | Y40: =ROUND(CZ40,2) -> 518.35 | AA40: 16781625 | AB40: =ROUND((AC40+AD40+AF40),6) -> 2642.28 | AC40: =ROUND(((ES40*0)),6) -> 0 | AD40: =ROUND(((((ET40*0.8))-((EU40*0.8)))+AE40),6) -> 174.656 | AE40: =ROUND(((EU40*0.8)),6) -> 25.616 | AF40: =ROUND(((EV40*0.8)),6) -> 2467.624 | AG40: =ROUND((AP40),6) -> 0 | AH40: =((EW40*0.8)) -> 272.064 | AI40: =((EX40*0.8)) -> 2.072 | AJ40: =(AS40) -> 0 | AK40: 10807.78 | AL40: 7504.93 | AM40: 218.32 | AN40: 32.02 | AO40: 3084.53 | AP40: 0 | AQ40: 340.08 | AR40: 2.59 | AS40: 0 | AT40: 106 | AU40: 54 | AV40: 1 | AW40: 1 | AZ40: 1 | BA40: 1 | BB40: 1 | BC40: 1 | BH40: 0 | BI40: 1 | BJ40: ФЕР-2001, 10-04-010-04, приказ Минстроя России №1039/пр от 30.12.2016г. | BM40: 10001 | BN40: 0 | BP40: 0 | BQ40: 2 | BR40: 0 | BS40: 1 | BT40: 1 | BU40: 1 | BV40: 1 | BW40: 1 | BX40: 1 | BZ40: 118 | CA40: 63 | CE40: 0 | CF40: 0 | CG40: 0 | CM40: 0 | CN40: Поправка: Табл.2, п.2 Наименование: При демонтаже (разборке) сборных деревянных конструкций | CO40: 0 | CP40: =(P40+Q40+S40) -> 1017.28 | CQ40: =AC40*BC40 -> 0 | CR40: =AD40*BB40 -> 174.656 | CS40: =AE40*BS40 -> 25.616 | CT40: =AF40*BA40 -> 2467.624 | CU40: =AG40 -> 0 | CV40: =AH40 -> 272.064 | CW40: =AI40 -> 2.072 | CX40: =AJ40 -> 0 | CY40: =(((S40+R40)*AT40)/100) -> 1017.494 | CZ40: =(((S40+R40)*AU40)/100) -> 518.346 | DD40: )*0 | DE40: )*0,8 | DF40: )*0,8 | DG40: )*0,8 | DI40: )*0,8 | DJ40: )*0,8 | DN40: 0 | DO40: 0 | DP40: 1 | DQ40: 1 | DU40: 1005 | DV40: 100 м2 | DW40: 100 м2 | DX40: 100 | EE40: 16510487 | EF40: 2 | EG40: Общестроительные работы | EH40: 0 | EJ40: 1 | EK40: 10001 | EL40: Деревянные конструкции | EM40: ФЕР-10 | EO40: Поправка: Табл.2, п.2 | EQ40: 0 | ER40: 10807.78 | ES40: 7504.93 | ET40: 218.32 | EU40: 32.02 | EV40: 3084.53 | EW40: 340.08 | EX40: 2.59 | EY40: 0 | FQ40: 0 | FR40: =ROUND(IF(AND(BH40=3,BI40=3),P40,0),2) -> 0 | FS40: 0 | FT40: *0,9 | FU40: *0,85 | FX40: 106.2 | FY40: 53.55 | GD40: 0 | GF40: 1651547278 | GG40: 2 | GH40: 1 | GI40: -2 | GJ40: 0 | GK40: =ROUND(R40*(R12)/100,2) -> 0 | GL40: =ROUND(IF(AND(BH40=3,BI40=3,FS40<>0),P40,0),2) -> 0 | GM40: =ROUND(O40+X40+Y40+GK40,2)+GX40 -> 2553.12 | GN40: =IF(OR(BI40=0,BI40=1),ROUND(O40+X40+Y40+GK40,2),0) -> 2553.12 | GO40: =IF(BI40=2,ROUND(O40+X40+Y40+GK40,2),0) -> 0 | GP40: =IF(BI40=4,ROUND(O40+X40+Y40+GK40,2)+GX40,0) -> 0 | GR40: 0 | GS40: 3 | GT40: 0 | GV40: =ROUND((GT40),6) -> 0 | GW40: 1 | GX40: =ROUND(HC40*I40,2) -> 0 | HA40: 0 | HB40: 0 | HC40: =GV40*GW40 -> 0 | IK40: 0
A41: 17 | B41: 1 | C41: =ROW(SmtRes!A114) -> 114 | D41: =ROW(EtalonRes!A120) -> 120 | E41: 7 | F41: 10-04-010-04 | G41: Демонтаж: Устройство перегородок в жилых зданиях на однорядном металлическом каркасе с двухсторонней обшивкой гипсокартонными листами или гипсоволокнистыми плитами в два слоя с изоляцией | H41: 100 м2 | I41: =ROUND(38.5/100,9) -> 0.385 | J41: 0 | O41: =ROUND(CP41,2) -> 6775.07 | P41: =ROUND(CQ41*I41,2) -> 0 | Q41: =ROUND(CR41*I41,2) -> 447.84 | R41: =ROUND(CS41*I41,2) -> 65.68 | S41: =ROUND(CT41*I41,2) -> 6327.23 | T41: =ROUND(CU41*I41,2) -> 0 | U41: =CV41*I41 -> 104.74464 | V41: =CW41*I41 -> 0.79772 | W41: =ROUND(CX41*I41,2) -> 0 | X41: =ROUND(CY41,2) -> 6776.48 | Y41: =ROUND(CZ41,2) -> 3452.17 | AA41: 16781639 | AB41: =ROUND((AC41+AD41+AF41),6) -> 2642.28 | AC41: =ROUND(((ES41*0)),6) -> 0 | AD41: =ROUND(((((ET41*0.8))-((EU41*0.8)))+AE41),6) -> 174.656 | AE41: =ROUND(((EU41*0.8)),6) -> 25.616 | AF41: =ROUND(((EV41*0.8)),6) -> 2467.624 | AG41: =ROUND((AP41),6) -> 0 | AH41: =((EW41*0.8)) -> 272.064 | AI41: =((EX41*0.8)) -> 2.072 | AJ41: =(AS41) -> 0 | AK41: 10807.78 | AL41: 7504.93 | AM41: 218.32 | AN41: 32.02 | AO41: 3084.53 | AP41: 0 | AQ41: 340.08 | AR41: 2.59 | AS41: 0 | AT41: 106 | AU41: 54 | AV41: 1 | AW41: 1 | AZ41: 6.66 | BA41: 6.66 | BB41: 6.66 | BC41: 6.66 | BH41: 0 | BI41: 1 | BJ41: ФЕР-2001, 10-04-010-04, приказ Минстроя России №1039/пр от 30.12.2016г. | BM41: 10001 | BN41: 0 | BP41: 0 | BQ41: 2 | BR41: 0 | BS41: 6.66 | BT41: 1 | BU41: 1 | BV41: 1 | BW41: 1 | BX41: 1 | BZ41: 118 | CA41: 63 | CE41: 0 | CF41: 0 | CG41: 0 | CM41: 0 | CN41: Поправка: Табл.2, п.2 Наименование: При демонтаже (разборке) сборных деревянных конструкций | CO41: 0 | CP41: =(P41+Q41+S41) -> 6775.07 | CQ41: =AC41*BC41 -> 0 | CR41: =AD41*BB41 -> 1163.209 | CS41: =AE41*BS41 -> 170.60256 | CT41: =AF41*BA41 -> 16434.376 | CU41: =AG41 -> 0 | CV41: =AH41 -> 272.064 | CW41: =AI41 -> 2.072 | CX41: =AJ41 -> 0 | CY41: =(((S41+R41)*AT41)/100) -> 6776.4846 | CZ41: =(((S41+R41)*AU41)/100) -> 3452.1714 | DD41: )*0 | DE41: )*0,8 | DF41: )*0,8 | DG41: )*0,8 | DI41: )*0,8 | DJ41: )*0,8 | DN41: 0 | DO41: 0 | DP41: 1 | DQ41: 1 | DU41: 1005 | DV41: 100 м2 | DW41: 100 м2 | DX41: 100 | EE41: 16510487 | EF41: 2 | EG41: Общестроительные работы | EH41: 0 | EJ41: 1 | EK41: 10001 | EL41: Деревянные конструкции | EM41: ФЕР-10 | EO41: Поправка: Табл.2, п.2 | EQ41: 0 | ER41: 10807.78 | ES41: 7504.93 | ET41: 218.32 | EU41: 32.02 | EV41: 3084.53 | EW41: 340.08 | EX41: 2.59 | EY41: 0 | FQ41: 0 | FR41: =ROUND(IF(AND(BH41=3,BI41=3),P41,0),2) -> 0 | FS41: 0 | FT41: *0,9 | FU41: *0,85 | FX41: 106.2 | FY41: 53.55 | GD41: 0 | GF41: 1651547278 | GG41: 1 | GH41: 1 | GI41: 4 | GJ41: 0 | GK41: =ROUND(R41*(S12)/100,2) -> 0 | GL41: =ROUND(IF(AND(BH41=3,BI41=3,FS41<>0),P41,0),2) -> 0 | GM41: =ROUND(O41+X41+Y41+GK41,2)+GX41 -> 17003.72 | GN41: =IF(OR(BI41=0,BI41=1),ROUND(O41+X41+Y41+GK41,2),0) -> 17003.72 | GO41: =IF(BI41=2,ROUND(O41+X41+Y41+GK41,2),0) -> 0 | GP41: =IF(BI41=4,ROUND(O41+X41+Y41+GK41,2)+GX41,0) -> 0 | GR41: 0 | GS41: 3 | GT41: 0 | GV41: =ROUND((GT41),6) -> 0 | GW41: 1 | GX41: =ROUND(HC41*I41,2) -> 0 | HA41: 0 | HB41: 0 | HC41: =GV41*GW41 -> 0 | IK41: 0
A42: 17 | B42: 1 | C42: =ROW(SmtRes!A122) -> 122 | D42: =ROW(EtalonRes!A129) -> 129 | E42: 8 | F42: 15-01-049-01 прим. | G42: Демонтаж:Облицовка стен по готовому каркасу щитами-картинами из древесностружечных плит покрытых эмалями (экраны на дадиаторы) | H42: 100 м2 | I42: =ROUND(17.84/100,9) -> 0.1784 | J42: 0 | O42: =ROUND(CP42,2) -> 79.33 | P42: =ROUND(CQ42*I42,2) -> 0 | Q42: =ROUND(CR42*I42,2) -> 12.24 | R42: =ROUND(CS42*I42,2) -> 2.41 | S42: =ROUND(CT42*I42,2) -> 67.09 | T42: =ROUND(CU42*I42,2) -> 0 | U42: =CV42*I42 -> 7.221632 | V42: =CW42*I42 -> 0.2026624 | W42: =ROUND(CX42*I42,2) -> 0 | X42: =ROUND(CY42,2) -> 66.03 | Y42: =ROUND(CZ42,2) -> 32.67 | AA42: 16781625 | AB42: =ROUND((AC42+AD42+AF42),6) -> 444.64 | AC42: =ROUND(((ES42*0)),6) -> 0 | AD42: =ROUND(((((ET42*0.8))-((EU42*0.8)))+AE42),6) -> 68.584 | AE42: =ROUND(((EU42*0.8)),6) -> 13.512 | AF42: =ROUND(((EV42*0.8)),6) -> 376.056 | AG42: =ROUND((AP42),6) -> 0 | AH42: =((EW42*0.8)) -> 40.48 | AI42: =((EX42*0.8)) -> 1.136 | AJ42: =(AS42) -> 0 | AK42: 783.58 | AL42: 227.78 | AM42: 85.73 | AN42: 16.89 | AO42: 470.07 | AP42: 0 | AQ42: 50.6 | AR42: 1.42 | AS42: 0 | AT42: 95 | AU42: 47 | AV42: 1 | AW42: 1 | AZ42: 1 | BA42: 1 | BB42: 1 | BC42: 1 | BH42: 0 | BI42: 1 | BJ42: ФЕР-2001, 15-01-049-01, приказ Минстроя России №1039/пр от 30.12.2016г. | BM42: 15001 | BN42: 0 | BP42: 0 | BQ42: 2 | BR42: 0 | BS42: 1 | BT42: 1 | BU42: 1 | BV42: 1 | BW42: 1 | BX42: 1 | BZ42: 105 | CA42: 55 | CE42: 0 | CF42: 0 | CG42: 0 | CM42: 0 | CN42: Поправка: Табл.2, п.2 Наименование: При демонтаже (разборке) сборных деревянных конструкций | CO42: 0 | CP42: =(P42+Q42+S42) -> 79.33 | CQ42: =AC42*BC42 -> 0 | CR42: =AD42*BB42 -> 68.584 | CS42: =AE42*BS42 -> 13.512 | CT42: =AF42*BA42 -> 376.056 | CU42: =AG42 -> 0 | CV42: =AH42 -> 40.48 | CW42: =AI42 -> 1.136 | CX42: =AJ42 -> 0 | CY42: =(((S42+R42)*AT42)/100) -> 66.025 | CZ42: =(((S42+R42)*AU42)/100) -> 32.665 | DD42: )*0 | DE42: )*0,8 | DF42: )*0,8 | DG42: )*0,8 | DI42: )*0,8 | DJ42: )*0,8 | DN42: 0 | DO42: 0 | DP42: 1 | DQ42: 1 | DU42: 1005 | DV42: 100 м2 | DW42: 100 м2 | DX42: 100 | EE42: 16510513 | EF42: 2 | EG42: Общестроительные работы | EH42: 0 | EJ42: 1 | EK42: 15001 | EL42: Отделочные работы | EM42: ФЕР-15 | EO42: Поправка: Табл.2, п.2 | EQ42: 0 | ER42: 783.58 | ES42: 227.78 | ET42: 85.73 | EU42: 16.89 | EV42: 470.07 | EW42: 50.6 | EX42: 1.42 | EY42: 0 | FQ42: 0 | FR42: =ROUND(IF(AND(BH42=3,BI42=3),P42,0),2) -> 0 | FS42: 0 | FT42: *0,9 | FU42: *0,85 | FX42: 94.5 | FY42: 46.75 | GD42: 0 | GF42: 505599027 | GG42: 2 | GH42: 1 | GI42: -2 | GJ42: 0 | GK42: =ROUND(R42*(R12)/100,2) -> 0 | GL42: =ROUND(IF(AND(BH42=3,BI42=3,FS42<>0),P42,0),2) -> 0 | GM42: =ROUND(O42+X42+Y42+GK42,2)+GX42 -> 178.03 | GN42: =IF(OR(BI42=0,BI42=1),ROUND(O42+X42+Y42+GK42,2),0) -> 178.03 | GO42: =IF(BI42=2,ROUND(O42+X42+Y42+GK42,2),0) -> 0 | GP42: =IF(BI42=4,ROUND(O42+X42+Y42+GK42,2)+GX42,0) -> 0 | GR42: 0 | GS42: 3 | GT42: 0 | GV42: =ROUND((GT42),6) -> 0 | GW42: 1 | GX42: =ROUND(HC42*I42,2) -> 0 | HA42: 0 | HB42: 0 | HC42: =GV42*GW42 -> 0 | IK42: 0
A43: 17 | B43: 1 | C43: =ROW(SmtRes!A130) -> 130 | D43: =ROW(EtalonRes!A138) -> 138 | E43: 8 | F43: 15-01-049-01 прим. | G43: Демонтаж:Облицовка стен по готовому каркасу щитами-картинами из древесностружечных плит покрытых эмалями (экраны на дадиаторы) | H43: 100 м2 | I43: =ROUND(17.84/100,9) -> 0.1784 | J43: 0 | O43: =ROUND(CP43,2) -> 528.3 | P43: =ROUND(CQ43*I43,2) -> 0 | Q43: =ROUND(CR43*I43,2) -> 81.49 | R43: =ROUND(CS43*I43,2) -> 16.05 | S43: =ROUND(CT43*I43,2) -> 446.81 | T43: =ROUND(CU43*I43,2) -> 0 | U43: =CV43*I43 -> 7.221632 | V43: =CW43*I43 -> 0.2026624 | W43: =ROUND(CX43*I43,2) -> 0 | X43: =ROUND(CY43,2) -> 439.72 | Y43: =ROUND(CZ43,2) -> 217.54 | AA43: 16781639 | AB43: =ROUND((AC43+AD43+AF43),6) -> 444.64 | AC43: =ROUND(((ES43*0)),6) -> 0 | AD43: =ROUND(((((ET43*0.8))-((EU43*0.8)))+AE43),6) -> 68.584 | AE43: =ROUND(((EU43*0.8)),6) -> 13.512 | AF43: =ROUND(((EV43*0.8)),6) -> 376.056 | AG43: =ROUND((AP43),6) -> 0 | AH43: =((EW43*0.8)) -> 40.48 | AI43: =((EX43*0.8)) -> 1.136 | AJ43: =(AS43) -> 0 | AK43: 783.58 | AL43: 227.78 | AM43: 85.73 | AN43: 16.89 | AO43: 470.07 | AP43: 0 | AQ43: 50.6 | AR43: 1.42 | AS43: 0 | AT43: 95 | AU43: 47 | AV43: 1 | AW43: 1 | AZ43: 6.66 | BA43: 6.66 | BB43: 6.66 | BC43: 6.66 | BH43: 0 | BI43: 1 | BJ43: ФЕР-2001, 15-01-049-01, приказ Минстроя России №1039/пр от 30.12.2016г. | BM43: 15001 | BN43: 0 | BP43: 0 | BQ43: 2 | BR43: 0 | BS43: 6.66 | BT43: 1 | BU43: 1 | BV43: 1 | BW43: 1 | BX43: 1 | BZ43: 105 | CA43: 55 | CE43: 0 | CF43: 0 | CG43: 0 | CM43: 0 | CN43: Поправка: Табл.2, п.2 Наименование: При демонтаже (разборке) сборных деревянных конструкций | CO43: 0 | CP43: =(P43+Q43+S43) -> 528.3 | CQ43: =AC43*BC43 -> 0 | CR43: =AD43*BB43 -> 456.76944 | CS43: =AE43*BS43 -> 89.98992 | CT43: =AF43*BA43 -> 2504.533 | CU43: =AG43 -> 0 | CV43: =AH43 -> 40.48 | CW43: =AI43 -> 1.136 | CX43: =AJ43 -> 0 | CY43: =(((S43+R43)*AT43)/100) -> 439.717 | CZ43: =(((S43+R43)*AU43)/100) -> 217.5442 | DD43: )*0 | DE43: )*0,8 | DF43: )*0,8 | DG43: )*0,8 | DI43: )*0,8 | DJ43: )*0,8 | DN43: 0 | DO43: 0 | DP43: 1 | DQ43: 1 | DU43: 1005 | DV43: 100 м2 | DW43: 100 м2 | DX43: 100 | EE43: 16510513 | EF43: 2 | EG43: Общестроительные работы | EH43: 0 | EJ43: 1 | EK43: 15001 | EL43: Отделочные работы | EM43: ФЕР-15 | EO43: Поправка: Табл.2, п.2 | EQ43: 0 | ER43: 783.58 | ES43: 227.78 | ET43: 85.73 | EU43: 16.89 | EV43: 470.07 | EW43: 50.6 | EX43: 1.42 | EY43: 0 | FQ43: 0 | FR43: =ROUND(IF(AND(BH43=3,BI43=3),P43,0),2) -> 0 | FS43: 0 | FT43: *0,9 | FU43: *0,85 | FX43: 94.5 | FY43: 46.75 | GD43: 0 | GF43: 505599027 | GG43: 1 | GH43: 1 | GI43: 4 | GJ43: 0 | GK43: =ROUND(R43*(S12)/100,2) -> 0 | GL43: =ROUND(IF(AND(BH43=3,BI43=3,FS43<>0),P43,0),2) -> 0 | GM43: =ROUND(O43+X43+Y43+GK43,2)+GX43 -> 1185.56 | GN43: =IF(OR(BI43=0,BI43=1),ROUND(O43+X43+Y43+GK43,2),0) -> 1185.56 | GO43: =IF(BI43=2,ROUND(O43+X43+Y43+GK43,2),0) -> 0 | GP43: =IF(BI43=4,ROUND(O43+X43+Y43+GK43,2)+GX43,0) -> 0 | GR43: 0 | GS43: 3 | GT43: 0 | GV43: =ROUND((GT43),6) -> 0 | GW43: 1 | GX43: =ROUND(HC43*I43,2) -> 0 | HA43: 0 | HB43: 0 | HC43: =GV43*GW43 -> 0 | IK43: 0
A44: 17 | B44: 1 | C44: =ROW(SmtRes!A133) -> 133 | D44: =ROW(EtalonRes!A141) -> 141 | E44: 9 | F44: 63-10-1 прим. | G44: Разборка облицовки из гипсокартонных листов стен и перегородок (плиты АГШТ) | H44: 100 м2 | I44: =ROUND(152.7/100,9) -> 1.527 | J44: 0 | O44: =ROUND(CP44,2) -> 105.99 | P44: =ROUND(CQ44*I44,2) -> 0 | Q44: =ROUND(CR44*I44,2) -> 9.54 | R44: =ROUND(CS44*I44,2) -> 4.12 | S44: =ROUND(CT44*I44,2) -> 96.45 | T44: =ROUND(CU44*I44,2) -> 0 | U44: =CV44*I44 -> 11.16237 | V44: =CW44*I44 -> 0.3054 | W44: =ROUND(CX44*I44,2) -> 0 | X44: =ROUND(CY44,2) -> 77.44 | Y44: =ROUND(CZ44,2) -> 50.29 | AA44: 16781625 | AB44: =ROUND((AC44+AD44+AF44),6) -> 69.41 | AC44: =ROUND((ES44),6) -> 0 | AD44: =ROUND((((ET44)-(EU44))+AE44),6) -> 6.25 | AE44: =ROUND((EU44),6) -> 2.7 | AF44: =ROUND((EV44),6) -> 63.16 | AG44: =ROUND((AP44),6) -> 0 | AH44: =(EW44) -> 7.31 | AI44: =(EX44) -> 0.2 | AJ44: =(AS44) -> 0 | AK44: 69.41 | AL44: 0 | AM44: 6.25 | AN44: 2.7 | AO44: 63.16 | AP44: 0 | AQ44: 7.31 | AR44: 0.2 | AS44: 0 | AT44: 77 | AU44: 50 | AV44: 1 | AW44: 1 | AZ44: 1 | BA44: 1 | BB44: 1 | BC44: 1 | BH44: 0 | BI44: 1 | BJ44: ФЕРр-2001, 63-10-1, приказ Минстроя России №1039/пр от 30.12.2016г. | BM44: 63001 | BN44: 0 | BP44: 0 | BQ44: 6 | BR44: 0 | BS44: 1 | BT44: 1 | BU44: 1 | BV44: 1 | BW44: 1 | BX44: 1 | BZ44: 77 | CA44: 50 | CE44: 0 | CF44: 0 | CG44: 0 | CM44: 0 | CO44: 0 | CP44: =(P44+Q44+S44) -> 105.99 | CQ44: =AC44*BC44 -> 0 | CR44: =AD44*BB44 -> 6.25 | CS44: =AE44*BS44 -> 2.7 | CT44: =AF44*BA44 -> 63.16 | CU44: =AG44 -> 0 | CV44: =AH44 -> 7.31 | CW44: =AI44 -> 0.2 | CX44: =AJ44 -> 0 | CY44: =(((S44+R44)*AT44)/100) -> 77.4389 | CZ44: =(((S44+R44)*AU44)/100) -> 50.285 | DN44: 0 | DO44: 0 | DP44: 1 | DQ44: 1 | DU44: 1005 | DV44: 100 м2 | DW44: 100 м2 | DX44: 100 | EE44: 16510572 | EF44: 6 | EG44: Ремонтно-строительные работы | EH44: 0 | EJ44: 1 | EK44: 63001 | EL44: Стекольные, обойные, облицовочные работы | EM44: рФЕР-63 | EQ44: 0 | ER44: 69.41 | ES44: 0 | ET44: 6.25 | EU44: 2.7 | EV44: 63.16 | EW44: 7.31 | EX44: 0.2 | EY44: 0 | FQ44: 0 | FR44: =ROUND(IF(AND(BH44=3,BI44=3),P44,0),2) -> 0 | FS44: 0 | FX44: 77 | FY44: 50 | GD44: 0 | GF44: -144878125 | GG44: 2 | GH44: 1 | GI44: -2 | GJ44: 0 | GK44: =ROUND(R44*(R12)/100,2) -> 0 | GL44: =ROUND(IF(AND(BH44=3,BI44=3,FS44<>0),P44,0),2) -> 0 | GM44: =ROUND(O44+X44+Y44+GK44,2)+GX44 -> 233.72 | GN44: =IF(OR(BI44=0,BI44=1),ROUND(O44+X44+Y44+GK44,2),0) -> 233.72 | GO44: =IF(BI44=2,ROUND(O44+X44+Y44+GK44,2),0) -> 0 | GP44: =IF(BI44=4,ROUND(O44+X44+Y44+GK44,2)+GX44,0) -> 0 | GR44: 0 | GS44: 3 | GT44: 0 | GV44: =ROUND((GT44),6) -> 0 | GW44: 1 | GX44: =ROUND(HC44*I44,2) -> 0 | HA44: 0 | HB44: 0 | HC44: =GV44*GW44 -> 0 | IK44: 0
A45: 17 | B45: 1 | C45: =ROW(SmtRes!A136) -> 136 | D45: =ROW(EtalonRes!A144) -> 144 | E45: 9 | F45: 63-10-1 прим. | G45: Разборка облицовки из гипсокартонных листов стен и перегородок (плиты АГШТ) | H45: 100 м2 | I45: =ROUND(152.7/100,9) -> 1.527 | J45: 0 | O45: =ROUND(CP45,2) -> 705.89 | P45: =ROUND(CQ45*I45,2) -> 0 | Q45: =ROUND(CR45*I45,2) -> 63.56 | R45: =ROUND(CS45*I45,2) -> 27.46 | S45: =ROUND(CT45*I45,2) -> 642.33 | T45: =ROUND(CU45*I45,2) -> 0 | U45: =CV45*I45 -> 11.16237 | V45: =CW45*I45 -> 0.3054 | W45: =ROUND(CX45*I45,2) -> 0 | X45: =ROUND(CY45,2) -> 515.74 | Y45: =ROUND(CZ45,2) -> 334.9 | AA45: 16781639 | AB45: =ROUND((AC45+AD45+AF45),6) -> 69.41 | AC45: =ROUND((ES45),6) -> 0 | AD45: =ROUND((((ET45)-(EU45))+AE45),6) -> 6.25 | AE45: =ROUND((EU45),6) -> 2.7 | AF45: =ROUND((EV45),6) -> 63.16 | AG45: =ROUND((AP45),6) -> 0 | AH45: =(EW45) -> 7.31 | AI45: =(EX45) -> 0.2 | AJ45: =(AS45) -> 0 | AK45: 69.41 | AL45: 0 | AM45: 6.25 | AN45: 2.7 | AO45: 63.16 | AP45: 0 | AQ45: 7.31 | AR45: 0.2 | AS45: 0 | AT45: 77 | AU45: 50 | AV45: 1 | AW45: 1 | AZ45: 6.66 | BA45: 6.66 | BB45: 6.66 | BC45: 6.66 | BH45: 0 | BI45: 1 | BJ45: ФЕРр-2001, 63-10-1, приказ Минстроя России №1039/пр от 30.12.2016г. | BM45: 63001 | BN45: 0 | BP45: 0 | BQ45: 6 | BR45: 0 | BS45: 6.66 | BT45: 1 | BU45: 1 | BV45: 1 | BW45: 1 | BX45: 1 | BZ45: 77 | CA45: 50 | CE45: 0 | CF45: 0 | CG45: 0 | CM45: 0 | CO45: 0 | CP45: =(P45+Q45+S45) -> 705.89 | CQ45: =AC45*BC45 -> 0 | CR45: =AD45*BB45 -> 41.625 | CS45: =AE45*BS45 -> 17.982 | CT45: =AF45*BA45 -> 420.6456 | CU45: =AG45 -> 0 | CV45: =AH45 -> 7.31 | CW45: =AI45 -> 0.2 | CX45: =AJ45 -> 0 | CY45: =(((S45+R45)*AT45)/100) -> 515.7383 | CZ45: =(((S45+R45)*AU45)/100) -> 334.895 | DN45: 0 | DO45: 0 | DP45: 1 | DQ45: 1 | DU45: 1005 | DV45: 100 м2 | DW45: 100 м2 | DX45: 100 | EE45: 16510572 | EF45: 6 | EG45: Ремонтно-строительные работы | EH45: 0 | EJ45: 1 | EK45: 63001 | EL45: Стекольные, обойные, облицовочные работы | EM45: рФЕР-63 | EQ45: 0 | ER45: 69.41 | ES45: 0 | ET45: 6.25 | EU45: 2.7 | EV45: 63.16 | EW45: 7.31 | EX45: 0.2 | EY45: 0 | FQ45: 0 | FR45: =ROUND(IF(AND(BH45=3,BI45=3),P45,0),2) -> 0 | FS45: 0 | FX45: 77 | FY45: 50 | GD45: 0 | GF45: -144878125 | GG45: 1 | GH45: 1 | GI45: 4 | GJ45: 0 | GK45: =ROUND(R45*(S12)/100,2) -> 0 | GL45: =ROUND(IF(AND(BH45=3,BI45=3,FS45<>0),P45,0),2) -> 0 | GM45: =ROUND(O45+X45+Y45+GK45,2)+GX45 -> 1556.53 | GN45: =IF(OR(BI45=0,BI45=1),ROUND(O45+X45+Y45+GK45,2),0) -> 1556.53 | GO45: =IF(BI45=2,ROUND(O45+X45+Y45+GK45,2),0) -> 0 | GP45: =IF(BI45=4,ROUND(O45+X45+Y45+GK45,2)+GX45,0) -> 0 | GR45: 0 | GS45: 3 | GT45: 0 | GV45: =ROUND((GT45),6) -> 0 | GW45: 1 | GX45: =ROUND(HC45*I45,2) -> 0 | HA45: 0 | HB45: 0 | HC45: =GV45*GW45 -> 0 | IK45: 0
A46: 17 | B46: 1 | C46: =ROW(SmtRes!A139) -> 139 | D46: =ROW(EtalonRes!A148) -> 148 | E46: 10 | F46: 57-2-1 | G46: Разборка покрытий полов из линолеума и релина | H46: 100 м2 | I46: =ROUND(51.392/100,9) -> 0.51392 | J46: 0 | O46: =ROUND(CP46,2) -> 47.75 | P46: =ROUND(CQ46*I46,2) -> 0 | Q46: =ROUND(CR46*I46,2) -> 2.09 | R46: =ROUND(CS46*I46,2) -> 0.9 | S46: =ROUND(CT46*I46,2) -> 45.66 | T46: =ROUND(CU46*I46,2) -> 0 | U46: =CV46*I46 -> 5.8535488 | V46: =CW46*I46 -> 0.0668096 | W46: =ROUND(CX46*I46,2) -> 0 | X46: =ROUND(CY46,2) -> 37.25 | Y46: =ROUND(CZ46,2) -> 31.66 | AA46: 16781625 | AB46: =ROUND((AC46+AD46+AF46),6) -> 92.9 | AC46: =ROUND((ES46),6) -> 0 | AD46: =ROUND((((ET46)-(EU46))+AE46),6) -> 4.06 | AE46: =ROUND((EU46),6) -> 1.76 | AF46: =ROUND((EV46),6) -> 88.84 | AG46: =ROUND((AP46),6) -> 0 | AH46: =(EW46) -> 11.39 | AI46: =(EX46) -> 0.13 | AJ46: =(AS46) -> 0 | AK46: 92.9 | AL46: 0 | AM46: 4.06 | AN46: 1.76 | AO46: 88.84 | AP46: 0 | AQ46: 11.39 | AR46: 0.13 | AS46: 0 | AT46: 80 | AU46: 68 | AV46: 1 | AW46: 1 | AZ46: 1 | BA46: 1 | BB46: 1 | BC46: 1 | BH46: 0 | BI46: 1 | BJ46: ФЕРр-2001, 57-2-1, приказ Минстроя России №1039/пр от 30.12.2016г. | BM46: 57001 | BN46: 0 | BP46: 0 | BQ46: 6 | BR46: 0 | BS46: 1 | BT46: 1 | BU46: 1 | BV46: 1 | BW46: 1 | BX46: 1 | BZ46: 80 | CA46: 68 | CE46: 0 | CF46: 0 | CG46: 0 | CM46: 0 | CO46: 0 | CP46: =(P46+Q46+S46) -> 47.75 | CQ46: =AC46*BC46 -> 0 | CR46: =AD46*BB46 -> 4.06 | CS46: =AE46*BS46 -> 1.76 | CT46: =AF46*BA46 -> 88.84 | CU46: =AG46 -> 0 | CV46: =AH46 -> 11.39 | CW46: =AI46 -> 0.13 | CX46: =AJ46 -> 0 | CY46: =(((S46+R46)*AT46)/100) -> 37.248 | CZ46: =(((S46+R46)*AU46)/100) -> 31.6608 | DN46: 0 | DO46: 0 | DP46: 1 | DQ46: 1 | DU46: 1005 | DV46: 100 м2 | DW46: 100 м2 | DX46: 100 | EE46: 16510566 | EF46: 6 | EG46: Ремонтно-строительные работы | EH46: 0 | EJ46: 1 | EK46: 57001 | EL46: Полы | EM46: рФЕР-57 | EQ46: 0 | ER46: 92.9 | ES46: 0 | ET46: 4.06 | EU46: 1.76 | EV46: 88.84 | EW46: 11.39 | EX46: 0.13 | EY46: 0 | FQ46: 0 | FR46: =ROUND(IF(AND(BH46=3,BI46=3),P46,0),2) -> 0 | FS46: 0 | FX46: 80 | FY46: 68 | GD46: 0 | GF46: 537707280 | GG46: 2 | GH46: 1 | GI46: -2 | GJ46: 0 | GK46: =ROUND(R46*(R12)/100,2) -> 0 | GL46: =ROUND(IF(AND(BH46=3,BI46=3,FS46<>0),P46,0),2) -> 0 | GM46: =ROUND(O46+X46+Y46+GK46,2)+GX46 -> 116.66 | GN46: =IF(OR(BI46=0,BI46=1),ROUND(O46+X46+Y46+GK46,2),0) -> 116.66 | GO46: =IF(BI46=2,ROUND(O46+X46+Y46+GK46,2),0) -> 0 | GP46: =IF(BI46=4,ROUND(O46+X46+Y46+GK46,2)+GX46,0) -> 0 | GR46: 0 | GS46: 3 | GT46: 0 | GV46: =ROUND((GT46),6) -> 0 | GW46: 1 | GX46: =ROUND(HC46*I46,2) -> 0 | HA46: 0 | HB46: 0 | HC46: =GV46*GW46 -> 0 | IK46: 0
A47: 17 | B47: 1 | C47: =ROW(SmtRes!A142) -> 142 | D47: =ROW(EtalonRes!A152) -> 152 | E47: 10 | F47: 57-2-1 | G47: Разборка покрытий полов из линолеума и релина | H47: 100 м2 | I47: =ROUND(51.392/100,9) -> 0.51392 | J47: 0 | O47: =ROUND(CP47,2) -> 317.97 | P47: =ROUND(CQ47*I47,2) -> 0 | Q47: =ROUND(CR47*I47,2) -> 13.9 | R47: =ROUND(CS47*I47,2) -> 6.02 | S47: =ROUND(CT47*I47,2) -> 304.07 | T47: =ROUND(CU47*I47,2) -> 0 | U47: =CV47*I47 -> 5.8535488 | V47: =CW47*I47 -> 0.0668096 | W47: =ROUND(CX47*I47,2) -> 0 | X47: =ROUND(CY47,2) -> 248.07 | Y47: =ROUND(CZ47,2) -> 210.86 | AA47: 16781639 | AB47: =ROUND((AC47+AD47+AF47),6) -> 92.9 | AC47: =ROUND((ES47),6) -> 0 | AD47: =ROUND((((ET47)-(EU47))+AE47),6) -> 4.06 | AE47: =ROUND((EU47),6) -> 1.76 | AF47: =ROUND((EV47),6) -> 88.84 | AG47: =ROUND((AP47),6) -> 0 | AH47: =(EW47) -> 11.39 | AI47: =(EX47) -> 0.13 | AJ47: =(AS47) -> 0 | AK47: 92.9 | AL47: 0 | AM47: 4.06 | AN47: 1.76 | AO47: 88.84 | AP47: 0 | AQ47: 11.39 | AR47: 0.13 | AS47: 0 | AT47: 80 | AU47: 68 | AV47: 1 | AW47: 1 | AZ47: 6.66 | BA47: 6.66 | BB47: 6.66 | BC47: 6.66 | BH47: 0 | BI47: 1 | BJ47: ФЕРр-2001, 57-2-1, приказ Минстроя России №1039/пр от 30.12.2016г. | BM47: 57001 | BN47: 0 | BP47: 0 | BQ47: 6 | BR47: 0 | BS47: 6.66 | BT47: 1 | BU47: 1 | BV47: 1 | BW47: 1 | BX47: 1 | BZ47: 80 | CA47: 68 | CE47: 0 | CF47: 0 | CG47: 0 | CM47: 0 | CO47: 0 | CP47: =(P47+Q47+S47) -> 317.97 | CQ47: =AC47*BC47 -> 0 | CR47: =AD47*BB47 -> 27.0396 | CS47: =AE47*BS47 -> 11.7216 | CT47: =AF47*BA47 -> 591.6744 | CU47: =AG47 -> 0 | CV47: =AH47 -> 11.39 | CW47: =AI47 -> 0.13 | CX47: =AJ47 -> 0 | CY47: =(((S47+R47)*AT47)/100) -> 248.072 | CZ47: =(((S47+R47)*AU47)/100) -> 210.8612 | DN47: 0 | DO47: 0 | DP47: 1 | DQ47: 1 | DU47: 1005 | DV47: 100 м2 | DW47: 100 м2 | DX47: 100 | EE47: 16510566 | EF47: 6 | EG47: Ремонтно-строительные работы | EH47: 0 | EJ47: 1 | EK47: 57001 | EL47: Полы | EM47: рФЕР-57 | EQ47: 0 | ER47: 92.9 | ES47: 0 | ET47: 4.06 | EU47: 1.76 | EV47: 88.84 | EW47: 11.39 | EX47: 0.13 | EY47: 0 | FQ47: 0 | FR47: =ROUND(IF(AND(BH47=3,BI47=3),P47,0),2) -> 0 | FS47: 0 | FX47: 80 | FY47: 68 | GD47: 0 | GF47: 537707280 | GG47: 1 | GH47: 1 | GI47: 4 | GJ47: 0 | GK47: =ROUND(R47*(S12)/100,2) -> 0 | GL47: =ROUND(IF(AND(BH47=3,BI47=3,FS47<>0),P47,0),2) -> 0 | GM47: =ROUND(O47+X47+Y47+GK47,2)+GX47 -> 776.9 | GN47: =IF(OR(BI47=0,BI47=1),ROUND(O47+X47+Y47+GK47,2),0) -> 776.9 | GO47: =IF(BI47=2,ROUND(O47+X47+Y47+GK47,2),0) -> 0 | GP47: =IF(BI47=4,ROUND(O47+X47+Y47+GK47,2)+GX47,0) -> 0 | GR47: 0 | GS47: 3 | GT47: 0 | GV47: =ROUND((GT47),6) -> 0 | GW47: 1 | GX47: =ROUND(HC47*I47,2) -> 0 | HA47: 0 | HB47: 0 | HC47: =GV47*GW47 -> 0 | IK47: 0
A48: 17 | B48: 1 | C48: =ROW(SmtRes!A143) -> 143 | D48: =ROW(EtalonRes!A154) -> 154 | E48: 11 | F48: 57-1-2 | G48: Разборка оснований покрытия полов лаг из досок и брусков | H48: 100 м2 | I48: =ROUND(246.98/100,9) -> 2.4698 | J48: 0 | O48: =ROUND(CP48,2) -> 147.77 | P48: =ROUND(CQ48*I48,2) -> 0 | Q48: =ROUND(CR48*I48,2) -> 0 | R48: =ROUND(CS48*I48,2) -> 0 | S48: =ROUND(CT48*I48,2) -> 147.77 | T48: =ROUND(CU48*I48,2) -> 0 | U48: =CV48*I48 -> 18.943366 | V48: =CW48*I48 -> 0 | W48: =ROUND(CX48*I48,2) -> 0 | X48: =ROUND(CY48,2) -> 118.22 | Y48: =ROUND(CZ48,2) -> 100.48 | AA48: 16781625 | AB48: =ROUND((AC48+AD48+AF48),6) -> 59.83 | AC48: =ROUND((ES48),6) -> 0 | AD48: =ROUND((((ET48)-(EU48))+AE48),6) -> 0 | AE48: =ROUND((EU48),6) -> 0 | AF48: =ROUND((EV48),6) -> 59.83 | AG48: =ROUND((AP48),6) -> 0 | AH48: =(EW48) -> 7.67 | AI48: =(EX48) -> 0 | AJ48: =(AS48) -> 0 | AK48: 59.83 | AL48: 0 | AM48: 0 | AN48: 0 | AO48: 59.83 | AP48: 0 | AQ48: 7.67 | AR48: 0 | AS48: 0 | AT48: 80 | AU48: 68 | AV48: 1 | AW48: 1 | AZ48: 1 | BA48: 1 | BB48: 1 | BC48: 1 | BH48: 0 | BI48: 1 | BJ48: ФЕРр-2001, 57-1-2, приказ Минстроя России №1039/пр от 30.12.2016г. | BM48: 57001 | BN48: 0 | BP48: 0 | BQ48: 6 | BR48: 0 | BS48: 1 | BT48: 1 | BU48: 1 | BV48: 1 | BW48: 1 | BX48: 1 | BZ48: 80 | CA48: 68 | CE48: 0 | CF48: 0 | CG48: 0 | CM48: 0 | CO48: 0 | CP48: =(P48+Q48+S48) -> 147.77 | CQ48: =AC48*BC48 -> 0 | CR48: =AD48*BB48 -> 0 | CS48: =AE48*BS48 -> 0 | CT48: =AF48*BA48 -> 59.83 | CU48: =AG48 -> 0 | CV48: =AH48 -> 7.67 | CW48: =AI48 -> 0 | CX48: =AJ48 -> 0 | CY48: =(((S48+R48)*AT48)/100) -> 118.216 | CZ48: =(((S48+R48)*AU48)/100) -> 100.4836 | DN48: 0 | DO48: 0 | DP48: 1 | DQ48: 1 | DU48: 1005 | DV48: 100 м2 | DW48: 100 м2 | DX48: 100 | EE48: 16510566 | EF48: 6 | EG48: Ремонтно-строительные работы | EH48: 0 | EJ48: 1 | EK48: 57001 | EL48: Полы | EM48: рФЕР-57 | EQ48: 0 | ER48: 59.83 | ES48: 0 | ET48: 0 | EU48: 0 | EV48: 59.83 | EW48: 7.67 | EX48: 0 | EY48: 0 | FQ48: 0 | FR48: =ROUND(IF(AND(BH48=3,BI48=3),P48,0),2) -> 0 | FS48: 0 | FX48: 80 | FY48: 68 | GD48: 0 | GF48: 530355128 | GG48: 2 | GH48: 1 | GI48: -2 | GJ48: 0 | GK48: =ROUND(R48*(R12)/100,2) -> 0 | GL48: =ROUND(IF(AND(BH48=3,BI48=3,FS48<>0),P48,0),2) -> 0 | GM48: =ROUND(O48+X48+Y48+GK48,2)+GX48 -> 366.47 | GN48: =IF(OR(BI48=0,BI48=1),ROUND(O48+X48+Y48+GK48,2),0) -> 366.47 | GO48: =IF(BI48=2,ROUND(O48+X48+Y48+GK48,2),0) -> 0 | GP48: =IF(BI48=4,ROUND(O48+X48+Y48+GK48,2)+GX48,0) -> 0 | GR48: 0 | GS48: 3 | GT48: 0 | GV48: =ROUND((GT48),6) -> 0 | GW48: 1 | GX48: =ROUND(HC48*I48,2) -> 0 | HA48: 0 | HB48: 0 | HC48: =GV48*GW48 -> 0 | IK48: 0
A49: 17 | B49: 1 | C49: =ROW(SmtRes!A144) -> 144 | D49: =ROW(EtalonRes!A156) -> 156 | E49: 11 | F49: 57-1-2 | G49: Разборка оснований покрытия полов лаг из досок и брусков | H49: 100 м2 | I49: =ROUND(246.98/100,9) -> 2.4698 | J49: 0 | O49: =ROUND(CP49,2) -> 984.14 | P49: =ROUND(CQ49*I49,2) -> 0 | Q49: =ROUND(CR49*I49,2) -> 0 | R49: =ROUND(CS49*I49,2) -> 0 | S49: =ROUND(CT49*I49,2) -> 984.14 | T49: =ROUND(CU49*I49,2) -> 0 | U49: =CV49*I49 -> 18.943366 | V49: =CW49*I49 -> 0 | W49: =ROUND(CX49*I49,2) -> 0 | X49: =ROUND(CY49,2) -> 787.31 | Y49: =ROUND(CZ49,2) -> 669.22 | AA49: 16781639 | AB49: =ROUND((AC49+AD49+AF49),6) -> 59.83 | AC49: =ROUND((ES49),6) -> 0 | AD49: =ROUND((((ET49)-(EU49))+AE49),6) -> 0 | AE49: =ROUND((EU49),6) -> 0 | AF49: =ROUND((EV49),6) -> 59.83 | AG49: =ROUND((AP49),6) -> 0 | AH49: =(EW49) -> 7.67 | AI49: =(EX49) -> 0 | AJ49: =(AS49) -> 0 | AK49: 59.83 | AL49: 0 | AM49: 0 | AN49: 0 | AO49: 59.83 | AP49: 0 | AQ49: 7.67 | AR49: 0 | AS49: 0 | AT49: 80 | AU49: 68 | AV49: 1 | AW49: 1 | AZ49: 6.66 | BA49: 6.66 | BB49: 6.66 | BC49: 6.66 | BH49: 0 | BI49: 1 | BJ49: ФЕРр-2001, 57-1-2, приказ Минстроя России №1039/пр от 30.12.2016г. | BM49: 57001 | BN49: 0 | BP49: 0 | BQ49: 6 | BR49: 0 | BS49: 6.66 | BT49: 1 | BU49: 1 | BV49: 1 | BW49: 1 | BX49: 1 | BZ49: 80 | CA49: 68 | CE49: 0 | CF49: 0 | CG49: 0 | CM49: 0 | CO49: 0 | CP49: =(P49+Q49+S49) -> 984.14 | CQ49: =AC49*BC49 -> 0 | CR49: =AD49*BB49 -> 0 | CS49: =AE49*BS49 -> 0 | CT49: =AF49*BA49 -> 398.4678 | CU49: =AG49 -> 0 | CV49: =AH49 -> 7.67 | CW49: =AI49 -> 0 | CX49: =AJ49 -> 0 | CY49: =(((S49+R49)*AT49)/100) -> 787.312 | CZ49: =(((S49+R49)*AU49)/100) -> 669.2152 | DN49: 0 | DO49: 0 | DP49: 1 | DQ49: 1 | DU49: 1005 | DV49: 100 м2 | DW49: 100 м2 | DX49: 100 | EE49: 16510566 | EF49: 6 | EG49: Ремонтно-строительные работы | EH49: 0 | EJ49: 1 | EK49: 57001 | EL49: Полы | EM49: рФЕР-57 | EQ49: 0 | ER49: 59.83 | ES49: 0 | ET49: 0 | EU49: 0 | EV49: 59.83 | EW49: 7.67 | EX49: 0 | EY49: 0 | FQ49: 0 | FR49: =ROUND(IF(AND(BH49=3,BI49=3),P49,0),2) -> 0 | FS49: 0 | FX49: 80 | FY49: 68 | GD49: 0 | GF49: 530355128 | GG49: 1 | GH49: 1 | GI49: 4 | GJ49: 0 | GK49: =ROUND(R49*(S12)/100,2) -> 0 | GL49: =ROUND(IF(AND(BH49=3,BI49=3,FS49<>0),P49,0),2) -> 0 | GM49: =ROUND(O49+X49+Y49+GK49,2)+GX49 -> 2440.67 | GN49: =IF(OR(BI49=0,BI49=1),ROUND(O49+X49+Y49+GK49,2),0) -> 2440.67 | GO49: =IF(BI49=2,ROUND(O49+X49+Y49+GK49,2),0) -> 0 | GP49: =IF(BI49=4,ROUND(O49+X49+Y49+GK49,2)+GX49,0) -> 0 | GR49: 0 | GS49: 3 | GT49: 0 | GV49: =ROUND((GT49),6) -> 0 | GW49: 1 | GX49: =ROUND(HC49*I49,2) -> 0 | HA49: 0 | HB49: 0 | HC49: =GV49*GW49 -> 0 | IK49: 0
A50: 17 | B50: 1 | C50: =ROW(SmtRes!A156) -> 156 | D50: =ROW(EtalonRes!A168) -> 168 | E50: 12 | F50: 10-01-010-01 | G50: Демонтаж: Установка элементов каркаса из брусьев (сцены задника сцены) | H50: м3 | I50: 1.5228 | J50: 0 | O50: =ROUND(CP50,2) -> 258.52 | P50: =ROUND(CQ50*I50,2) -> 0 | Q50: =ROUND(CR50*I50,2) -> 28.82 | R50: =ROUND(CS50*I50,2) -> 5.09 | S50: =ROUND(CT50*I50,2) -> 229.7 | T50: =ROUND(CU50*I50,2) -> 0 | U50: =CV50*I50 -> 27.4104 | V50: =CW50*I50 -> 0.4385664 | W50: =ROUND(CX50*I50,2) -> 0 | X50: =ROUND(CY50,2) -> 248.88 | Y50: =ROUND(CZ50,2) -> 126.79 | AA50: 16781625 | AB50: =ROUND((AC50+AD50+AF50),6) -> 169.768 | AC50: =ROUND(((ES50*0)),6) -> 0 | AD50: =ROUND(((((ET50*0.8))-((EU50*0.8)))+AE50),6) -> 18.928 | AE50: =ROUND(((EU50*0.8)),6) -> 3.344 | AF50: =ROUND(((EV50*0.8)),6) -> 150.84 | AG50: =ROUND((AP50),6) -> 0 | AH50: =((EW50*0.8)) -> 18 | AI50: =((EX50*0.8)) -> 0.288 | AJ50: =(AS50) -> 0 | AK50: 2401.21 | AL50: 2189 | AM50: 23.66 | AN50: 4.18 | AO50: 188.55 | AP50: 0 | AQ50: 22.5 | AR50: 0.36 | AS50: 0 | AT50: 106 | AU50: 54 | AV50: 1 | AW50: 1 | AZ50: 1 | BA50: 1 | BB50: 1 | BC50: 1 | BH50: 0 | BI50: 1 | BJ50: ФЕР-2001, 10-01-010-01, приказ Минстроя России №1039/пр от 30.12.2016г. | BM50: 10001 | BN50: 0 | BP50: 0 | BQ50: 2 | BR50: 0 | BS50: 1 | BT50: 1 | BU50: 1 | BV50: 1 | BW50: 1 | BX50: 1 | BZ50: 118 | CA50: 63 | CE50: 0 | CF50: 0 | CG50: 0 | CM50: 0 | CN50: Поправка: Табл.2, п.2 Наименование: При демонтаже (разборке) сборных деревянных конструкций | CO50: 0 | CP50: =(P50+Q50+S50) -> 258.52 | CQ50: =AC50*BC50 -> 0 | CR50: =AD50*BB50 -> 18.928 | CS50: =AE50*BS50 -> 3.344 | CT50: =AF50*BA50 -> 150.84 | CU50: =AG50 -> 0 | CV50: =AH50 -> 18 | CW50: =AI50 -> 0.288 | CX50: =AJ50 -> 0 | CY50: =(((S50+R50)*AT50)/100) -> 248.8774 | CZ50: =(((S50+R50)*AU50)/100) -> 126.7866 | DD50: )*0 | DE50: )*0,8 | DF50: )*0,8 | DG50: )*0,8 | DI50: )*0,8 | DJ50: )*0,8 | DN50: 0 | DO50: 0 | DP50: 1 | DQ50: 1 | DU50: 1007 | DV50: м3 | DW50: м3 | DX50: 1 | EE50: 16510487 | EF50: 2 | EG50: Общестроительные работы | EH50: 0 | EJ50: 1 | EK50: 10001 | EL50: Деревянные конструкции | EM50: ФЕР-10 | EO50: Поправка: Табл.2, п.2 | EQ50: 0 | ER50: 2401.21 | ES50: 2189 | ET50: 23.66 | EU50: 4.18 | EV50: 188.55 | EW50: 22.5 | EX50: 0.36 | EY50: 0 | FQ50: 0 | FR50: =ROUND(IF(AND(BH50=3,BI50=3),P50,0),2) -> 0 | FS50: 0 | FT50: *0,9 | FU50: *0,85 | FX50: 106.2 | FY50: 53.55 | GD50: 0 | GF50: 1342905313 | GG50: 2 | GH50: 1 | GI50: -2 | GJ50: 0 | GK50: =ROUND(R50*(R12)/100,2) -> 0 | GL50: =ROUND(IF(AND(BH50=3,BI50=3,FS50<>0),P50,0),2) -> 0 | GM50: =ROUND(O50+X50+Y50+GK50,2)+GX50 -> 634.19 | GN50: =IF(OR(BI50=0,BI50=1),ROUND(O50+X50+Y50+GK50,2),0) -> 634.19 | GO50: =IF(BI50=2,ROUND(O50+X50+Y50+GK50,2),0) -> 0 | GP50: =IF(BI50=4,ROUND(O50+X50+Y50+GK50,2)+GX50,0) -> 0 | GR50: 0 | GS50: 3 | GT50: 0 | GV50: =ROUND((GT50),6) -> 0 | GW50: 1 | GX50: =ROUND(HC50*I50,2) -> 0 | HA50: 0 | HB50: 0 | HC50: =GV50*GW50 -> 0 | IK50: 0
A51: 17 | B51: 1 | C51: =ROW(SmtRes!A168) -> 168 | D51: =ROW(EtalonRes!A180) -> 180 | E51: 12 | F51: 10-01-010-01 | G51: Демонтаж: Установка элементов каркаса из брусьев (сцены задника сцены) | H51: м3 | I51: 1.5228 | J51: 0 | O51: =ROUND(CP51,2) -> 1721.76 | P51: =ROUND(CQ51*I51,2) -> 0 | Q51: =ROUND(CR51*I51,2) -> 191.96 | R51: =ROUND(CS51*I51,2) -> 33.91 | S51: =ROUND(CT51*I51,2) -> 1529.8 | T51: =ROUND(CU51*I51,2) -> 0 | U51: =CV51*I51 -> 27.4104 | V51: =CW51*I51 -> 0.4385664 | W51: =ROUND(CX51*I51,2) -> 0 | X51: =ROUND(CY51,2) -> 1657.53 | Y51: =ROUND(CZ51,2) -> 844.4 | AA51: 16781639 | AB51: =ROUND((AC51+AD51+AF51),6) -> 169.768 | AC51: =ROUND(((ES51*0)),6) -> 0 | AD51: =ROUND(((((ET51*0.8))-((EU51*0.8)))+AE51),6) -> 18.928 | AE51: =ROUND(((EU51*0.8)),6) -> 3.344 | AF51: =ROUND(((EV51*0.8)),6) -> 150.84 | AG51: =ROUND((AP51),6) -> 0 | AH51: =((EW51*0.8)) -> 18 | AI51: =((EX51*0.8)) -> 0.288 | AJ51: =(AS51) -> 0 | AK51: 2401.21 | AL51: 2189 | AM51: 23.66 | AN51: 4.18 | AO51: 188.55 | AP51: 0 | AQ51: 22.5 | AR51: 0.36 | AS51: 0 | AT51: 106 | AU51: 54 | AV51: 1 | AW51: 1 | AZ51: 6.66 | BA51: 6.66 | BB51: 6.66 | BC51: 6.66 | BH51: 0 | BI51: 1 | BJ51: ФЕР-2001, 10-01-010-01, приказ Минстроя России №1039/пр от 30.12.2016г. | BM51: 10001 | BN51: 0 | BP51: 0 | BQ51: 2 | BR51: 0 | BS51: 6.66 | BT51: 1 | BU51: 1 | BV51: 1 | BW51: 1 | BX51: 1 | BZ51: 118 | CA51: 63 | CE51: 0 | CF51: 0 | CG51: 0 | CM51: 0 | CN51: Поправка: Табл.2, п.2 Наименование: При демонтаже (разборке) сборных деревянных конструкций | CO51: 0 | CP51: =(P51+Q51+S51) -> 1721.76 | CQ51: =AC51*BC51 -> 0 | CR51: =AD51*BB51 -> 126.06048 | CS51: =AE51*BS51 -> 22.27104 | CT51: =AF51*BA51 -> 1004.5944 | CU51: =AG51 -> 0 | CV51: =AH51 -> 18 | CW51: =AI51 -> 0.288 | CX51: =AJ51 -> 0 | CY51: =(((S51+R51)*AT51)/100) -> 1657.5326 | CZ51: =(((S51+R51)*AU51)/100) -> 844.4034 | DD51: )*0 | DE51: )*0,8 | DF51: )*0,8 | DG51: )*0,8 | DI51: )*0,8 | DJ51: )*0,8 | DN51: 0 | DO51: 0 | DP51: 1 | DQ51: 1 | DU51: 1007 | DV51: м3 | DW51: м3 | DX51: 1 | EE51: 16510487 | EF51: 2 | EG51: Общестроительные работы | EH51: 0 | EJ51: 1 | EK51: 10001 | EL51: Деревянные конструкции | EM51: ФЕР-10 | EO51: Поправка: Табл.2, п.2 | EQ51: 0 | ER51: 2401.21 | ES51: 2189 | ET51: 23.66 | EU51: 4.18 | EV51: 188.55 | EW51: 22.5 | EX51: 0.36 | EY51: 0 | FQ51: 0 | FR51: =ROUND(IF(AND(BH51=3,BI51=3),P51,0),2) -> 0 | FS51: 0 | FT51: *0,9 | FU51: *0,85 | FX51: 106.2 | FY51: 53.55 | GD51: 0 | GF51: 1342905313 | GG51: 1 | GH51: 1 | GI51: 4 | GJ51: 0 | GK51: =ROUND(R51*(S12)/100,2) -> 0 | GL51: =ROUND(IF(AND(BH51=3,BI51=3,FS51<>0),P51,0),2) -> 0 | GM51: =ROUND(O51+X51+Y51+GK51,2)+GX51 -> 4223.69 | GN51: =IF(OR(BI51=0,BI51=1),ROUND(O51+X51+Y51+GK51,2),0) -> 4223.69 | GO51: =IF(BI51=2,ROUND(O51+X51+Y51+GK51,2),0) -> 0 | GP51: =IF(BI51=4,ROUND(O51+X51+Y51+GK51,2)+GX51,0) -> 0 | GR51: 0 | GS51: 3 | GT51: 0 | GV51: =ROUND((GT51),6) -> 0 | GW51: 1 | GX51: =ROUND(HC51*I51,2) -> 0 | HA51: 0 | HB51: 0 | HC51: =GV51*GW51 -> 0 | IK51: 0
A52: 17 | B52: 1 | C52: =ROW(SmtRes!A169) -> 169 | D52: =ROW(EtalonRes!A182) -> 182 | E52: 13 | F52: 57-1-3 | G52: Разборка оснований покрытия полов простильных полов | H52: 100 м2 | I52: =ROUND(195.12/100,9) -> 1.9512 | J52: 0 | O52: =ROUND(CP52,2) -> 265.42 | P52: =ROUND(CQ52*I52,2) -> 0 | Q52: =ROUND(CR52*I52,2) -> 0 | R52: =ROUND(CS52*I52,2) -> 0 | S52: =ROUND(CT52*I52,2) -> 265.42 | T52: =ROUND(CU52*I52,2) -> 0 | U52: =CV52*I52 -> 34.028928 | V52: =CW52*I52 -> 0 | W52: =ROUND(CX52*I52,2) -> 0 | X52: =ROUND(CY52,2) -> 212.34 | Y52: =ROUND(CZ52,2) -> 180.49 | AA52: 16781625 | AB52: =ROUND((AC52+AD52+AF52),6) -> 136.03 | AC52: =ROUND((ES52),6) -> 0 | AD52: =ROUND((((ET52)-(EU52))+AE52),6) -> 0 | AE52: =ROUND((EU52),6) -> 0 | AF52: =ROUND((EV52),6) -> 136.03 | AG52: =ROUND((AP52),6) -> 0 | AH52: =(EW52) -> 17.44 | AI52: =(EX52) -> 0 | AJ52: =(AS52) -> 0 | AK52: 136.03 | AL52: 0 | AM52: 0 | AN52: 0 | AO52: 136.03 | AP52: 0 | AQ52: 17.44 | AR52: 0 | AS52: 0 | AT52: 80 | AU52: 68 | AV52: 1 | AW52: 1 | AZ52: 1 | BA52: 1 | BB52: 1 | BC52: 1 | BH52: 0 | BI52: 1 | BJ52: ФЕРр-2001, 57-1-3, приказ Минстроя России №1039/пр от 30.12.2016г. | BM52: 57001 | BN52: 0 | BP52: 0 | BQ52: 6 | BR52: 0 | BS52: 1 | BT52: 1 | BU52: 1 | BV52: 1 | BW52: 1 | BX52: 1 | BZ52: 80 | CA52: 68 | CE52: 0 | CF52: 0 | CG52: 0 | CM52: 0 | CO52: 0 | CP52: =(P52+Q52+S52) -> 265.42 | CQ52: =AC52*BC52 -> 0 | CR52: =AD52*BB52 -> 0 | CS52: =AE52*BS52 -> 0 | CT52: =AF52*BA52 -> 136.03 | CU52: =AG52 -> 0 | CV52: =AH52 -> 17.44 | CW52: =AI52 -> 0 | CX52: =AJ52 -> 0 | CY52: =(((S52+R52)*AT52)/100) -> 212.336 | CZ52: =(((S52+R52)*AU52)/100) -> 180.4856 | DN52: 0 | DO52: 0 | DP52: 1 | DQ52: 1 | DU52: 1005 | DV52: 100 м2 | DW52: 100 м2 | DX52: 100 | EE52: 16510566 | EF52: 6 | EG52: Ремонтно-строительные работы | EH52: 0 | EJ52: 1 | EK52: 57001 | EL52: Полы | EM52: рФЕР-57 | EQ52: 0 | ER52: 136.03 | ES52: 0 | ET52: 0 | EU52: 0 | EV52: 136.03 | EW52: 17.44 | EX52: 0 | EY52: 0 | FQ52: 0 | FR52: =ROUND(IF(AND(BH52=3,BI52=3),P52,0),2) -> 0 | FS52: 0 | FX52: 80 | FY52: 68 | GD52: 0 | GF52: -1405761312 | GG52: 2 | GH52: 1 | GI52: -2 | GJ52: 0 | GK52: =ROUND(R52*(R12)/100,2) -> 0 | GL52: =ROUND(IF(AND(BH52=3,BI52=3,FS52<>0),P52,0),2) -> 0 | GM52: =ROUND(O52+X52+Y52+GK52,2)+GX52 -> 658.25 | GN52: =IF(OR(BI52=0,BI52=1),ROUND(O52+X52+Y52+GK52,2),0) -> 658.25 | GO52: =IF(BI52=2,ROUND(O52+X52+Y52+GK52,2),0) -> 0 | GP52: =IF(BI52=4,ROUND(O52+X52+Y52+GK52,2)+GX52,0) -> 0 | GR52: 0 | GS52: 3 | GT52: 0 | GV52: =ROUND((GT52),6) -> 0 | GW52: 1 | GX52: =ROUND(HC52*I52,2) -> 0 | HA52: 0 | HB52: 0 | HC52: =GV52*GW52 -> 0 | IK52: 0
A53: 17 | B53: 1 | C53: =ROW(SmtRes!A170) -> 170 | D53: =ROW(EtalonRes!A184) -> 184 | E53: 13 | F53: 57-1-3 | G53: Разборка оснований покрытия полов простильных полов | H53: 100 м2 | I53: =ROUND(195.12/100,9) -> 1.9512 | J53: 0 | O53: =ROUND(CP53,2) -> 1767.71 | P53: =ROUND(CQ53*I53,2) -> 0 | Q53: =ROUND(CR53*I53,2) -> 0 | R53: =ROUND(CS53*I53,2) -> 0 | S53: =ROUND(CT53*I53,2) -> 1767.71 | T53: =ROUND(CU53*I53,2) -> 0 | U53: =CV53*I53 -> 34.028928 | V53: =CW53*I53 -> 0 | W53: =ROUND(CX53*I53,2) -> 0 | X53: =ROUND(CY53,2) -> 1414.17 | Y53: =ROUND(CZ53,2) -> 1202.04 | AA53: 16781639 | AB53: =ROUND((AC53+AD53+AF53),6) -> 136.03 | AC53: =ROUND((ES53),6) -> 0 | AD53: =ROUND((((ET53)-(EU53))+AE53),6) -> 0 | AE53: =ROUND((EU53),6) -> 0 | AF53: =ROUND((EV53),6) -> 136.03 | AG53: =ROUND((AP53),6) -> 0 | AH53: =(EW53) -> 17.44 | AI53: =(EX53) -> 0 | AJ53: =(AS53) -> 0 | AK53: 136.03 | AL53: 0 | AM53: 0 | AN53: 0 | AO53: 136.03 | AP53: 0 | AQ53: 17.44 | AR53: 0 | AS53: 0 | AT53: 80 | AU53: 68 | AV53: 1 | AW53: 1 | AZ53: 6.66 | BA53: 6.66 | BB53: 6.66 | BC53: 6.66 | BH53: 0 | BI53: 1 | BJ53: ФЕРр-2001, 57-1-3, приказ Минстроя России №1039/пр от 30.12.2016г. | BM53: 57001 | BN53: 0 | BP53: 0 | BQ53: 6 | BR53: 0 | BS53: 6.66 | BT53: 1 | BU53: 1 | BV53: 1 | BW53: 1 | BX53: 1 | BZ53: 80 | CA53: 68 | CE53: 0 | CF53: 0 | CG53: 0 | CM53: 0 | CO53: 0 | CP53: =(P53+Q53+S53) -> 1767.71 | CQ53: =AC53*BC53 -> 0 | CR53: =AD53*BB53 -> 0 | CS53: =AE53*BS53 -> 0 | CT53: =AF53*BA53 -> 905.9598 | CU53: =AG53 -> 0 | CV53: =AH53 -> 17.44 | CW53: =AI53 -> 0 | CX53: =AJ53 -> 0 | CY53: =(((S53+R53)*AT53)/100) -> 1414.168 | CZ53: =(((S53+R53)*AU53)/100) -> 1202.0428 | DN53: 0 | DO53: 0 | DP53: 1 | DQ53: 1 | DU53: 1005 | DV53: 100 м2 | DW53: 100 м2 | DX53: 100 | EE53: 16510566 | EF53: 6 | EG53: Ремонтно-строительные работы | EH53: 0 | EJ53: 1 | EK53: 57001 | EL53: Полы | EM53: рФЕР-57 | EQ53: 0 | ER53: 136.03 | ES53: 0 | ET53: 0 | EU53: 0 | EV53: 136.03 | EW53: 17.44 | EX53: 0 | EY53: 0 | FQ53: 0 | FR53: =ROUND(IF(AND(BH53=3,BI53=3),P53,0),2) -> 0 | FS53: 0 | FX53: 80 | FY53: 68 | GD53: 0 | GF53: -1405761312 | GG53: 1 | GH53: 1 | GI53: 4 | GJ53: 0 | GK53: =ROUND(R53*(S12)/100,2) -> 0 | GL53: =ROUND(IF(AND(BH53=3,BI53=3,FS53<>0),P53,0),2) -> 0 | GM53: =ROUND(O53+X53+Y53+GK53,2)+GX53 -> 4383.92 | GN53: =IF(OR(BI53=0,BI53=1),ROUND(O53+X53+Y53+GK53,2),0) -> 4383.92 | GO53: =IF(BI53=2,ROUND(O53+X53+Y53+GK53,2),0) -> 0 | GP53: =IF(BI53=4,ROUND(O53+X53+Y53+GK53,2)+GX53,0) -> 0 | GR53: 0 | GS53: 3 | GT53: 0 | GV53: =ROUND((GT53),6) -> 0 | GW53: 1 | GX53: =ROUND(HC53*I53,2) -> 0 | HA53: 0 | HB53: 0 | HC53: =GV53*GW53 -> 0 | IK53: 0
A54: 17 | B54: 1 | C54: =ROW(SmtRes!A171) -> 171 | D54: =ROW(EtalonRes!A186) -> 186 | E54: 14 | F54: 57-3-1 | G54: Разборка плинтусов деревянных и из пластмассовых материалов | H54: 100 м | I54: =ROUND(64/100,9) -> 0.64 | J54: 0 | O54: =ROUND(CP54,2) -> 18.82 | P54: =ROUND(CQ54*I54,2) -> 0 | Q54: =ROUND(CR54*I54,2) -> 0 | R54: =ROUND(CS54*I54,2) -> 0 | S54: =ROUND(CT54*I54,2) -> 18.82 | T54: =ROUND(CU54*I54,2) -> 0 | U54: =CV54*I54 -> 2.4128 | V54: =CW54*I54 -> 0 | W54: =ROUND(CX54*I54,2) -> 0 | X54: =ROUND(CY54,2) -> 15.06 | Y54: =ROUND(CZ54,2) -> 12.8 | AA54: 16781625 | AB54: =ROUND((AC54+AD54+AF54),6) -> 29.41 | AC54: =ROUND((ES54),6) -> 0 | AD54: =ROUND((((ET54)-(EU54))+AE54),6) -> 0 | AE54: =ROUND((EU54),6) -> 0 | AF54: =ROUND((EV54),6) -> 29.41 | AG54: =ROUND((AP54),6) -> 0 | AH54: =(EW54) -> 3.77 | AI54: =(EX54) -> 0 | AJ54: =(AS54) -> 0 | AK54: 29.41 | AL54: 0 | AM54: 0 | AN54: 0 | AO54: 29.41 | AP54: 0 | AQ54: 3.77 | AR54: 0 | AS54: 0 | AT54: 80 | AU54: 68 | AV54: 1 | AW54: 1 | AZ54: 1 | BA54: 1 | BB54: 1 | BC54: 1 | BH54: 0 | BI54: 1 | BJ54: ФЕРр-2001, 57-3-1, приказ Минстроя России №1039/пр от 30.12.2016г. | BM54: 57001 | BN54: 0 | BP54: 0 | BQ54: 6 | BR54: 0 | BS54: 1 | BT54: 1 | BU54: 1 | BV54: 1 | BW54: 1 | BX54: 1 | BZ54: 80 | CA54: 68 | CE54: 0 | CF54: 0 | CG54: 0 | CM54: 0 | CO54: 0 | CP54: =(P54+Q54+S54) -> 18.82 | CQ54: =AC54*BC54 -> 0 | CR54: =AD54*BB54 -> 0 | CS54: =AE54*BS54 -> 0 | CT54: =AF54*BA54 -> 29.41 | CU54: =AG54 -> 0 | CV54: =AH54 -> 3.77 | CW54: =AI54 -> 0 | CX54: =AJ54 -> 0 | CY54: =(((S54+R54)*AT54)/100) -> 15.056 | CZ54: =(((S54+R54)*AU54)/100) -> 12.7976 | DN54: 0 | DO54: 0 | DP54: 1 | DQ54: 1 | DU54: 1003 | DV54: 100 м | DW54: 100 м | DX54: 100 | EE54: 16510566 | EF54: 6 | EG54: Ремонтно-строительные работы | EH54: 0 | EJ54: 1 | EK54: 57001 | EL54: Полы | EM54: рФЕР-57 | EQ54: 0 | ER54: 29.41 | ES54: 0 | ET54: 0 | EU54: 0 | EV54: 29.41 | EW54: 3.77 | EX54: 0 | EY54: 0 | FQ54: 0 | FR54: =ROUND(IF(AND(BH54=3,BI54=3),P54,0),2) -> 0 | FS54: 0 | FX54: 80 | FY54: 68 | GD54: 0 | GF54: -1389370821 | GG54: 2 | GH54: 1 | GI54: -2 | GJ54: 0 | GK54: =ROUND(R54*(R12)/100,2) -> 0 | GL54: =ROUND(IF(AND(BH54=3,BI54=3,FS54<>0),P54,0),2) -> 0 | GM54: =ROUND(O54+X54+Y54+GK54,2)+GX54 -> 46.68 | GN54: =IF(OR(BI54=0,BI54=1),ROUND(O54+X54+Y54+GK54,2),0) -> 46.68 | GO54: =IF(BI54=2,ROUND(O54+X54+Y54+GK54,2),0) -> 0 | GP54: =IF(BI54=4,ROUND(O54+X54+Y54+GK54,2)+GX54,0) -> 0 | GR54: 0 | GS54: 3 | GT54: 0 | GV54: =ROUND((GT54),6) -> 0 | GW54: 1 | GX54: =ROUND(HC54*I54,2) -> 0 | HA54: 0 | HB54: 0 | HC54: =GV54*GW54 -> 0 | IK54: 0
A55: 17 | B55: 1 | C55: =ROW(SmtRes!A172) -> 172 | D55: =ROW(EtalonRes!A188) -> 188 | E55: 14 | F55: 57-3-1 | G55: Разборка плинтусов деревянных и из пластмассовых материалов | H55: 100 м | I55: =ROUND(64/100,9) -> 0.64 | J55: 0 | O55: =ROUND(CP55,2) -> 125.36 | P55: =ROUND(CQ55*I55,2) -> 0 | Q55: =ROUND(CR55*I55,2) -> 0 | R55: =ROUND(CS55*I55,2) -> 0 | S55: =ROUND(CT55*I55,2) -> 125.36 | T55: =ROUND(CU55*I55,2) -> 0 | U55: =CV55*I55 -> 2.4128 | V55: =CW55*I55 -> 0 | W55: =ROUND(CX55*I55,2) -> 0 | X55: =ROUND(CY55,2) -> 100.29 | Y55: =ROUND(CZ55,2) -> 85.24 | AA55: 16781639 | AB55: =ROUND((AC55+AD55+AF55),6) -> 29.41 | AC55: =ROUND((ES55),6) -> 0 | AD55: =ROUND((((ET55)-(EU55))+AE55),6) -> 0 | AE55: =ROUND((EU55),6) -> 0 | AF55: =ROUND((EV55),6) -> 29.41 | AG55: =ROUND((AP55),6) -> 0 | AH55: =(EW55) -> 3.77 | AI55: =(EX55) -> 0 | AJ55: =(AS55) -> 0 | AK55: 29.41 | AL55: 0 | AM55: 0 | AN55: 0 | AO55: 29.41 | AP55: 0 | AQ55: 3.77 | AR55: 0 | AS55: 0 | AT55: 80 | AU55: 68 | AV55: 1 | AW55: 1 | AZ55: 6.66 | BA55: 6.66 | BB55: 6.66 | BC55: 6.66 | BH55: 0 | BI55: 1 | BJ55: ФЕРр-2001, 57-3-1, приказ Минстроя России №1039/пр от 30.12.2016г. | BM55: 57001 | BN55: 0 | BP55: 0 | BQ55: 6 | BR55: 0 | BS55: 6.66 | BT55: 1 | BU55: 1 | BV55: 1 | BW55: 1 | BX55: 1 | BZ55: 80 | CA55: 68 | CE55: 0 | CF55: 0 | CG55: 0 | CM55: 0 | CO55: 0 | CP55: =(P55+Q55+S55) -> 125.36 | CQ55: =AC55*BC55 -> 0 | CR55: =AD55*BB55 -> 0 | CS55: =AE55*BS55 -> 0 | CT55: =AF55*BA55 -> 195.8706 | CU55: =AG55 -> 0 | CV55: =AH55 -> 3.77 | CW55: =AI55 -> 0 | CX55: =AJ55 -> 0 | CY55: =(((S55+R55)*AT55)/100) -> 100.288 | CZ55: =(((S55+R55)*AU55)/100) -> 85.2448 | DN55: 0 | DO55: 0 | DP55: 1 | DQ55: 1 | DU55: 1003 | DV55: 100 м | DW55: 100 м | DX55: 100 | EE55: 16510566 | EF55: 6 | EG55: Ремонтно-строительные работы | EH55: 0 | EJ55: 1 | EK55: 57001 | EL55: Полы | EM55: рФЕР-57 | EQ55: 0 | ER55: 29.41 | ES55: 0 | ET55: 0 | EU55: 0 | EV55: 29.41 | EW55: 3.77 | EX55: 0 | EY55: 0 | FQ55: 0 | FR55: =ROUND(IF(AND(BH55=3,BI55=3),P55,0),2) -> 0 | FS55: 0 | FX55: 80 | FY55: 68 | GD55: 0 | GF55: -1389370821 | GG55: 1 | GH55: 1 | GI55: 4 | GJ55: 0 | GK55: =ROUND(R55*(S12)/100,2) -> 0 | GL55: =ROUND(IF(AND(BH55=3,BI55=3,FS55<>0),P55,0),2) -> 0 | GM55: =ROUND(O55+X55+Y55+GK55,2)+GX55 -> 310.89 | GN55: =IF(OR(BI55=0,BI55=1),ROUND(O55+X55+Y55+GK55,2),0) -> 310.89 | GO55: =IF(BI55=2,ROUND(O55+X55+Y55+GK55,2),0) -> 0 | GP55: =IF(BI55=4,ROUND(O55+X55+Y55+GK55,2)+GX55,0) -> 0 | GR55: 0 | GS55: 3 | GT55: 0 | GV55: =ROUND((GT55),6) -> 0 | GW55: 1 | GX55: =ROUND(HC55*I55,2) -> 0 | HA55: 0 | HB55: 0 | HC55: =GV55*GW55 -> 0 | IK55: 0
A56: 17 | B56: 1 | C56: =ROW(SmtRes!A173) -> 173 | D56: =ROW(EtalonRes!A190) -> 190 | E56: 15 | F56: 57-1-4 | G56: Разборка оснований покрытия полов дощатых оснований щитового паркета | H56: 100 м2 | I56: =ROUND(192.72/100,9) -> 1.9272 | J56: 0 | O56: =ROUND(CP56,2) -> 223.98 | P56: =ROUND(CQ56*I56,2) -> 0 | Q56: =ROUND(CR56*I56,2) -> 0 | R56: =ROUND(CS56*I56,2) -> 0 | S56: =ROUND(CT56*I56,2) -> 223.98 | T56: =ROUND(CU56*I56,2) -> 0 | U56: =CV56*I56 -> 28.71528 | V56: =CW56*I56 -> 0 | W56: =ROUND(CX56*I56,2) -> 0 | X56: =ROUND(CY56,2) -> 179.18 | Y56: =ROUND(CZ56,2) -> 152.31 | AA56: 16781625 | AB56: =ROUND((AC56+AD56+AF56),6) -> 116.22 | AC56: =ROUND((ES56),6) -> 0 | AD56: =ROUND((((ET56)-(EU56))+AE56),6) -> 0 | AE56: =ROUND((EU56),6) -> 0 | AF56: =ROUND((EV56),6) -> 116.22 | AG56: =ROUND((AP56),6) -> 0 | AH56: =(EW56) -> 14.9 | AI56: =(EX56) -> 0 | AJ56: =(AS56) -> 0 | AK56: 116.22 | AL56: 0 | AM56: 0 | AN56: 0 | AO56: 116.22 | AP56: 0 | AQ56: 14.9 | AR56: 0 | AS56: 0 | AT56: 80 | AU56: 68 | AV56: 1 | AW56: 1 | AZ56: 1 | BA56: 1 | BB56: 1 | BC56: 1 | BH56: 0 | BI56: 1 | BJ56: ФЕРр-2001, 57-1-4, приказ Минстроя России №1039/пр от 30.12.2016г. | BM56: 57001 | BN56: 0 | BP56: 0 | BQ56: 6 | BR56: 0 | BS56: 1 | BT56: 1 | BU56: 1 | BV56: 1 | BW56: 1 | BX56: 1 | BZ56: 80 | CA56: 68 | CE56: 0 | CF56: 0 | CG56: 0 | CM56: 0 | CO56: 0 | CP56: =(P56+Q56+S56) -> 223.98 | CQ56: =AC56*BC56 -> 0 | CR56: =AD56*BB56 -> 0 | CS56: =AE56*BS56 -> 0 | CT56: =AF56*BA56 -> 116.22 | CU56: =AG56 -> 0 | CV56: =AH56 -> 14.9 | CW56: =AI56 -> 0 | CX56: =AJ56 -> 0 | CY56: =(((S56+R56)*AT56)/100) -> 179.184 | CZ56: =(((S56+R56)*AU56)/100) -> 152.3064 | DN56: 0 | DO56: 0 | DP56: 1 | DQ56: 1 | DU56: 1005 | DV56: 100 м2 | DW56: 100 м2 | DX56: 100 | EE56: 16510566 | EF56: 6 | EG56: Ремонтно-строительные работы | EH56: 0 | EJ56: 1 | EK56: 57001 | EL56: Полы | EM56: рФЕР-57 | EQ56: 0 | ER56: 116.22 | ES56: 0 | ET56: 0 | EU56: 0 | EV56: 116.22 | EW56: 14.9 | EX56: 0 | EY56: 0 | FQ56: 0 | FR56: =ROUND(IF(AND(BH56=3,BI56=3),P56,0),2) -> 0 | FS56: 0 | FX56: 80 | FY56: 68 | GD56: 0 | GF56: -1326636835 | GG56: 2 | GH56: 1 | GI56: -2 | GJ56: 0 | GK56: =ROUND(R56*(R12)/100,2) -> 0 | GL56: =ROUND(IF(AND(BH56=3,BI56=3,FS56<>0),P56,0),2) -> 0 | GM56: =ROUND(O56+X56+Y56+GK56,2)+GX56 -> 555.47 | GN56: =IF(OR(BI56=0,BI56=1),ROUND(O56+X56+Y56+GK56,2),0) -> 555.47 | GO56: =IF(BI56=2,ROUND(O56+X56+Y56+GK56,2),0) -> 0 | GP56: =IF(BI56=4,ROUND(O56+X56+Y56+GK56,2)+GX56,0) -> 0 | GR56: 0 | GS56: 3 | GT56: 0 | GV56: =ROUND((GT56),6) -> 0 | GW56: 1 | GX56: =ROUND(HC56*I56,2) -> 0 | HA56: 0 | HB56: 0 | HC56: =GV56*GW56 -> 0 | IK56: 0
A57: 17 | B57: 1 | C57: =ROW(SmtRes!A174) -> 174 | D57: =ROW(EtalonRes!A192) -> 192 | E57: 15 | F57: 57-1-4 | G57: Разборка оснований покрытия полов дощатых оснований щитового паркета | H57: 100 м2 | I57: =ROUND(192.72/100,9) -> 1.9272 | J57: 0 | O57: =ROUND(CP57,2) -> 1491.7 | P57: =ROUND(CQ57*I57,2) -> 0 | Q57: =ROUND(CR57*I57,2) -> 0 | R57: =ROUND(CS57*I57,2) -> 0 | S57: =ROUND(CT57*I57,2) -> 1491.7 | T57: =ROUND(CU57*I57,2) -> 0 | U57: =CV57*I57 -> 28.71528 | V57: =CW57*I57 -> 0 | W57: =ROUND(CX57*I57,2) -> 0 | X57: =ROUND(CY57,2) -> 1193.36 | Y57: =ROUND(CZ57,2) -> 1014.36 | AA57: 16781639 | AB57: =ROUND((AC57+AD57+AF57),6) -> 116.22 | AC57: =ROUND((ES57),6) -> 0 | AD57: =ROUND((((ET57)-(EU57))+AE57),6) -> 0 | AE57: =ROUND((EU57),6) -> 0 | AF57: =ROUND((EV57),6) -> 116.22 | AG57: =ROUND((AP57),6) -> 0 | AH57: =(EW57) -> 14.9 | AI57: =(EX57) -> 0 | AJ57: =(AS57) -> 0 | AK57: 116.22 | AL57: 0 | AM57: 0 | AN57: 0 | AO57: 116.22 | AP57: 0 | AQ57: 14.9 | AR57: 0 | AS57: 0 | AT57: 80 | AU57: 68 | AV57: 1 | AW57: 1 | AZ57: 6.66 | BA57: 6.66 | BB57: 6.66 | BC57: 6.66 | BH57: 0 | BI57: 1 | BJ57: ФЕРр-2001, 57-1-4, приказ Минстроя России №1039/пр от 30.12.2016г. | BM57: 57001 | BN57: 0 | BP57: 0 | BQ57: 6 | BR57: 0 | BS57: 6.66 | BT57: 1 | BU57: 1 | BV57: 1 | BW57: 1 | BX57: 1 | BZ57: 80 | CA57: 68 | CE57: 0 | CF57: 0 | CG57: 0 | CM57: 0 | CO57: 0 | CP57: =(P57+Q57+S57) -> 1491.7 | CQ57: =AC57*BC57 -> 0 | CR57: =AD57*BB57 -> 0 | CS57: =AE57*BS57 -> 0 | CT57: =AF57*BA57 -> 774.0252 | CU57: =AG57 -> 0 | CV57: =AH57 -> 14.9 | CW57: =AI57 -> 0 | CX57: =AJ57 -> 0 | CY57: =(((S57+R57)*AT57)/100) -> 1193.36 | CZ57: =(((S57+R57)*AU57)/100) -> 1014.356 | DN57: 0 | DO57: 0 | DP57: 1 | DQ57: 1 | DU57: 1005 | DV57: 100 м2 | DW57: 100 м2 | DX57: 100 | EE57: 16510566 | EF57: 6 | EG57: Ремонтно-строительные работы | EH57: 0 | EJ57: 1 | EK57: 57001 | EL57: Полы | EM57: рФЕР-57 | EQ57: 0 | ER57: 116.22 | ES57: 0 | ET57: 0 | EU57: 0 | EV57: 116.22 | EW57: 14.9 | EX57: 0 | EY57: 0 | FQ57: 0 | FR57: =ROUND(IF(AND(BH57=3,BI57=3),P57,0),2) -> 0 | FS57: 0 | FX57: 80 | FY57: 68 | GD57: 0 | GF57: -1326636835 | GG57: 1 | GH57: 1 | GI57: 4 | GJ57: 0 | GK57: =ROUND(R57*(S12)/100,2) -> 0 | GL57: =ROUND(IF(AND(BH57=3,BI57=3,FS57<>0),P57,0),2) -> 0 | GM57: =ROUND(O57+X57+Y57+GK57,2)+GX57 -> 3699.42 | GN57: =IF(OR(BI57=0,BI57=1),ROUND(O57+X57+Y57+GK57,2),0) -> 3699.42 | GO57: =IF(BI57=2,ROUND(O57+X57+Y57+GK57,2),0) -> 0 | GP57: =IF(BI57=4,ROUND(O57+X57+Y57+GK57,2)+GX57,0) -> 0 | GR57: 0 | GS57: 3 | GT57: 0 | GV57: =ROUND((GT57),6) -> 0 | GW57: 1 | GX57: =ROUND(HC57*I57,2) -> 0 | HA57: 0 | HB57: 0 | HC57: =GV57*GW57 -> 0 | IK57: 0
A59: 51 | B59: =B24 -> 1 | C59: =A24 -> 4 | D59: =ROW(A24) -> 24 | F59: =IF(F24<>"",F24,"") -> Новый раздел | G59: =IF(G24<>"",G24,"") -> Раздел 1: Демонтажные работы | H59: 0 | O59: =ROUND(AB59,2) -> 7241.76 | P59: =ROUND(AC59,2) -> 0 | Q59: =ROUND(AD59,2) -> 579.12 | R59: =ROUND(AE59,2) -> 58.58 | S59: =ROUND(AF59,2) -> 6662.64 | T59: =ROUND(AG59,2) -> 0 | U59: =AH59 -> 755.43033 | V59: =AI59 -> 4.7937502 | W59: =ROUND(AJ59,2) -> 0 | X59: =ROUND(AK59,2) -> 5820.26 | Y59: =ROUND(AL59,2) -> 4419.59 | AB59: =ROUND(SUMIF(AA28:AA57,"=16781625",O28:O57),2) -> 7241.76 | AC59: =ROUND(SUMIF(AA28:AA57,"=16781625",P28:P57),2) -> 0 | AD59: =ROUND(SUMIF(AA28:AA57,"=16781625",Q28:Q57),2) -> 579.12 | AE59: =ROUND(SUMIF(AA28:AA57,"=16781625",R28:R57),2) -> 58.58 | AF59: =ROUND(SUMIF(AA28:AA57,"=16781625",S28:S57),2) -> 6662.64 | AG59: =ROUND(SUMIF(AA28:AA57,"=16781625",T28:T57),2) -> 0 | AH59: =SUMIF(AA28:AA57,"=16781625",U28:U57) -> 755.43033 | AI59: =SUMIF(AA28:AA57,"=16781625",V28:V57) -> 4.7937502 | AJ59: =ROUND(SUMIF(AA28:AA57,"=16781625",W28:W57),2) -> 0 | AK59: =ROUND(SUMIF(AA28:AA57,"=16781625",X28:X57),2) -> 5820.26 | AL59: =ROUND(SUMIF(AA28:AA57,"=16781625",Y28:Y57),2) -> 4419.59 | AO59: =ROUND(BX59,2) -> 0 | AP59: =ROUND(BY59,2) -> 0 | AQ59: =ROUND(BZ59,2) -> 0 | AR59: =ROUND(CA59,2) -> 17481.61 | AS59: =ROUND(CB59,2) -> 17423.42 | AT59: =ROUND(CC59,2) -> 58.19 | AU59: =ROUND(CD59,2) -> 0 | AV59: =ROUND(CE59,2) -> 0 | ... BC59: =ROUND(CL59,2) -> 0 | BX59: =ROUND(SUMIF(AA28:AA57,"=16781625",FQ28:FQ57),2) -> 0 | BY59: =ROUND(SUMIF(AA28:AA57,"=16781625",FR28:FR57),2) -> 0 | BZ59: =ROUND(SUMIF(AA28:AA57,"=16781625",GL28:GL57),2) -> 0 | CA59: =ROUND(SUMIF(AA28:AA57,"=16781625",GM28:GM57),2) -> 17481.61 | CB59: =ROUND(SUMIF(AA28:AA57,"=16781625",GN28:GN57),2) -> 17423.42 | CC59: =ROUND(SUMIF(AA28:AA57,"=16781625",GO28:GO57),2) -> 58.19 | CD59: =ROUND(SUMIF(AA28:AA57,"=16781625",GP28:GP57),2) -> 0 | CE59: =AC59-BX59 -> 0 | CF59: =AC59-BY59 -> 0 | CG59: =BX59-BZ59 -> 0 | CH59: =AC59-BX59-BY59+BZ59 -> 0 | CI59: =BY59-BZ59 -> 0 | CJ59: =ROUND(SUMIF(AA28:AA57,"=16781625",GX28:GX57),2) -> 0 | CK59: =ROUND(SUMIF(AA28:AA57,"=16781625",GY28:GY57),2) -> 0 | CL59: =ROUND(SUMIF(AA28:AA57,"=16781625",GZ28:GZ57),2) -> 0 | DG59: =ROUND(DT59,2) -> 48230.01 | DH59: =ROUND(DU59,2) -> 0 | DI59: =ROUND(DV59,2) -> 3856.96 | DJ59: =ROUND(DW59,2) -> 390.16 | DK59: =ROUND(DX59,2) -> 44373.05 | DL59: =ROUND(DY59,2) -> 0 | DM59: =DZ59 -> 755.43033 | DN59: =EA59 -> 4.7937502 | DO59: =ROUND(EB59,2) -> 0 | DP59: =ROUND(EC59,2) -> 38762.75 | DQ59: =ROUND(ED59,2) -> 29434.28 | DT59: =ROUND(SUMIF(AA28:AA57,"=16781639",O28:O57),2) -> 48230.01 | DU59: =ROUND(SUMIF(AA28:AA57,"=16781639",P28:P57),2) -> 0 | DV59: =ROUND(SUMIF(AA28:AA57,"=16781639",Q28:Q57),2) -> 3856.96 | DW59: =ROUND(SUMIF(AA28:AA57,"=16781639",R28:R57),2) -> 390.16 | DX59: =ROUND(SUMIF(AA28:AA57,"=16781639",S28:S57),2) -> 44373.05 | DY59: =ROUND(SUMIF(AA28:AA57,"=16781639",T28:T57),2) -> 0 | DZ59: =SUMIF(AA28:AA57,"=16781639",U28:U57) -> 755.43033 | EA59: =SUMIF(AA28:AA57,"=16781639",V28:V57) -> 4.7937502 | EB59: =ROUND(SUMIF(AA28:AA57,"=16781639",W28:W57),2) -> 0 | EC59: =ROUND(SUMIF(AA28:AA57,"=16781639",X28:X57),2) -> 38762.75 | ED59: =ROUND(SUMIF(AA28:AA57,"=16781639",Y28:Y57),2) -> 29434.28 | EG59: =ROUND(FP59,2) -> 0 | EH59: =ROUND(FQ59,2) -> 0 | EI59: =ROUND(FR59,2) -> 0 | EJ59: =ROUND(FS59,2) -> 116427.04 | EK59: =ROUND(FT59,2) -> 116039.57 | EL59: =ROUND(FU59,2) -> 387.47 | EM59: =ROUND(FV59,2) -> 0 | EN59: =ROUND(FW59,2) -> 0 | ... EU59: =ROUND(GD59,2) -> 0 | FP59: =ROUND(SUMIF(AA28:AA57,"=16781639",FQ28:FQ57),2) -> 0 | FQ59: =ROUND(SUMIF(AA28:AA57,"=16781639",FR28:FR57),2) -> 0 | FR59: =ROUND(SUMIF(AA28:AA57,"=16781639",GL28:GL57),2) -> 0 | FS59: =ROUND(SUMIF(AA28:AA57,"=16781639",GM28:GM57),2) -> 116427.04 | FT59: =ROUND(SUMIF(AA28:AA57,"=16781639",GN28:GN57),2) -> 116039.57 | FU59: =ROUND(SUMIF(AA28:AA57,"=16781639",GO28:GO57),2) -> 387.47 | FV59: =ROUND(SUMIF(AA28:AA57,"=16781639",GP28:GP57),2) -> 0 | FW59: =DU59-FP59 -> 0 | FX59: =DU59-FQ59 -> 0 | FY59: =FP59-FR59 -> 0 | FZ59: =DU59-FP59-FQ59+FR59 -> 0 | GA59: =FQ59-FR59 -> 0 | GB59: =ROUND(SUMIF(AA28:AA57,"=16781639",GX28:GX57),2) -> 0 | GC59: =ROUND(SUMIF(AA28:AA57,"=16781639",GY28:GY57),2) -> 0 | GD59: =ROUND(SUMIF(AA28:AA57,"=16781639",GZ28:GZ57),2) -> 0 | GX59: 0
A61: 50 | B61: 0 | C61: 0 | D61: 1 | E61: 201 | F61: =ROUND(Source!O59,O61) -> 7241.76 | G61: ПЗ | H61: Прямые затраты | K61: 201 | L61: 1 | M61: 3 | O61: 2 | P61: =ROUND(Source!DG59,O61) -> 48230.01
A62: 50 | B62: 0 | C62: 0 | D62: 1 | E62: 202 | F62: =ROUND(Source!P59,O62) -> 0 | G62: СтМатОб | H62: Стоимость материальных ресурсов (всего) | K62: 202 | L62: 2 | M62: 3 | O62: 2 | P62: =ROUND(Source!DH59,O62) -> 0
A63: 50 | B63: 0 | C63: 0 | D63: 1 | E63: 222 | F63: =ROUND(Source!AO59,O63) -> 0 | G63: СтМатОбЗак | H63: Стоимость материалов и оборудования заказчика | K63: 222 | L63: 3 | M63: 3 | O63: 2 | P63: =ROUND(Source!EG59,O63) -> 0
A64: 50 | B64: 0 | C64: 0 | D64: 1 | E64: 225 | F64: =ROUND(Source!AV59,O64) -> 0 | G64: СтМатОбПод | H64: Стоимость материалов и оборудования подрядчика | K64: 225 | L64: 4 | M64: 3 | O64: 2 | P64: =ROUND(Source!EN59,O64) -> 0
A65: 50 | B65: 0 | C65: 0 | D65: 1 | E65: 226 | F65: =ROUND(Source!AW59,O65) -> 0 | G65: СтМат | H65: Стоимость материалов (всего) | K65: 226 | L65: 5 | M65: 3 | O65: 2 | P65: =ROUND(Source!EO59,O65) -> 0
A66: 50 | B66: 0 | C66: 0 | D66: 1 | E66: 227 | F66: =ROUND(Source!AX59,O66) -> 0 | G66: СтМатЗак | H66: Стоимость материалов заказчика | K66: 227 | L66: 6 | M66: 3 | O66: 2 | P66: =ROUND(Source!EP59,O66) -> 0
A67: 50 | B67: 0 | C67: 0 | D67: 1 | E67: 228 | F67: =ROUND(Source!AY59,O67) -> 0 | G67: СтМатПод | H67: Стоимость материалов подрядчика | K67: 228 | L67: 7 | M67: 3 | O67: 2 | P67: =ROUND(Source!EQ59,O67) -> 0
A68: 50 | B68: 0 | C68: 0 | D68: 1 | E68: 216 | F68: =ROUND(Source!AP59,O68) -> 0 | G68: Оборуд | H68: Стоимость оборудования (всего) | K68: 216 | L68: 8 | M68: 3 | O68: 2 | P68: =ROUND(Source!EH59,O68) -> 0
A69: 50 | B69: 0 | C69: 0 | D69: 1 | E69: 223 | F69: =ROUND(Source!AQ59,O69) -> 0 | G69: ОборудЗак | H69: Стоимость оборудования заказчика | K69: 223 | L69: 9 | M69: 3 | O69: 2 | P69: =ROUND(Source!EI59,O69) -> 0
A70: 50 | B70: 0 | C70: 0 | D70: 1 | E70: 229 | F70: =ROUND(Source!AZ59,O70) -> 0 | G70: ОборудПод | H70: Стоимость оборудования подрядчика | K70: 229 | L70: 10 | M70: 3 | O70: 2 | P70: =ROUND(Source!ER59,O70) -> 0
A71: 50 | B71: 0 | C71: 0 | D71: 1 | E71: 203 | F71: =ROUND(Source!Q59,O71) -> 579.12 | G71: ЭММ | H71: Эксплуатация машин | K71: 203 | L71: 11 | M71: 3 | O71: 2 | P71: =ROUND(Source!DI59,O71) -> 3856.96
A72: 50 | B72: 0 | C72: 0 | D72: 1 | E72: 231 | F72: =ROUND(Source!BB59,O72) -> 0 | G72: ЭММсНРиСП | H72: Эксплуатация машин по ТСН-2001.16 | K72: 231 | L72: 12 | M72: 3 | O72: 2 | P72: =ROUND(Source!ET59,O72) -> 0
A73: 50 | B73: 0 | C73: 0 | D73: 1 | E73: 204 | F73: =ROUND(Source!R59,O73) -> 58.58 | G73: ЗПМ | H73: ЗП машинистов | K73: 204 | L73: 13 | M73: 3 | O73: 2 | P73: =ROUND(Source!DJ59,O73) -> 390.16
A74: 50 | B74: 0 | C74: 0 | D74: 1 | E74: 205 | F74: =ROUND(Source!S59,O74) -> 6662.64 | G74: ОЗП | H74: Основная ЗП рабочих | K74: 205 | L74: 14 | M74: 3 | O74: 2 | P74: =ROUND(Source!DK59,O74) -> 44373.05
A75: 50 | B75: 0 | C75: 0 | D75: 1 | E75: 232 | F75: =ROUND(Source!BC59,O75) -> 0 | G75: ОЗПсНРиСП | H75: Основная ЗП рабочих по ТСН-2001.16 | K75: 232 | L75: 15 | M75: 3 | O75: 2 | P75: =ROUND(Source!EU59,O75) -> 0
A76: 50 | B76: 0 | C76: 0 | D76: 1 | E76: 214 | F76: =ROUND(Source!AS59,O76) -> 17423.42 | G76: Строит | H76: Строительные работы с НР и СП | K76: 214 | L76: 16 | M76: 3 | O76: 2 | P76: =ROUND(Source!EK59,O76) -> 116039.57
A77: 50 | B77: 0 | C77: 0 | D77: 1 | E77: 215 | F77: =ROUND(Source!AT59,O77) -> 58.19 | G77: Монтаж | H77: Монтажные работы с НР и СП | K77: 215 | L77: 17 | M77: 3 | O77: 2 | P77: =ROUND(Source!EL59,O77) -> 387.47
A78: 50 | B78: 0 | C78: 0 | D78: 1 | E78: 217 | F78: =ROUND(Source!AU59,O78) -> 0 | G78: Прочие | H78: Прочие работы с НР и СП | K78: 217 | L78: 18 | M78: 3 | O78: 2 | P78: =ROUND(Source!EM59,O78) -> 0
A79: 50 | B79: 0 | C79: 0 | D79: 1 | E79: 230 | F79: =ROUND(Source!BA59,O79) -> 0 | G79: ПрочиеЗатр | H79: Прочие затраты по ТСН-2001.16 | K79: 230 | L79: 19 | M79: 3 | O79: 2 | P79: =ROUND(Source!ES59,O79) -> 0
A80: 50 | B80: 0 | C80: 0 | D80: 1 | E80: 206 | F80: =ROUND(Source!T59,O80) -> 0 | G80: ВозврМат | H80: Возврат материалов | K80: 206 | L80: 20 | M80: 3 | O80: 2 | P80: =ROUND(Source!DL59,O80) -> 0
A81: 50 | B81: 0 | C81: 0 | D81: 1 | E81: 207 | F81: =Source!U59 -> 755.43033 | G81: ТрудСтр | H81: Трудозатраты строителей | K81: 207 | L81: 21 | M81: 3 | O81: -1 | P81: =Source!DM59 -> 755.43033
A82: 50 | B82: 0 | C82: 0 | D82: 1 | E82: 208 | F82: =Source!V59 -> 4.7937502 | G82: ТрудМаш | H82: Трудозатраты машинистов | K82: 208 | L82: 22 | M82: 3 | O82: -1 | P82: =Source!DN59 -> 4.7937502
A83: 50 | B83: 0 | C83: 0 | D83: 1 | E83: 209 | F83: =ROUND(Source!W59,O83) -> 0 | G83: ТранспМат | H83: Транспорт материалов | K83: 209 | L83: 23 | M83: 3 | O83: 2 | P83: =ROUND(Source!DO59,O83) -> 0
A84: 50 | B84: 0 | C84: 0 | D84: 1 | E84: 210 | F84: =ROUND(Source!X59,O84) -> 5820.26 | G84: НР | H84: Накладные расходы | K84: 210 | L84: 24 | M84: 3 | O84: 2 | P84: =ROUND(Source!DP59,O84) -> 38762.75
A85: 50 | B85: 0 | C85: 0 | D85: 1 | E85: 211 | F85: =ROUND(Source!Y59,O85) -> 4419.59 | G85: СмПриб | H85: Сметная прибыль | K85: 211 | L85: 25 | M85: 3 | O85: 2 | P85: =ROUND(Source!DQ59,O85) -> 29434.28
A86: 50 | B86: 0 | C86: 0 | D86: 1 | E86: 224 | F86: =ROUND(Source!AR59,O86) -> 17481.61 | G86: Всего | H86: Всего с НР и СП | K86: 224 | L86: 26 | M86: 3 | O86: 2 | P86: =ROUND(Source!EJ59,O86) -> 116427.04
A88: 4 | B88: 1 | D88: =ROW(A320) -> 320 | F88: Новый раздел | G88: Раздел 2: Общестроительные работы | I88: 0 | K88: 0 | V88: 0 | BX88: 0 | CJ88: 0
A90: 52 | B90: =B320 -> 1 | C90: =C320 -> 4 | D90: =D320 -> 88 | E90: =E320 -> 0 | F90: =F320 -> Новый раздел | G90: =G320 -> Раздел 2: Общестроительные работы | O90: =O320 -> 192216.19 | P90: =P320 -> 175090.01 | Q90: =Q320 -> 3760.99 | R90: =R320 -> 595.17 | S90: =S320 -> 13365.19 | T90: =T320 -> 0 | U90: =U320 -> 1531.6277 | V90: =V320 -> 53.211633 | ... GX90: =GX320 -> 0
A92: 5 | B92: 1 | D92: =ROW(A101) -> 101 | F92: Новый подраздел | G92: Потолок | I92: 0 | K92: 0 | V92: 0 | BX92: 0 | CJ92: 0
A94: 52 | B94: =B101 -> 1 | C94: =C101 -> 5 | D94: =D101 -> 92 | E94: =E101 -> 0 | F94: =F101 -> Новый подраздел | G94: =G101 -> Потолок | O94: =O101 -> 19786.85 | P94: =P101 -> 13921.8 | Q94: =Q101 -> 1214.37 | R94: =R101 -> 240.44 | S94: =S101 -> 4650.68 | T94: =T101 -> 0 | U94: =U101 -> 503.67479 | V94: =V101 -> 20.19224 | ... GX94: =GX101 -> 0
A96: 17 | B96: 1 | C96: =ROW(SmtRes!A179) -> 179 | D96: =ROW(EtalonRes!A198) -> 198 | E96: 16 | F96: 61-2-7 | G96: Ремонт штукатурки внутренних стен по камню и бетону цементно-известковым раствором, площадью отдельных мест до 1 м2 толщиной слоя до 20 мм | H96: 100 м2 | I96: =ROUND(68/100,9) -> 0.68 | J96: 0 | O96: =ROUND(CP96,2) -> 2165.37 | P96: =ROUND(CQ96*I96,2) -> 775.37 | Q96: =ROUND(CR96*I96,2) -> 14.24 | R96: =ROUND(CS96*I96,2) -> 6.15 | S96: =ROUND(CT96*I96,2) -> 1375.76 | T96: =ROUND(CU96*I96,2) -> 0 | U96: =CV96*I96 -> 155.278 | V96: =CW96*I96 -> 0.4556 | W96: =ROUND(CX96*I96,2) -> 0 | X96: =ROUND(CY96,2) -> 1091.71 | Y96: =ROUND(CZ96,2) -> 690.96 | AA96: 16781625 | AB96: =ROUND((AC96+AD96+AF96),6) -> 3184.37 | AC96: =ROUND((ES96),6) -> 1140.25 | AD96: =ROUND((((ET96)-(EU96))+AE96),6) -> 20.94 | AE96: =ROUND((EU96),6) -> 9.05 | AF96: =ROUND((EV96),6) -> 2023.18 | AG96: =ROUND((AP96),6) -> 0 | AH96: =(EW96) -> 228.35 | AI96: =(EX96) -> 0.67 | AJ96: =(AS96) -> 0 | AK96: 3184.37 | AL96: 1140.25 | AM96: 20.94 | AN96: 9.05 | AO96: 2023.18 | AP96: 0 | AQ96: 228.35 | AR96: 0.67 | AS96: 0 | AT96: 79 | AU96: 50 | AV96: 1 | AW96: 1 | AZ96: 1 | BA96: 1 | BB96: 1 | BC96: 1 | BH96: 0 | BI96: 1 | BJ96: ФЕРр-2001, 61-2-7, приказ Минстроя России №1039/пр от 30.12.2016г. | BM96: 61001 | BN96: 0 | BP96: 0 | BQ96: 6 | BR96: 0 | BS96: 1 | BT96: 1 | BU96: 1 | BV96: 1 | BW96: 1 | BX96: 1 | BZ96: 79 | CA96: 50 | CE96: 0 | CF96: 0 | CG96: 0 | CM96: 0 | CO96: 0 | CP96: =(P96+Q96+S96) -> 2165.37 | CQ96: =AC96*BC96 -> 1140.25 | CR96: =AD96*BB96 -> 20.94 | CS96: =AE96*BS96 -> 9.05 | CT96: =AF96*BA96 -> 2023.18 | CU96: =AG96 -> 0 | CV96: =AH96 -> 228.35 | CW96: =AI96 -> 0.67 | CX96: =AJ96 -> 0 | CY96: =(((S96+R96)*AT96)/100) -> 1091.7089 | CZ96: =(((S96+R96)*AU96)/100) -> 690.955 | DN96: 0 | DO96: 0 | DP96: 1 | DQ96: 1 | DU96: 1005 | DV96: 100 м2 | DW96: 100 м2 | DX96: 100 | EE96: 16510570 | EF96: 6 | EG96: Ремонтно-строительные работы | EH96: 0 | EJ96: 1 | EK96: 61001 | EL96: Штукатрурные работы | EM96: рФЕР-61 | EQ96: 0 | ER96: 3184.37 | ES96: 1140.25 | ET96: 20.94 | EU96: 9.05 | EV96: 2023.18 | EW96: 228.35 | EX96: 0.67 | EY96: 0 | FQ96: 0 | FR96: =ROUND(IF(AND(BH96=3,BI96=3),P96,0),2) -> 0 | FS96: 0 | FX96: 79 | FY96: 50 | GD96: 0 | GF96: -1050670095 | GG96: 2 | GH96: 1 | GI96: -2 | GJ96: 0 | GK96: =ROUND(R96*(R12)/100,2) -> 0 | GL96: =ROUND(IF(AND(BH96=3,BI96=3,FS96<>0),P96,0),2) -> 0 | GM96: =ROUND(O96+X96+Y96+GK96,2)+GX96 -> 3948.04 | GN96: =IF(OR(BI96=0,BI96=1),ROUND(O96+X96+Y96+GK96,2),0) -> 3948.04 | GO96: =IF(BI96=2,ROUND(O96+X96+Y96+GK96,2),0) -> 0 | GP96: =IF(BI96=4,ROUND(O96+X96+Y96+GK96,2)+GX96,0) -> 0 | GR96: 0 | GS96: 3 | GT96: 0 | GV96: =ROUND((GT96),6) -> 0 | GW96: 1 | GX96: =ROUND(HC96*I96,2) -> 0 | HA96: 0 | HB96: 0 | HC96: =GV96*GW96 -> 0 | IK96: 0
A97: 17 | B97: 1 | C97: =ROW(SmtRes!A184) -> 184 | D97: =ROW(EtalonRes!A204) -> 204 | E97: 16 | F97: 61-2-7 | G97: Ремонт штукатурки внутренних стен по камню и бетону цементно-известковым раствором, площадью отдельных мест до 1 м2 толщиной слоя до 20 мм | H97: 100 м2 | I97: =ROUND(68/100,9) -> 0.68 | J97: 0 | O97: =ROUND(CP97,2) -> 14421.37 | P97: =ROUND(CQ97*I97,2) -> 5163.96 | Q97: =ROUND(CR97*I97,2) -> 94.83 | R97: =ROUND(CS97*I97,2) -> 40.99 | S97: =ROUND(CT97*I97,2) -> 9162.58 | T97: =ROUND(CU97*I97,2) -> 0 | U97: =CV97*I97 -> 155.278 | V97: =CW97*I97 -> 0.4556 | W97: =ROUND(CX97*I97,2) -> 0 | X97: =ROUND(CY97,2) -> 7270.82 | Y97: =ROUND(CZ97,2) -> 4601.79 | AA97: 16781639 | AB97: =ROUND((AC97+AD97+AF97),6) -> 3184.37 | AC97: =ROUND((ES97),6) -> 1140.25 | AD97: =ROUND((((ET97)-(EU97))+AE97),6) -> 20.94 | AE97: =ROUND((EU97),6) -> 9.05 | AF97: =ROUND((EV97),6) -> 2023.18 | AG97: =ROUND((AP97),6) -> 0 | AH97: =(EW97) -> 228.35 | AI97: =(EX97) -> 0.67 | AJ97: =(AS97) -> 0 | AK97: 3184.37 | AL97: 1140.25 | AM97: 20.94 | AN97: 9.05 | AO97: 2023.18 | AP97: 0 | AQ97: 228.35 | AR97: 0.67 | AS97: 0 | AT97: 79 | AU97: 50 | AV97: 1 | AW97: 1 | AZ97: 6.66 | BA97: 6.66 | BB97: 6.66 | BC97: 6.66 | BH97: 0 | BI97: 1 | BJ97: ФЕРр-2001, 61-2-7, приказ Минстроя России №1039/пр от 30.12.2016г. | BM97: 61001 | BN97: 0 | BP97: 0 | BQ97: 6 | BR97: 0 | BS97: 6.66 | BT97: 1 | BU97: 1 | BV97: 1 | BW97: 1 | BX97: 1 | BZ97: 79 | CA97: 50 | CE97: 0 | CF97: 0 | CG97: 0 | CM97: 0 | CO97: 0 | CP97: =(P97+Q97+S97) -> 14421.37 | CQ97: =AC97*BC97 -> 7594.065 | CR97: =AD97*BB97 -> 139.4604 | CS97: =AE97*BS97 -> 60.273 | CT97: =AF97*BA97 -> 13474.379 | CU97: =AG97 -> 0 | CV97: =AH97 -> 228.35 | CW97: =AI97 -> 0.67 | CX97: =AJ97 -> 0 | CY97: =(((S97+R97)*AT97)/100) -> 7270.8203 | CZ97: =(((S97+R97)*AU97)/100) -> 4601.785 | DN97: 0 | DO97: 0 | DP97: 1 | DQ97: 1 | DU97: 1005 | DV97: 100 м2 | DW97: 100 м2 | DX97: 100 | EE97: 16510570 | EF97: 6 | EG97: Ремонтно-строительные работы | EH97: 0 | EJ97: 1 | EK97: 61001 | EL97: Штукатрурные работы | EM97: рФЕР-61 | EQ97: 0 | ER97: 3184.37 | ES97: 1140.25 | ET97: 20.94 | EU97: 9.05 | EV97: 2023.18 | EW97: 228.35 | EX97: 0.67 | EY97: 0 | FQ97: 0 | FR97: =ROUND(IF(AND(BH97=3,BI97=3),P97,0),2) -> 0 | FS97: 0 | FX97: 79 | FY97: 50 | GD97: 0 | GF97: -1050670095 | GG97: 1 | GH97: 1 | GI97: 4 | GJ97: 0 | GK97: =ROUND(R97*(S12)/100,2) -> 0 | GL97: =ROUND(IF(AND(BH97=3,BI97=3,FS97<>0),P97,0),2) -> 0 | GM97: =ROUND(O97+X97+Y97+GK97,2)+GX97 -> 26293.98 | GN97: =IF(OR(BI97=0,BI97=1),ROUND(O97+X97+Y97+GK97,2),0) -> 26293.98 | GO97: =IF(BI97=2,ROUND(O97+X97+Y97+GK97,2),0) -> 0 | GP97: =IF(BI97=4,ROUND(O97+X97+Y97+GK97,2)+GX97,0) -> 0 | GR97: 0 | GS97: 3 | GT97: 0 | GV97: =ROUND((GT97),6) -> 0 | GW97: 1 | GX97: =ROUND(HC97*I97,2) -> 0 | HA97: 0 | HB97: 0 | HC97: =GV97*GW97 -> 0 | IK97: 0
A98: 17 | B98: 1 | C98: =ROW(SmtRes!A189) -> 189 | D98: =ROW(EtalonRes!A209) -> 209 | E98: 17 | F98: 15-01-047-15 | G98: Устройство подвесных потолков типа <Армстронг> по каркасу из оцинкованного профиля | H98: 100 м2 | I98: =ROUND(246.4/100,9) -> 2.464 | J98: 0 | O98: =ROUND(CP98,2) -> 17621.48 | P98: =ROUND(CQ98*I98,2) -> 13146.43 | Q98: =ROUND(CR98*I98,2) -> 1200.13 | R98: =ROUND(CS98*I98,2) -> 234.29 | S98: =ROUND(CT98*I98,2) -> 3274.92 | T98: =ROUND(CU98*I98,2) -> 0 | U98: =CV98*I98 -> 348.39679 | V98: =CW98*I98 -> 19.73664 | W98: =ROUND(CX98*I98,2) -> 0 | X98: =ROUND(CY98,2) -> 3333.75 | Y98: =ROUND(CZ98,2) -> 1649.33 | AA98: 16781625 | AB98: =ROUND((AC98+AD98+AF98),6) -> 7151.5706 | AC98: =ROUND((ES98),6) -> 5335.4 | AD98: =ROUND((((((ET98*1.25)*1.2))-(((EU98*1.25)*1.2)))+AE98),6) -> 487.065 | AE98: =ROUND((((EU98*1.25)*1.2)),6) -> 95.085 | AF98: =ROUND((((EV98*1.15)*1.2)),6) -> 1329.1056 | AG98: =ROUND((AP98),6) -> 0 | AH98: =(((EW98*1.15)*1.2)) -> 141.3948 | AI98: =(((EX98*1.25)*1.2)) -> 8.01 | AJ98: =(AS98) -> 0 | AK98: 6623.23 | AL98: 5335.4 | AM98: 324.71 | AN98: 63.39 | AO98: 963.12 | AP98: 0 | AQ98: 102.46 | AR98: 5.34 | AS98: 0 | AT98: 95 | AU98: 47 | AV98: 1 | AW98: 1 | AZ98: 1 | BA98: 1 | BB98: 1 | BC98: 1 | BH98: 0 | BI98: 1 | BJ98: ФЕР-2001, 15-01-047-15, приказ Минстроя России №1039/пр от 30.12.2016г. | BM98: 15001 | BN98: 0 | BP98: 0 | BQ98: 2 | BR98: 0 | BS98: 1 | BT98: 1 | BU98: 1 | BV98: 1 | BW98: 1 | BX98: 1 | BZ98: 105 | CA98: 55 | CE98: 0 | CF98: 0 | CG98: 0 | CM98: 0 | CN98: Поправка: МДС 81-35.2004, п.4.7 Наименование: Работы, выполняемые при реконструкции зданий и сооружений работы, аналогичные технологическим процессам в новом строительстве (в том числе возведение новых конструктивных элементов) стоимость которых определена по соответствующим сборникам ФЕР, кроме сборника № 46 «Работы при реконструкции зданий и сооружений» Поправка: МДС 81-35.2004, прил.1, т.1, п.2 Наименование: Производство строительных и других работ в существующих зданиях и сооружениях, освобожденных от оборудования и других предметов, мешающих нормальному производству работ. | CO98: 0 | CP98: =(P98+Q98+S98) -> 17621.48 | CQ98: =AC98*BC98 -> 5335.4 | CR98: =AD98*BB98 -> 487.065 | CS98: =AE98*BS98 -> 95.085 | CT98: =AF98*BA98 -> 1329.1056 | CU98: =AG98 -> 0 | CV98: =AH98 -> 141.3948 | CW98: =AI98 -> 8.01 | CX98: =AJ98 -> 0 | CY98: =(((S98+R98)*AT98)/100) -> 3333.7495 | CZ98: =(((S98+R98)*AU98)/100) -> 1649.3287 | DE98: )*1,25)*1,2 | DF98: )*1,25)*1,2 | DG98: )*1,15)*1,2 | DI98: )*1,15)*1,2 | DJ98: )*1,25)*1,2 | DN98: 0 | DO98: 0 | DP98: 1 | DQ98: 1 | DU98: 1005 | DV98: 100 м2 | DW98: 100 м2 | DX98: 100 | EE98: 16510513 | EF98: 2 | EG98: Общестроительные работы | EH98: 0 | EJ98: 1 | EK98: 15001 | EL98: Отделочные работы | EM98: ФЕР-15 | EO98: Поправка: МДС 81-35.2004, п.4.7 Поправка: МДС 81-35.2004, прил.1, т.1, п.2 | EQ98: 0 | ER98: 6623.23 | ES98: 5335.4 | ET98: 324.71 | EU98: 63.39 | EV98: 963.12 | EW98: 102.46 | EX98: 5.34 | EY98: 0 | FQ98: 0 | FR98: =ROUND(IF(AND(BH98=3,BI98=3),P98,0),2) -> 0 | FS98: 0 | FT98: *0,9 | FU98: *0,85 | FX98: 94.5 | FY98: 46.75 | GD98: 0 | GF98: -59192285 | GG98: 2 | GH98: 1 | GI98: -2 | GJ98: 0 | GK98: =ROUND(R98*(R12)/100,2) -> 0 | GL98: =ROUND(IF(AND(BH98=3,BI98=3,FS98<>0),P98,0),2) -> 0 | GM98: =ROUND(O98+X98+Y98+GK98,2)+GX98 -> 22604.56 | GN98: =IF(OR(BI98=0,BI98=1),ROUND(O98+X98+Y98+GK98,2),0) -> 22604.56 | GO98: =IF(BI98=2,ROUND(O98+X98+Y98+GK98,2),0) -> 0 | GP98: =IF(BI98=4,ROUND(O98+X98+Y98+GK98,2)+GX98,0) -> 0 | GR98: 0 | GS98: 3 | GT98: 0 | GV98: =ROUND((GT98),6) -> 0 | GW98: 1 | GX98: =ROUND(HC98*I98,2) -> 0 | HA98: 0 | HB98: 0 | HC98: =GV98*GW98 -> 0 | IK98: 0
A99: 17 | B99: 1 | C99: =ROW(SmtRes!A194) -> 194 | D99: =ROW(EtalonRes!A214) -> 214 | E99: 17 | F99: 15-01-047-15 | G99: Устройство подвесных потолков типа <Армстронг> по каркасу из оцинкованного профиля | H99: 100 м2 | I99: =ROUND(246.4/100,9) -> 2.464 | J99: 0 | O99: =ROUND(CP99,2) -> 117358.98 | P99: =ROUND(CQ99*I99,2) -> 87555.19 | Q99: =ROUND(CR99*I99,2) -> 7992.85 | R99: =ROUND(CS99*I99,2) -> 1560.37 | S99: =ROUND(CT99*I99,2) -> 21810.94 | T99: =ROUND(CU99*I99,2) -> 0 | U99: =CV99*I99 -> 348.39679 | V99: =CW99*I99 -> 19.73664 | W99: =ROUND(CX99*I99,2) -> 0 | X99: =ROUND(CY99,2) -> 22202.74 | Y99: =ROUND(CZ99,2) -> 10984.52 | AA99: 16781639 | AB99: =ROUND((AC99+AD99+AF99),6) -> 7151.5706 | AC99: =ROUND((ES99),6) -> 5335.4 | AD99: =ROUND((((((ET99*1.25)*1.2))-(((EU99*1.25)*1.2)))+AE99),6) -> 487.065 | AE99: =ROUND((((EU99*1.25)*1.2)),6) -> 95.085 | AF99: =ROUND((((EV99*1.15)*1.2)),6) -> 1329.1056 | AG99: =ROUND((AP99),6) -> 0 | AH99: =(((EW99*1.15)*1.2)) -> 141.3948 | AI99: =(((EX99*1.25)*1.2)) -> 8.01 | AJ99: =(AS99) -> 0 | AK99: 6623.23 | AL99: 5335.4 | AM99: 324.71 | AN99: 63.39 | AO99: 963.12 | AP99: 0 | AQ99: 102.46 | AR99: 5.34 | AS99: 0 | AT99: 95 | AU99: 47 | AV99: 1 | AW99: 1 | AZ99: 6.66 | BA99: 6.66 | BB99: 6.66 | BC99: 6.66 | BH99: 0 | BI99: 1 | BJ99: ФЕР-2001, 15-01-047-15, приказ Минстроя России №1039/пр от 30.12.2016г. | BM99: 15001 | BN99: 0 | BP99: 0 | BQ99: 2 | BR99: 0 | BS99: 6.66 | BT99: 1 | BU99: 1 | BV99: 1 | BW99: 1 | BX99: 1 | BZ99: 105 | CA99: 55 | CE99: 0 | CF99: 0 | CG99: 0 | CM99: 0 | CN99: Поправка: МДС 81-35.2004, п.4.7 Наименование: Работы, выполняемые при реконструкции зданий и сооружений работы, аналогичные технологическим процессам в новом строительстве (в том числе возведение новых конструктивных элементов) стоимость которых определена по соответствующим сборникам ФЕР, кроме сборника № 46 «Работы при реконструкции зданий и сооружений» Поправка: МДС 81-35.2004, прил.1, т.1, п.2 Наименование: Производство строительных и других работ в существующих зданиях и сооружениях, освобожденных от оборудования и других предметов, мешающих нормальному производству работ. | CO99: 0 | CP99: =(P99+Q99+S99) -> 117358.98 | CQ99: =AC99*BC99 -> 35533.764 | CR99: =AD99*BB99 -> 3243.8529 | CS99: =AE99*BS99 -> 633.2661 | CT99: =AF99*BA99 -> 8851.8433 | CU99: =AG99 -> 0 | CV99: =AH99 -> 141.3948 | CW99: =AI99 -> 8.01 | CX99: =AJ99 -> 0 | CY99: =(((S99+R99)*AT99)/100) -> 22202.744 | CZ99: =(((S99+R99)*AU99)/100) -> 10984.516 | DE99: )*1,25)*1,2 | DF99: )*1,25)*1,2 | DG99: )*1,15)*1,2 | DI99: )*1,15)*1,2 | DJ99: )*1,25)*1,2 | DN99: 0 | DO99: 0 | DP99: 1 | DQ99: 1 | DU99: 1005 | DV99: 100 м2 | DW99: 100 м2 | DX99: 100 | EE99: 16510513 | EF99: 2 | EG99: Общестроительные работы | EH99: 0 | EJ99: 1 | EK99: 15001 | EL99: Отделочные работы | EM99: ФЕР-15 | EO99: Поправка: МДС 81-35.2004, п.4.7 Поправка: МДС 81-35.2004, прил.1, т.1, п.2 | EQ99: 0 | ER99: 6623.23 | ES99: 5335.4 | ET99: 324.71 | EU99: 63.39 | EV99: 963.12 | EW99: 102.46 | EX99: 5.34 | EY99: 0 | FQ99: 0 | FR99: =ROUND(IF(AND(BH99=3,BI99=3),P99,0),2) -> 0 | FS99: 0 | FT99: *0,9 | FU99: *0,85 | FX99: 94.5 | FY99: 46.75 | GD99: 0 | GF99: -59192285 | GG99: 1 | GH99: 1 | GI99: 4 | GJ99: 0 | GK99: =ROUND(R99*(S12)/100,2) -> 0 | GL99: =ROUND(IF(AND(BH99=3,BI99=3,FS99<>0),P99,0),2) -> 0 | GM99: =ROUND(O99+X99+Y99+GK99,2)+GX99 -> 150546.24 | GN99: =IF(OR(BI99=0,BI99=1),ROUND(O99+X99+Y99+GK99,2),0) -> 150546.24 | GO99: =IF(BI99=2,ROUND(O99+X99+Y99+GK99,2),0) -> 0 | GP99: =IF(BI99=4,ROUND(O99+X99+Y99+GK99,2)+GX99,0) -> 0 | GR99: 0 | GS99: 3 | GT99: 0 | GV99: =ROUND((GT99),6) -> 0 | GW99: 1 | GX99: =ROUND(HC99*I99,2) -> 0 | HA99: 0 | HB99: 0 | HC99: =GV99*GW99 -> 0 | IK99: 0
A101: 51 | B101: =B92 -> 1 | C101: =A92 -> 5 | D101: =ROW(A92) -> 92 | F101: =IF(F92<>"",F92,"") -> Новый подраздел | G101: =IF(G92<>"",G92,"") -> Потолок | H101: 0 | O101: =ROUND(AB101,2) -> 19786.85 | P101: =ROUND(AC101,2) -> 13921.8 | Q101: =ROUND(AD101,2) -> 1214.37 | R101: =ROUND(AE101,2) -> 240.44 | S101: =ROUND(AF101,2) -> 4650.68 | T101: =ROUND(AG101,2) -> 0 | U101: =AH101 -> 503.67479 | V101: =AI101 -> 20.19224 | W101: =ROUND(AJ101,2) -> 0 | X101: =ROUND(AK101,2) -> 4425.46 | Y101: =ROUND(AL101,2) -> 2340.29 | AB101: =ROUND(SUMIF(AA96:AA99,"=16781625",O96:O99),2) -> 19786.85 | AC101: =ROUND(SUMIF(AA96:AA99,"=16781625",P96:P99),2) -> 13921.8 | AD101: =ROUND(SUMIF(AA96:AA99,"=16781625",Q96:Q99),2) -> 1214.37 | AE101: =ROUND(SUMIF(AA96:AA99,"=16781625",R96:R99),2) -> 240.44 | AF101: =ROUND(SUMIF(AA96:AA99,"=16781625",S96:S99),2) -> 4650.68 | AG101: =ROUND(SUMIF(AA96:AA99,"=16781625",T96:T99),2) -> 0 | AH101: =SUMIF(AA96:AA99,"=16781625",U96:U99) -> 503.67479 | AI101: =SUMIF(AA96:AA99,"=16781625",V96:V99) -> 20.19224 | AJ101: =ROUND(SUMIF(AA96:AA99,"=16781625",W96:W99),2) -> 0 | AK101: =ROUND(SUMIF(AA96:AA99,"=16781625",X96:X99),2) -> 4425.46 | AL101: =ROUND(SUMIF(AA96:AA99,"=16781625",Y96:Y99),2) -> 2340.29 | AO101: =ROUND(BX101,2) -> 0 | AP101: =ROUND(BY101,2) -> 0 | AQ101: =ROUND(BZ101,2) -> 0 | AR101: =ROUND(CA101,2) -> 26552.6 | AS101: =ROUND(CB101,2) -> 26552.6 | AT101: =ROUND(CC101,2) -> 0 | AU101: =ROUND(CD101,2) -> 0 | AV101: =ROUND(CE101,2) -> 13921.8 | ... BC101: =ROUND(CL101,2) -> 0 | BX101: =ROUND(SUMIF(AA96:AA99,"=16781625",FQ96:FQ99),2) -> 0 | BY101: =ROUND(SUMIF(AA96:AA99,"=16781625",FR96:FR99),2) -> 0 | BZ101: =ROUND(SUMIF(AA96:AA99,"=16781625",GL96:GL99),2) -> 0 | CA101: =ROUND(SUMIF(AA96:AA99,"=16781625",GM96:GM99),2) -> 26552.6 | CB101: =ROUND(SUMIF(AA96:AA99,"=16781625",GN96:GN99),2) -> 26552.6 | CC101: =ROUND(SUMIF(AA96:AA99,"=16781625",GO96:GO99),2) -> 0 | CD101: =ROUND(SUMIF(AA96:AA99,"=16781625",GP96:GP99),2) -> 0 | CE101: =AC101-BX101 -> 13921.8 | CF101: =AC101-BY101 -> 13921.8 | CG101: =BX101-BZ101 -> 0 | CH101: =AC101-BX101-BY101+BZ101 -> 13921.8 | CI101: =BY101-BZ101 -> 0 | CJ101: =ROUND(SUMIF(AA96:AA99,"=16781625",GX96:GX99),2) -> 0 | CK101: =ROUND(SUMIF(AA96:AA99,"=16781625",GY96:GY99),2) -> 0 | CL101: =ROUND(SUMIF(AA96:AA99,"=16781625",GZ96:GZ99),2) -> 0 | DG101: =ROUND(DT101,2) -> 131780.35 | DH101: =ROUND(DU101,2) -> 92719.15 | DI101: =ROUND(DV101,2) -> 8087.68 | DJ101: =ROUND(DW101,2) -> 1601.36 | DK101: =ROUND(DX101,2) -> 30973.52 | DL101: =ROUND(DY101,2) -> 0 | DM101: =DZ101 -> 503.67479 | DN101: =EA101 -> 20.19224 | DO101: =ROUND(EB101,2) -> 0 | DP101: =ROUND(EC101,2) -> 29473.56 | DQ101: =ROUND(ED101,2) -> 15586.31 | DT101: =ROUND(SUMIF(AA96:AA99,"=16781639",O96:O99),2) -> 131780.35 | DU101: =ROUND(SUMIF(AA96:AA99,"=16781639",P96:P99),2) -> 92719.15 | DV101: =ROUND(SUMIF(AA96:AA99,"=16781639",Q96:Q99),2) -> 8087.68 | DW101: =ROUND(SUMIF(AA96:AA99,"=16781639",R96:R99),2) -> 1601.36 | DX101: =ROUND(SUMIF(AA96:AA99,"=16781639",S96:S99),2) -> 30973.52 | DY101: =ROUND(SUMIF(AA96:AA99,"=16781639",T96:T99),2) -> 0 | DZ101: =SUMIF(AA96:AA99,"=16781639",U96:U99) -> 503.67479 | EA101: =SUMIF(AA96:AA99,"=16781639",V96:V99) -> 20.19224 | EB101: =ROUND(SUMIF(AA96:AA99,"=16781639",W96:W99),2) -> 0 | EC101: =ROUND(SUMIF(AA96:AA99,"=16781639",X96:X99),2) -> 29473.56 | ED101: =ROUND(SUMIF(AA96:AA99,"=16781639",Y96:Y99),2) -> 15586.31 | EG101: =ROUND(FP101,2) -> 0 | EH101: =ROUND(FQ101,2) -> 0 | EI101: =ROUND(FR101,2) -> 0 | EJ101: =ROUND(FS101,2) -> 176840.22 | EK101: =ROUND(FT101,2) -> 176840.22 | EL101: =ROUND(FU101,2) -> 0 | EM101: =ROUND(FV101,2) -> 0 | EN101: =ROUND(FW101,2) -> 92719.15 | ... EU101: =ROUND(GD101,2) -> 0 | FP101: =ROUND(SUMIF(AA96:AA99,"=16781639",FQ96:FQ99),2) -> 0 | FQ101: =ROUND(SUMIF(AA96:AA99,"=16781639",FR96:FR99),2) -> 0 | FR101: =ROUND(SUMIF(AA96:AA99,"=16781639",GL96:GL99),2) -> 0 | FS101: =ROUND(SUMIF(AA96:AA99,"=16781639",GM96:GM99),2) -> 176840.22 | FT101: =ROUND(SUMIF(AA96:AA99,"=16781639",GN96:GN99),2) -> 176840.22 | FU101: =ROUND(SUMIF(AA96:AA99,"=16781639",GO96:GO99),2) -> 0 | FV101: =ROUND(SUMIF(AA96:AA99,"=16781639",GP96:GP99),2) -> 0 | FW101: =DU101-FP101 -> 92719.15 | FX101: =DU101-FQ101 -> 92719.15 | FY101: =FP101-FR101 -> 0 | FZ101: =DU101-FP101-FQ101+FR101 -> 92719.15 | GA101: =FQ101-FR101 -> 0 | GB101: =ROUND(SUMIF(AA96:AA99,"=16781639",GX96:GX99),2) -> 0 | GC101: =ROUND(SUMIF(AA96:AA99,"=16781639",GY96:GY99),2) -> 0 | GD101: =ROUND(SUMIF(AA96:AA99,"=16781639",GZ96:GZ99),2) -> 0 | GX101: 0
A103: 50 | B103: 0 | C103: 0 | D103: 1 | E103: 201 | F103: =ROUND(Source!O101,O103) -> 19786.85 | G103: ПЗ | H103: Прямые затраты | K103: 201 | L103: 1 | M103: 3 | O103: 2 | P103: =ROUND(Source!DG101,O103) -> 131780.35
A104: 50 | B104: 0 | C104: 0 | D104: 1 | E104: 202 | F104: =ROUND(Source!P101,O104) -> 13921.8 | G104: СтМатОб | H104: Стоимость материальных ресурсов (всего) | K104: 202 | L104: 2 | M104: 3 | O104: 2 | P104: =ROUND(Source!DH101,O104) -> 92719.15
A105: 50 | B105: 0 | C105: 0 | D105: 1 | E105: 222 | F105: =ROUND(Source!AO101,O105) -> 0 | G105: СтМатОбЗак | H105: Стоимость материалов и оборудования заказчика | K105: 222 | L105: 3 | M105: 3 | O105: 2 | P105: =ROUND(Source!EG101,O105) -> 0
A106: 50 | B106: 0 | C106: 0 | D106: 1 | E106: 225 | F106: =ROUND(Source!AV101,O106) -> 13921.8 | G106: СтМатОбПод | H106: Стоимость материалов и оборудования подрядчика | K106: 225 | L106: 4 | M106: 3 | O106: 2 | P106: =ROUND(Source!EN101,O106) -> 92719.15
A107: 50 | B107: 0 | C107: 0 | D107: 1 | E107: 226 | F107: =ROUND(Source!AW101,O107) -> 13921.8 | G107: СтМат | H107: Стоимость материалов (всего) | K107: 226 | L107: 5 | M107: 3 | O107: 2 | P107: =ROUND(Source!EO101,O107) -> 92719.15
A108: 50 | B108: 0 | C108: 0 | D108: 1 | E108: 227 | F108: =ROUND(Source!AX101,O108) -> 0 | G108: СтМатЗак | H108: Стоимость материалов заказчика | K108: 227 | L108: 6 | M108: 3 | O108: 2 | P108: =ROUND(Source!EP101,O108) -> 0
A109: 50 | B109: 0 | C109: 0 | D109: 1 | E109: 228 | F109: =ROUND(Source!AY101,O109) -> 13921.8 | G109: СтМатПод | H109: Стоимость материалов подрядчика | K109: 228 | L109: 7 | M109: 3 | O109: 2 | P109: =ROUND(Source!EQ101,O109) -> 92719.15
A110: 50 | B110: 0 | C110: 0 | D110: 1 | E110: 216 | F110: =ROUND(Source!AP101,O110) -> 0 | G110: Оборуд | H110: Стоимость оборудования (всего) | K110: 216 | L110: 8 | M110: 3 | O110: 2 | P110: =ROUND(Source!EH101,O110) -> 0
A111: 50 | B111: 0 | C111: 0 | D111: 1 | E111: 223 | F111: =ROUND(Source!AQ101,O111) -> 0 | G111: ОборудЗак | H111: Стоимость оборудования заказчика | K111: 223 | L111: 9 | M111: 3 | O111: 2 | P111: =ROUND(Source!EI101,O111) -> 0
A112: 50 | B112: 0 | C112: 0 | D112: 1 | E112: 229 | F112: =ROUND(Source!AZ101,O112) -> 0 | G112: ОборудПод | H112: Стоимость оборудования подрядчика | K112: 229 | L112: 10 | M112: 3 | O112: 2 | P112: =ROUND(Source!ER101,O112) -> 0
A113: 50 | B113: 0 | C113: 0 | D113: 1 | E113: 203 | F113: =ROUND(Source!Q101,O113) -> 1214.37 | G113: ЭММ | H113: Эксплуатация машин | K113: 203 | L113: 11 | M113: 3 | O113: 2 | P113: =ROUND(Source!DI101,O113) -> 8087.68
A114: 50 | B114: 0 | C114: 0 | D114: 1 | E114: 231 | F114: =ROUND(Source!BB101,O114) -> 0 | G114: ЭММсНРиСП | H114: Эксплуатация машин по ТСН-2001.16 | K114: 231 | L114: 12 | M114: 3 | O114: 2 | P114: =ROUND(Source!ET101,O114) -> 0
A115: 50 | B115: 0 | C115: 0 | D115: 1 | E115: 204 | F115: =ROUND(Source!R101,O115) -> 240.44 | G115: ЗПМ | H115: ЗП машинистов | K115: 204 | L115: 13 | M115: 3 | O115: 2 | P115: =ROUND(Source!DJ101,O115) -> 1601.36
A116: 50 | B116: 0 | C116: 0 | D116: 1 | E116: 205 | F116: =ROUND(Source!S101,O116) -> 4650.68 | G116: ОЗП | H116: Основная ЗП рабочих | K116: 205 | L116: 14 | M116: 3 | O116: 2 | P116: =ROUND(Source!DK101,O116) -> 30973.52
A117: 50 | B117: 0 | C117: 0 | D117: 1 | E117: 232 | F117: =ROUND(Source!BC101,O117) -> 0 | G117: ОЗПсНРиСП | H117: Основная ЗП рабочих по ТСН-2001.16 | K117: 232 | L117: 15 | M117: 3 | O117: 2 | P117: =ROUND(Source!EU101,O117) -> 0
A118: 50 | B118: 0 | C118: 0 | D118: 1 | E118: 214 | F118: =ROUND(Source!AS101,O118) -> 26552.6 | G118: Строит | H118: Строительные работы с НР и СП | K118: 214 | L118: 16 | M118: 3 | O118: 2 | P118: =ROUND(Source!EK101,O118) -> 176840.22
A119: 50 | B119: 0 | C119: 0 | D119: 1 | E119: 215 | F119: =ROUND(Source!AT101,O119) -> 0 | G119: Монтаж | H119: Монтажные работы с НР и СП | K119: 215 | L119: 17 | M119: 3 | O119: 2 | P119: =ROUND(Source!EL101,O119) -> 0
A120: 50 | B120: 0 | C120: 0 | D120: 1 | E120: 217 | F120: =ROUND(Source!AU101,O120) -> 0 | G120: Прочие | H120: Прочие работы с НР и СП | K120: 217 | L120: 18 | M120: 3 | O120: 2 | P120: =ROUND(Source!EM101,O120) -> 0
A121: 50 | B121: 0 | C121: 0 | D121: 1 | E121: 230 | F121: =ROUND(Source!BA101,O121) -> 0 | G121: ПрочиеЗатр | H121: Прочие затраты по ТСН-2001.16 | K121: 230 | L121: 19 | M121: 3 | O121: 2 | P121: =ROUND(Source!ES101,O121) -> 0
A122: 50 | B122: 0 | C122: 0 | D122: 1 | E122: 206 | F122: =ROUND(Source!T101,O122) -> 0 | G122: ВозврМат | H122: Возврат материалов | K122: 206 | L122: 20 | M122: 3 | O122: 2 | P122: =ROUND(Source!DL101,O122) -> 0
A123: 50 | B123: 0 | C123: 0 | D123: 1 | E123: 207 | F123: =Source!U101 -> 503.67479 | G123: ТрудСтр | H123: Трудозатраты строителей | K123: 207 | L123: 21 | M123: 3 | O123: -1 | P123: =Source!DM101 -> 503.67479
A124: 50 | B124: 0 | C124: 0 | D124: 1 | E124: 208 | F124: =Source!V101 -> 20.19224 | G124: ТрудМаш | H124: Трудозатраты машинистов | K124: 208 | L124: 22 | M124: 3 | O124: -1 | P124: =Source!DN101 -> 20.19224
A125: 50 | B125: 0 | C125: 0 | D125: 1 | E125: 209 | F125: =ROUND(Source!W101,O125) -> 0 | G125: ТранспМат | H125: Транспорт материалов | K125: 209 | L125: 23 | M125: 3 | O125: 2 | P125: =ROUND(Source!DO101,O125) -> 0
A126: 50 | B126: 0 | C126: 0 | D126: 1 | E126: 210 | F126: =ROUND(Source!X101,O126) -> 4425.46 | G126: НР | H126: Накладные расходы | K126: 210 | L126: 24 | M126: 3 | O126: 2 | P126: =ROUND(Source!DP101,O126) -> 29473.56
A127: 50 | B127: 0 | C127: 0 | D127: 1 | E127: 211 | F127: =ROUND(Source!Y101,O127) -> 2340.29 | G127: СмПриб | H127: Сметная прибыль | K127: 211 | L127: 25 | M127: 3 | O127: 2 | P127: =ROUND(Source!DQ101,O127) -> 15586.31
A128: 50 | B128: 0 | C128: 0 | D128: 1 | E128: 224 | F128: =ROUND(Source!AR101,O128) -> 26552.6 | G128: Всего | H128: Всего с НР и СП | K128: 224 | L128: 26 | M128: 3 | O128: 2 | P128: =ROUND(Source!EJ101,O128) -> 176840.22
...

Sheet SourceObSm
A1: 0 | B1: Smeta.RU (495) 974-1589 | D1: _OBSM_ | F1: 0 | G1: 0 | H1: 0 | I1: Smeta.RU | J1: НИЯУ МИФИ Доп. раб. место MCCS-0027251 | K1: 0 | L1: 27251 | M1: 10 | N1: 10 | O1: 1 | P1: 0 | Q1: 8
A12: 1 | B12: 53 | C12: 0 | E12: 0 | F12: Новый объект | G12: Капитальный ремонт актового зала ТИ НИЯУ МИФИ | I12: 0 | K12: 0 | O12: 0 | P12: 0 | Q12: 0 | R12: 0 | S12: 0 | V12: 0 | BH12: Сметные нормы списания | BI12: Коды ценников | BJ12: 1 | BK12: 1 | BL12: 0 | BM12: 0 | BN12: 1 | BO12: 0 | BP12: 6 | BQ12: 2 | BR12: 1 | BS12: 1 | BT12: 0 | BU12: 0 | BV12: 0 | BW12: 0 | BX12: 0 | BY12: ФЕР-2017 | BZ12: ТР для Версии 10: Центральные регионы (с учетом п-ма 2536-ИП/12/ГС от 22.03.2017 г | CA12: ФЕР-2017 | CB12: ФЕР-2017 | CC12: ФЕР-2017 | CD12: ФЕР-2017 | CE12: Поправки для ГСН 2017 от 31.03.2017 г | CF12: 0 | CG12: 0 | CH12: 524296 | CK12: 4 | EC12: 0
A14: 22 | B14: 0 | C14: 0 | D14: 16781625 | E14: 16781639 | F14: 3
A16: 3 | B16: 1 | C16: Новая локальная смета | D16: Новая локальная смета | E16: =(Source!F642)/1000 -> 259.33767 | F16: =(Source!F643)/1000 -> 46.53675 | G16: =(Source!F634)/1000 -> 0 | H16: =(Source!F644)/1000+(Source!F645)/1000 -> 0 | I16: =E16+F16+G16+H16 -> 305.87442 | J16: =(Source!F640)/1000 -> 24.65988 | T16: =(Source!P642)/1000 -> 1727.1884 | U16: =(Source!P643)/1000 -> 507.30391 | V16: =(Source!P634)/1000 -> 0 | W16: =(Source!P644)/1000+(Source!P645)/1000 -> 0 | X16: =T16+U16+V16+W16 -> 2234.4923 | Y16: =(Source!P640)/1000 -> 164.23451 | AI16: 0 | AJ16: 0 | AN16: 0 | AT16: 265474.66 | AU16: 234451.16 | AV16: 0 | AW16: 0 | AX16: 0 | AY16: 6363.62 | AZ16: 877.51 | BA16: 24659.88 | BB16: 259337.67 | BC16: 46536.75 | BD16: 0 | BE16: 0 | BF16: 2762.8964 | BG16: 77.127801 | BH16: 0 | BI16: 24064.21 | BJ16: 15341.89 | BK16: 360931.82 | BR16: 1965430.5 | BS16: 1758814.2 | BT16: 0 | BU16: 0 | BV16: 0 | BW16: 42381.73 | BX16: 5844.37 | BY16: 164234.51 | BZ16: 1727188.4 | CA16: 507303.91 | CB16: 0 | CC16: 0 | CD16: 2762.8964 | CE16: 77.127801 | CF16: 0 | CG16: 160267.4 | CH16: 102176.63 | CI16: 2636700.9
A18: 51 | E18: =SUMIF(A16:A17,3,E16:E17) -> 259.33767 | F18: =SUMIF(A16:A17,3,F16:F17) -> 46.53675 | G18: =SUMIF(A16:A17,3,G16:G17) -> 0 | H18: =SUMIF(A16:A17,3,H16:H17) -> 0 | I18: =SUMIF(A16:A17,3,I16:I17) -> 305.87442 | J18: =SUMIF(A16:A17,3,J16:J17) -> 24.65988 | T18: =SUMIF(A16:A17,3,T16:T17) -> 1727.1884 | U18: =SUMIF(A16:A17,3,U16:U17) -> 507.30391 | V18: =SUMIF(A16:A17,3,V16:V17) -> 0 | W18: =SUMIF(A16:A17,3,W16:W17) -> 0 | X18: =SUMIF(A16:A17,3,X16:X17) -> 2234.4923 | Y18: =SUMIF(A16:A17,3,Y16:Y17) -> 164.23451
A20: 50 | B20: 0 | C20: 0 | D20: 1 | E20: 201 | F20: 265474.66 | G20: ПЗ | H20: Прямые затраты | K20: 201 | L20: 1 | M20: 3 | O20: 2 | P20: 1965430.5
A21: 50 | B21: 0 | C21: 0 | D21: 1 | E21: 202 | F21: 234451.16 | G21: СтМатОб | H21: Стоимость материальных ресурсов (всего) | K21: 202 | L21: 2 | M21: 3 | O21: 2 | P21: 1758814.2
A22: 50 | B22: 0 | C22: 0 | D22: 1 | E22: 222 | F22: 0 | G22: СтМатОбЗак | H22: Стоимость материалов и оборудования заказчика | K22: 222 | L22: 3 | M22: 3 | O22: 2 | P22: 0
A23: 50 | B23: 0 | C23: 0 | D23: 1 | E23: 225 | F23: 234451.16 | G23: СтМатОбПод | H23: Стоимость материалов и оборудования подрядчика | K23: 225 | L23: 4 | M23: 3 | O23: 2 | P23: 1758814.2
A24: 50 | B24: 0 | C24: 0 | D24: 1 | E24: 226 | F24: 234451.16 | G24: СтМат | H24: Стоимость материалов (всего) | K24: 226 | L24: 5 | M24: 3 | O24: 2 | P24: 1758814.2
A25: 50 | B25: 0 | C25: 0 | D25: 1 | E25: 227 | F25: 0 | G25: СтМатЗак | H25: Стоимость материалов заказчика | K25: 227 | L25: 6 | M25: 3 | O25: 2 | P25: 0
A26: 50 | B26: 0 | C26: 0 | D26: 1 | E26: 228 | F26: 234451.16 | G26: СтМатПод | H26: Стоимость материалов подрядчика | K26: 228 | L26: 7 | M26: 3 | O26: 2 | P26: 1758814.2
A27: 50 | B27: 0 | C27: 0 | D27: 1 | E27: 216 | F27: 0 | G27: Оборуд | H27: Стоимость оборудования (всего) | K27: 216 | L27: 8 | M27: 3 | O27: 2 | P27: 0
A28: 50 | B28: 0 | C28: 0 | D28: 1 | E28: 223 | F28: 0 | G28: ОборудЗак | H28: Стоимость оборудования заказчика | K28: 223 | L28: 9 | M28: 3 | O28: 2 | P28: 0
A29: 50 | B29: 0 | C29: 0 | D29: 1 | E29: 229 | F29: 0 | G29: ОборудПод | H29: Стоимость оборудования подрядчика | K29: 229 | L29: 10 | M29: 3 | O29: 2 | P29: 0
A30: 50 | B30: 0 | C30: 0 | D30: 1 | E30: 203 | F30: 6363.62 | G30: ЭММ | H30: Эксплуатация машин | K30: 203 | L30: 11 | M30: 3 | O30: 2 | P30: 42381.73
A31: 50 | B31: 0 | C31: 0 | D31: 1 | E31: 231 | F31: 0 | G31: ЭММсНРиСП | H31: Эксплуатация машин по ТСН-2001.16 | K31: 231 | L31: 12 | M31: 3 | O31: 2 | P31: 0
... A48: 50 | B48: 1 | C48: 0 | D48: 2 | E48: 224 | F48: 360931.82 | G48: Итого 3 | H48: Всего по смете | K48: 212 | L48: 29 | M48: 0 | O48: 2 | P48: 2636700.9
A50: -1
A53: 75 | B53: Базовый | C53: 2000 | D53: 0 | E53: 1 | F53: 0 | G53: 0 | H53: 1 | I53: 0 | J53: 1 | K53: 0 | L53: 0 | M53: 0 | N53: 16781625 | O53: 1
A54: 75 | B54: Текущий уровень цен | C54: 2018 | D54: 1 | E54: 0 | G54: 0 | H54: 1 | I54: 0 | J54: 1 | K54: 0 | L54: 0 | M54: 1 | N54: 16781639 | O54: 2
A55: 3 | B55: Индексы за итогом | C55: 6.66 | D55: 1 | E55: 1 | F55: 1 | G55: 1 | H55: 1 | I55: 1 | J55: 1 | K55: 1 | L55: 1 | M55: 6.66 | N55: 1 | O55: 1 | P55: 1 | Q55: 1 | R55: 1

Sheet SmtRes
A1: =ROW(Source!A28) -> 28 | B1: 16781625 | C1: 16781713 | D1: 15432010 | E1: 1 | F1: 1 | G1: 1 | H1: 1 | I1: 1-100-23 | K1: Рабочий среднего разряда 2.3 | L1: 1191 | N1: 1013 | O1: чел.-ч. | P1: чел.-ч. | Q1: 1 | W1: 0 | X1: -228054128 | Y1: 17.89 | AA1: 0 | AB1: 0 | AC1: 0 | AD1: 8.02 | AE1: 0 | AF1: 0 | AG1: 0 | AH1: 8.02 | AI1: 1 | AJ1: 1 | AK1: 1 | AL1: 1 | AN1: 0 | AO1: 1 | AP1: 0 | AQ1: 0 | AR1: 0 | AT1: 17.89 | AV1: 1 | AW1: 2 | AX1: 16781714 | AY1: 1 | AZ1: 0 | BA1: 1 | BB1: 0 | BC1: 0 | BD1: 0 | BE1: 0 | BF1: 0 | BG1: 0 | BH1: 0 | BI1: 0 | BJ1: 0 | BK1: 0 | BL1: 0 | BM1: 0 | BN1: 0 | BO1: 0 | BP1: 0 | BQ1: 0 | BR1: 0 | BS1: 0 | BT1: 0 | BU1: 0 | BV1: 0 | BW1: 0 | CX1: =Y1*Source!I28 -> 10.734 | CY1: =AD1 -> 8.02 | CZ1: =AH1 -> 8.02 | DA1: =AL1 -> 1 | DB1: =ROUND(ROUND(AT1*CZ1,2),6) -> 143.48 | DC1: =ROUND(ROUND(AT1*AG1,2),6) -> 0
A2: =ROW(Source!A28) -> 28 | B2: 16781625 | C2: 16781713 | D2: 15430395 | E2: 1 | F2: 1 | G2: 1 | H2: 1 | I2: 4-100-00 | K2: Затраты труда машинистов | L2: 1191 | N2: 1013 | O2: чел.-ч. | P2: чел.-ч. | Q2: 1 | W2: 0 | X2: -1417349443 | Y2: 0.08 | AA2: 0 | AB2: 0 | AC2: 0 | AD2: 0 | AE2: 0 | AF2: 0 | AG2: 0 | AH2: 0 | AI2: 1 | AJ2: 1 | AK2: 1 | AL2: 1 | AN2: 0 | AO2: 1 | AP2: 0 | AQ2: 0 | AR2: 0 | AT2: 0.08 | AV2: 2 | AW2: 2 | AX2: 16781715 | AY2: 1 | AZ2: 0 | BA2: 2 | BB2: 0 | BC2: 0 | BD2: 0 | BE2: 0 | BF2: 0 | BG2: 0 | BH2: 0 | BI2: 0 | BJ2: 0 | BK2: 0 | BL2: 0 | BM2: 0 | BN2: 0 | BO2: 0 | BP2: 0 | BQ2: 0 | BR2: 0 | BS2: 0 | BT2: 0 | BU2: 0 | BV2: 0 | BW2: 0 | CX2: =Y2*Source!I28 -> 0.048 | CY2: =AD2 -> 0 | CZ2: =AH2 -> 0 | DA2: =AL2 -> 1 | DB2: =ROUND(ROUND(AT2*CZ2,2),6) -> 0 | DC2: =ROUND(ROUND(AT2*AG2,2),6) -> 0
A3: =ROW(Source!A28) -> 28 | B3: 16781625 | C3: 16781713 | D3: 15247974 | E3: 1 | F3: 1 | G3: 1 | H3: 2 | I3: 91.06.06-048 | J3: ФСЭМ-2001, 91.06.06-048, приказ Минстроя России №1039/пр от 30.12.2016г. | K3: Подъемники одномачтовые, грузоподъемность до 500 кг, высота подъема 45 м | L3: 1368 | N3: 1011 | O3: маш.-ч | P3: маш.-ч | Q3: 1 | W3: 0 | X3: 1188625873 | Y3: 0.08 | AA3: 0 | AB3: 31.26 | AC3: 13.5 | AD3: 0 | AE3: 0 | AF3: 31.26 | AG3: 13.5 | AH3: 0 | AI3: 1 | AJ3: 1 | AK3: 1 | AL3: 1 | AN3: 0 | AO3: 1 | AP3: 0 | AQ3: 0 | AR3: 0 | AT3: 0.08 | AV3: 0 | AW3: 2 | AX3: 16781716 | AY3: 1 | AZ3: 0 | BA3: 3 | BB3: 0 | BC3: 0 | BD3: 0 | BE3: 0 | BF3: 0 | BG3: 0 | BH3: 0 | BI3: 0 | BJ3: 0 | BK3: 0 | BL3: 0 | BM3: 0 | BN3: 0 | BO3: 0 | BP3: 0 | BQ3: 0 | BR3: 0 | BS3: 0 | BT3: 0 | BU3: 0 | BV3: 0 | BW3: 0 | CX3: =Y3*Source!I28 -> 0.048 | CY3: =AB3 -> 31.26 | CZ3: =AF3 -> 31.26 | DA3: =AJ3 -> 1 | DB3: =ROUND(ROUND(AT3*CZ3,2),6) -> 2.5 | DC3: =ROUND(ROUND(AT3*AG3,2),6) -> 1.08
A4: =ROW(Source!A29) -> 29 | B4: 16781639 | C4: 16781713 | D4: 15432010 | E4: 1 | F4: 1 | G4: 1 | H4: 1 | I4: 1-100-23 | K4: Рабочий среднего разряда 2.3 | L4: 1191 | N4: 1013 | O4: чел.-ч. | P4: чел.-ч. | Q4: 1 | W4: 0 | X4: -228054128 | Y4: 17.89 | AA4: 0 | AB4: 0 | AC4: 0 | AD4: 53.41 | AE4: 0 | AF4: 0 | AG4: 0 | AH4: 8.02 | AI4: 1 | AJ4: 1 | AK4: 1 | AL4: 6.66 | AN4: 0 | AO4: 1 | AP4: 0 | AQ4: 0 | AR4: 0 | AT4: 17.89 | AV4: 1 | AW4: 2 | AX4: 16781714 | AY4: 1 | AZ4: 0 | BA4: 4 | BB4: 0 | BC4: 0 | BD4: 0 | BE4: 0 | BF4: 0 | BG4: 0 | BH4: 0 | BI4: 0 | BJ4: 0 | BK4: 0 | BL4: 0 | BM4: 0 | BN4: 0 | BO4: 0 | BP4: 0 | BQ4: 0 | BR4: 0 | BS4: 0 | BT4: 0 | BU4: 0 | BV4: 0 | BW4: 0 | CX4: =Y4*Source!I29 -> 10.734 | CY4: =AD4 -> 53.41 | CZ4: =AH4 -> 8.02 | DA4: =AL4 -> 6.66 | DB4: =ROUND(ROUND(AT4*CZ4,2),6) -> 143.48 | DC4: =ROUND(ROUND(AT4*AG4,2),6) -> 0
A5: =ROW(Source!A29) -> 29 | B5: 16781639 | C5: 16781713 | D5: 15430395 | E5: 1 | F5: 1 | G5: 1 | H5: 1 | I5: 4-100-00 | K5: Затраты труда машинистов | L5: 1191 | N5: 1013 | O5: чел.-ч. | P5: чел.-ч. | Q5: 1 | W5: 0 | X5: -1417349443 | Y5: 0.08 | AA5: 0 | AB5: 0 | AC5: 0 | AD5: 0 | AE5: 0 | AF5: 0 | AG5: 0 | AH5: 0 | AI5: 1 | AJ5: 1 | AK5: 6.66 | AL5: 1 | AN5: 0 | AO5: 1 | AP5: 0 | AQ5: 0 | AR5: 0 | AT5: 0.08 | AV5: 2 | AW5: 2 | AX5: 16781715 | AY5: 1 | AZ5: 0 | BA5: 5 | BB5: 0 | BC5: 0 | BD5: 0 | BE5: 0 | BF5: 0 | BG5: 0 | BH5: 0 | BI5: 0 | BJ5: 0 | BK5: 0 | BL5: 0 | BM5: 0 | BN5: 0 | BO5: 0 | BP5: 0 | BQ5: 0 | BR5: 0 | BS5: 0 | BT5: 0 | BU5: 0 | BV5: 0 | BW5: 0 | CX5: =Y5*Source!I29 -> 0.048 | CY5: =AD5 -> 0 | CZ5: =AH5 -> 0 | DA5: =AL5 -> 1 | DB5: =ROUND(ROUND(AT5*CZ5,2),6) -> 0 | DC5: =ROUND(ROUND(AT5*AG5,2),6) -> 0
A6: =ROW(Source!A29) -> 29 | B6: 16781639 | C6: 16781713 | D6: 15247974 | E6: 1 | F6: 1 | G6: 1 | H6: 2 | I6: 91.06.06-048 | J6: ФСЭМ-2001, 91.06.06-048, приказ Минстроя России №1039/пр от 30.12.2016г. | K6: Подъемники одномачтовые, грузоподъемность до 500 кг, высота подъема 45 м | L6: 1368 | N6: 1011 | O6: маш.-ч | P6: маш.-ч | Q6: 1 | W6: 0 | X6: 1188625873 | Y6: 0.08 | AA6: 0 | AB6: 208.19 | AC6: 13.5 | AD6: 0 | AE6: 0 | AF6: 31.26 | AG6: 13.5 | AH6: 0 | AI6: 1 | AJ6: 6.66 | AK6: 1 | AL6: 1 | AN6: 0 | AO6: 1 | AP6: 0 | AQ6: 0 | AR6: 0 | AT6: 0.08 | AV6: 0 | AW6: 2 | AX6: 16781716 | AY6: 1 | AZ6: 0 | BA6: 6 | BB6: 0 | BC6: 0 | BD6: 0 | BE6: 0 | BF6: 0 | BG6: 0 | BH6: 0 | BI6: 0 | BJ6: 0 | BK6: 0 | BL6: 0 | BM6: 0 | BN6: 0 | BO6: 0 | BP6: 0 | BQ6: 0 | BR6: 0 | BS6: 0 | BT6: 0 | BU6: 0 | BV6: 0 | BW6: 0 | CX6: =Y6*Source!I29 -> 0.048 | CY6: =AB6 -> 208.19 | CZ6: =AF6 -> 31.26 | DA6: =AJ6 -> 6.66 | DB6: =ROUND(ROUND(AT6*CZ6,2),6) -> 2.5 | DC6: =ROUND(ROUND(AT6*AG6,2),6) -> 1.08
A7: =ROW(Source!A30) -> 30 | B7: 16781625 | C7: 16781717 | D7: 15430517 | E7: 1 | F7: 1 | G7: 1 | H7: 1 | I7: 1-100-20 | K7: Рабочий среднего разряда 2 | L7: 1191 | N7: 1013 | O7: чел.-ч. | P7: чел.-ч. | Q7: 1 | W7: 0 | X7: 735429535 | Y7: 5.84 | AA7: 0 | AB7: 0 | AC7: 0 | AD7: 7.8 | AE7: 0 | AF7: 0 | AG7: 0 | AH7: 7.8 | AI7: 1 | AJ7: 1 | AK7: 1 | AL7: 1 | AN7: 0 | AO7: 1 | AP7: 0 | AQ7: 0 | AR7: 0 | AT7: 5.84 | AV7: 1 | AW7: 2 | AX7: 16781718 | AY7: 1 | AZ7: 0 | BA7: 7 | BB7: 0 | BC7: 0 | BD7: 0 | BE7: 0 | BF7: 0 | BG7: 0 | BH7: 0 | BI7: 0 | BJ7: 0 | BK7: 0 | BL7: 0 | BM7: 0 | BN7: 0 | BO7: 0 | BP7: 0 | BQ7: 0 | BR7: 0 | BS7: 0 | BT7: 0 | BU7: 0 | BV7: 0 | BW7: 0 | CX7: =Y7*Source!I30 -> 1.168 | CY7: =AD7 -> 7.8 | CZ7: =AH7 -> 7.8 | DA7: =AL7 -> 1 | DB7: =ROUND(ROUND(AT7*CZ7,2),6) -> 45.55 | DC7: =ROUND(ROUND(AT7*AG7,2),6) -> 0
A8: =ROW(Source!A31) -> 31 | B8: 16781639 | C8: 16781717 | D8: 15430517 | E8: 1 | F8: 1 | G8: 1 | H8: 1 | I8: 1-100-20 | K8: Рабочий среднего разряда 2 | L8: 1191 | N8: 1013 | O8: чел.-ч. | P8: чел.-ч. | Q8: 1 | W8: 0 | X8: 735429535 | Y8: 5.84 | AA8: 0 | AB8: 0 | AC8: 0 | AD8: 51.95 | AE8: 0 | AF8: 0 | AG8: 0 | AH8: 7.8 | AI8: 1 | AJ8: 1 | AK8: 1 | AL8: 6.66 | AN8: 0 | AO8: 1 | AP8: 0 | AQ8: 0 | AR8: 0 | AT8: 5.84 | AV8: 1 | AW8: 2 | AX8: 16781718 | AY8: 1 | AZ8: 0 | BA8: 8 | BB8: 0 | BC8: 0 | BD8: 0 | BE8: 0 | BF8: 0 | BG8: 0 | BH8: 0 | BI8: 0 | BJ8: 0 | BK8: 0 | BL8: 0 | BM8: 0 | BN8: 0 | BO8: 0 | BP8: 0 | BQ8: 0 | BR8: 0 | BS8: 0 | BT8: 0 | BU8: 0 | BV8: 0 | BW8: 0 | CX8: =Y8*Source!I31 -> 1.168 | CY8: =AD8 -> 51.95 | CZ8: =AH8 -> 7.8 | DA8: =AL8 -> 6.66 | DB8: =ROUND(ROUND(AT8*CZ8,2),6) -> 45.55 | DC8: =ROUND(ROUND(AT8*AG8,2),6) -> 0
A9: =ROW(Source!A32) -> 32 | B9: 16781625 | C9: 16781719 | D9: 15430517 | E9: 1 | F9: 1 | G9: 1 | H9: 1 | I9: 1-100-20 | K9: Рабочий среднего разряда 2 | L9: 1191 | N9: 1013 | O9: чел.-ч. | P9: чел.-ч. | Q9: 1 | W9: 0 | X9: 735429535 | Y9: 9.64 | AA9: 0 | AB9: 0 | AC9: 0 | AD9: 7.8 | AE9: 0 | AF9: 0 | AG9: 0 | AH9: 7.8 | AI9: 1 | AJ9: 1 | AK9: 1 | AL9: 1 | AN9: 0 | AO9: 1 | AP9: 0 | AQ9: 0 | AR9: 0 | AT9: 9.64 | AV9: 1 | AW9: 2 | AX9: 16781720 | AY9: 1 | AZ9: 0 | BA9: 9 | BB9: 0 | BC9: 0 | BD9: 0 | BE9: 0 | BF9: 0 | BG9: 0 | BH9: 0 | BI9: 0 | BJ9: 0 | BK9: 0 | BL9: 0 | BM9: 0 | BN9: 0 | BO9: 0 | BP9: 0 | BQ9: 0 | BR9: 0 | BS9: 0 | BT9: 0 | BU9: 0 | BV9: 0 | BW9: 0 | CX9: =Y9*Source!I32 -> 43.38 | CY9: =AD9 -> 7.8 | CZ9: =AH9 -> 7.8 | DA9: =AL9 -> 1 | DB9: =ROUND(ROUND(AT9*CZ9,2),6) -> 75.19 | DC9: =ROUND(ROUND(AT9*AG9,2),6) -> 0
A10: =ROW(Source!A32) -> 32 | B10: 16781625 | C10: 16781719 | D10: 15430395 | E10: 1 | F10: 1 | G10: 1 | H10: 1 | I10: 4-100-00 | K10: Затраты труда машинистов | L10: 1191 | N10: 1013 | O10: чел.-ч. | P10: чел.-ч. | Q10: 1 | W10: 0 | X10: -1417349443 | Y10: 0.01 | AA10: 0 | AB10: 0 | AC10: 0 | AD10: 0 | AE10: 0 | AF10: 0 | AG10: 0 | AH10: 0 | AI10: 1 | AJ10: 1 | AK10: 1 | AL10: 1 | AN10: 0 | AO10: 1 | AP10: 0 | AQ10: 0 | AR10: 0 | AT10: 0.01 | AV10: 2 | AW10: 2 | AX10: 16781721 | AY10: 1 | AZ10: 0 | BA10: 10 | BB10: 0 | BC10: 0 | BD10: 0 | BE10: 0 | BF10: 0 | BG10: 0 | BH10: 0 | BI10: 0 | BJ10: 0 | BK10: 0 | BL10: 0 | BM10: 0 | BN10: 0 | BO10: 0 | BP10: 0 | BQ10: 0 | BR10: 0 | BS10: 0 | BT10: 0 | BU10: 0 | BV10: 0 | BW10: 0 | CX10: =Y10*Source!I32 -> 0.045 | CY10: =AD10 -> 0 | CZ10: =AH10 -> 0 | DA10: =AL10 -> 1 | DB10: =ROUND(ROUND(AT10*CZ10,2),6) -> 0 | DC10: =ROUND(ROUND(AT10*AG10,2),6) -> 0
A11: =ROW(Source!A32) -> 32 | B11: 16781625 | C11: 16781719 | D11: 15247974 | E11: 1 | F11: 1 | G11: 1 | H11: 2 | I11: 91.06.06-048 | J11: ФСЭМ-2001, 91.06.06-048, приказ Минстроя России №1039/пр от 30.12.2016г. | K11: Подъемники одномачтовые, грузоподъемность до 500 кг, высота подъема 45 м | L11: 1368 | N11: 1011 | O11: маш.-ч | P11: маш.-ч | Q11: 1 | W11: 0 | X11: 1188625873 | Y11: 0.01 | AA11: 0 | AB11: 31.26 | AC11: 13.5 | AD11: 0 | AE11: 0 | AF11: 31.26 | AG11: 13.5 | AH11: 0 | AI11: 1 | AJ11: 1 | AK11: 1 | AL11: 1 | AN11: 0 | AO11: 1 | AP11: 0 | AQ11: 0 | AR11: 0 | AT11: 0.01 | AV11: 0 | AW11: 2 | AX11: 16781722 | AY11: 1 | AZ11: 0 | BA11: 11 | BB11: 0 | BC11: 0 | BD11: 0 | BE11: 0 | BF11: 0 | BG11: 0 | BH11: 0 | BI11: 0 | BJ11: 0 | BK11: 0 | BL11: 0 | BM11: 0 | BN11: 0 | BO11: 0 | BP11: 0 | BQ11: 0 | BR11: 0 | BS11: 0 | BT11: 0 | BU11: 0 | BV11: 0 | BW11: 0 | CX11: =Y11*Source!I32 -> 0.045 | CY11: =AB11 -> 31.26 | CZ11: =AF11 -> 31.26 | DA11: =AJ11 -> 1 | DB11: =ROUND(ROUND(AT11*CZ11,2),6) -> 0.31 | DC11: =ROUND(ROUND(AT11*AG11,2),6) -> 0.14
A12: =ROW(Source!A33) -> 33 | B12: 16781639 | C12: 16781719 | D12: 15430517 | E12: 1 | F12: 1 | G12: 1 | H12: 1 | I12: 1-100-20 | K12: Рабочий среднего разряда 2 | L12: 1191 | N12: 1013 | O12: чел.-ч. | P12: чел.-ч. | Q12: 1 | W12: 0 | X12: 735429535 | Y12: 9.64 | AA12: 0 | AB12: 0 | AC12: 0 | AD12: 51.95 | AE12: 0 | AF12: 0 | AG12: 0 | AH12: 7.8 | AI12: 1 | AJ12: 1 | AK12: 1 | AL12: 6.66 | AN12: 0 | AO12: 1 | AP12: 0 | AQ12: 0 | AR12: 0 | AT12: 9.64 | AV12: 1 | AW12: 2 | AX12: 16781720 | AY12: 1 | AZ12: 0 | BA12: 12 | BB12: 0 | BC12: 0 | BD12: 0 | BE12: 0 | BF12: 0 | BG12: 0 | BH12: 0 | BI12: 0 | BJ12: 0 | BK12: 0 | BL12: 0 | BM12: 0 | BN12: 0 | BO12: 0 | BP12: 0 | BQ12: 0 | BR12: 0 | BS12: 0 | BT12: 0 | BU12: 0 | BV12: 0 | BW12: 0 | CX12: =Y12*Source!I33 -> 43.38 | CY12: =AD12 -> 51.95 | CZ12: =AH12 -> 7.8 | DA12: =AL12 -> 6.66 | DB12: =ROUND(ROUND(AT12*CZ12,2),6) -> 75.19 | DC12: =ROUND(ROUND(AT12*AG12,2),6) -> 0
A13: =ROW(Source!A33) -> 33 | B13: 16781639 | C13: 16781719 | D13: 15430395 | E13: 1 | F13: 1 | G13: 1 | H13: 1 | I13: 4-100-00 | K13: Затраты труда машинистов | L13: 1191 | N13: 1013 | O13: чел.-ч. | P13: чел.-ч. | Q13: 1 | W13: 0 | X13: -1417349443 | Y13: 0.01 | AA13: 0 | AB13: 0 | AC13: 0 | AD13: 0 | AE13: 0 | AF13: 0 | AG13: 0 | AH13: 0 | AI13: 1 | AJ13: 1 | AK13: 6.66 | AL13: 1 | AN13: 0 | AO13: 1 | AP13: 0 | AQ13: 0 | AR13: 0 | AT13: 0.01 | AV13: 2 | AW13: 2 | AX13: 16781721 | AY13: 1 | AZ13: 0 | BA13: 13 | BB13: 0 | BC13: 0 | BD13: 0 | BE13: 0 | BF13: 0 | BG13: 0 | BH13: 0 | BI13: 0 | BJ13: 0 | BK13: 0 | BL13: 0 | BM13: 0 | BN13: 0 | BO13: 0 | BP13: 0 | BQ13: 0 | BR13: 0 | BS13: 0 | BT13: 0 | BU13: 0 | BV13: 0 | BW13: 0 | CX13: =Y13*Source!I33 -> 0.045 | CY13: =AD13 -> 0 | CZ13: =AH13 -> 0 | DA13: =AL13 -> 1 | DB13: =ROUND(ROUND(AT13*CZ13,2),6) -> 0 | DC13: =ROUND(ROUND(AT13*AG13,2),6) -> 0
A14: =ROW(Source!A33) -> 33 | B14: 16781639 | C14: 16781719 | D14: 15247974 | E14: 1 | F14: 1 | G14: 1 | H14: 2 | I14: 91.06.06-048 | J14: ФСЭМ-2001, 91.06.06-048, приказ Минстроя России №1039/пр от 30.12.2016г. | K14: Подъемники одномачтовые, грузоподъемность до 500 кг, высота подъема 45 м | L14: 1368 | N14: 1011 | O14: маш.-ч | P14: маш.-ч | Q14: 1 | W14: 0 | X14: 1188625873 | Y14: 0.01 | AA14: 0 | AB14: 208.19 | AC14: 13.5 | AD14: 0 | AE14: 0 | AF14: 31.26 | AG14: 13.5 | AH14: 0 | AI14: 1 | AJ14: 6.66 | AK14: 1 | AL14: 1 | AN14: 0 | AO14: 1 | AP14: 0 | AQ14: 0 | AR14: 0 | AT14: 0.01 | AV14: 0 | AW14: 2 | AX14: 16781722 | AY14: 1 | AZ14: 0 | BA14: 14 | BB14: 0 | BC14: 0 | BD14: 0 | BE14: 0 | BF14: 0 | BG14: 0 | BH14: 0 | BI14: 0 | BJ14: 0 | BK14: 0 | BL14: 0 | BM14: 0 | BN14: 0 | BO14: 0 | BP14: 0 | BQ14: 0 | BR14: 0 | BS14: 0 | BT14: 0 | BU14: 0 | BV14: 0 | BW14: 0 | CX14: =Y14*Source!I33 -> 0.045 | CY14: =AB14 -> 208.19 | CZ14: =AF14 -> 31.26 | DA14: =AJ14 -> 6.66 | DB14: =ROUND(ROUND(AT14*CZ14,2),6) -> 0.31 | DC14: =ROUND(ROUND(AT14*AG14,2),6) -> 0.14
A15: =ROW(Source!A34) -> 34 | B15: 16781625 | C15: 16781723 | D15: 15446300 | E15: 1 | F15: 1 | G15: 1 | H15: 1 | I15: 1-100-42 | K15: Рабочий среднего разряда 4.2 | L15: 1191 | N15: 1013 | O15: чел.-ч. | P15: чел.-ч. | Q15: 1 | W15: 0 | X15: 912892513 | Y15: 0.696 | AA15: 0 | AB15: 0 | AC15: 0 | AD15: 9.92 | AE15: 0 | AF15: 0 | AG15: 0 | AH15: 9.92 | AI15: 1 | AJ15: 1 | AK15: 1 | AL15: 1 | AN15: 0 | AO15: 1 | AP15: 1 | AQ15: 0 | AR15: 0 | AT15: 2.32 | AU15: )*0,3 | AV15: 1 | AW15: 2 | AX15: 16781724 | AY15: 1 | AZ15: 0 | BA15: 15 | BB15: 0 | BC15: 0 | BD15: 0 | BE15: 0 | BF15: 0 | BG15: 0 | BH15: 0 | BI15: 0 | BJ15: 0 | BK15: 0 | BL15: 0 | BM15: 0 | BN15: 0 | BO15: 0 | BP15: 0 | BQ15: 0 | BR15: 0 | BS15: 0 | BT15: 0 | BU15: 0 | BV15: 0 | BW15: 0 | CX15: =Y15*Source!I34 -> 1.392 | CY15: =AD15 -> 9.92 | CZ15: =AH15 -> 9.92 | DA15: =AL15 -> 1 | DB15: =ROUND((ROUND(AT15*CZ15,2)*0.3),6) -> 6.903 | DC15: =ROUND((ROUND(AT15*AG15,2)*0.3),6) -> 0
A16: =ROW(Source!A34) -> 34 | B16: 16781625 | C16: 16781723 | D16: 15430395 | E16: 1 | F16: 1 | G16: 1 | H16: 1 | I16: 4-100-00 | K16: Затраты труда машинистов | L16: 1191 | N16: 1013 | O16: чел.-ч. | P16: чел.-ч. | Q16: 1 | W16: 0 | X16: -1417349443 | Y16: 0.28 | AA16: 0 | AB16: 0 | AC16: 0 | AD16: 0 | AE16: 0 | AF16: 0 | AG16: 0 | AH16: 0 | AI16: 1 | AJ16: 1 | AK16: 1 | AL16: 1 | AN16: 0 | AO16: 1 | AP16: 0 | AQ16: 0 | AR16: 0 | AT16: 0.28 | AV16: 2 | AW16: 2 | AX16: 16781725 | AY16: 1 | AZ16: 2048 | BA16: 16 | BB16: 0 | BC16: 0 | BD16: 0 | BE16: 0 | BF16: 0 | BG16: 0 | BH16: 0 | BI16: 0 | BJ16: 0 | BK16: 0 | BL16: 0 | BM16: 0 | BN16: 0 | BO16: 0 | BP16: 0 | BQ16: 0 | BR16: 0 | BS16: 0 | BT16: 0 | BU16: 0 | BV16: 0 | BW16: 0 | CX16: =Y16*Source!I34 -> 0.56 | CY16: =AD16 -> 0 | CZ16: =AH16 -> 0 | DA16: =AL16 -> 1 | DB16: =ROUND(ROUND(AT16*CZ16,2),6) -> 0 | DC16: =ROUND(ROUND(AT16*AG16,2),6) -> 0
A17: =ROW(Source!A34) -> 34 | B17: 16781625 | C17: 16781723 | D17: 15247680 | E17: 1 | F17: 1 | G17: 1 | H17: 2 | I17: 91.05.05-014 | J17: ФСЭМ-2001, 91.05.05-014, приказ Минстроя России №1039/пр от 30.12.2016г. | K17: Краны на автомобильном ходу, грузоподъемность 10 т | L17: 1368 | N17: 1011 | O17: маш.-ч | P17: маш.-ч | Q17: 1 | W17: 0 | X17: -1718674368 | Y17: 0.042 | AA17: 0 | AB17: 111.99 | AC17: 13.5 | AD17: 0 | AE17: 0 | AF17: 111.99 | AG17: 13.5 | AH17: 0 | AI17: 1 | AJ17: 1 | AK17: 1 | AL17: 1 | AN17: 0 | AO17: 1 | AP17: 1 | AQ17: 0 | AR17: 0 | AT17: 0.14 | AU17: )*0,3 | AV17: 0 | AW17: 2 | AX17: 16781726 | AY17: 1 | AZ17: 0 | BA17: 17 | BB17: 0 | BC17: 0 | BD17: 0 | BE17: 0 | BF17: 0 | BG17: 0 | BH17: 0 | BI17: 0 | BJ17: 0 | BK17: 0 | BL17: 0 | BM17: 0 | BN17: 0 | BO17: 0 | BP17: 0 | BQ17: 0 | BR17: 0 | BS17: 0 | BT17: 0 | BU17: 0 | BV17: 0 | BW17: 0 | CX17: =Y17*Source!I34 -> 0.084 | CY17: =AB17 -> 111.99 | CZ17: =AF17 -> 111.99 | DA17: =AJ17 -> 1 | DB17: =ROUND((ROUND(AT17*CZ17,2)*0.3),6) -> 4.704 | DC17: =ROUND((ROUND(AT17*AG17,2)*0.3),6) -> 0.567
A18: =ROW(Source!A34) -> 34 | B18: 16781625 | C18: 16781723 | D18: 15249073 | E18: 1 | F18: 1 | G18: 1 | H18: 2 | I18: 91.14.02-001 | J18: ФСЭМ-2001, 91.14.02-001, приказ Минстроя России №1039/пр от 30.12.2016г. | K18: Автомобили бортовые, грузоподъемность до 5 т | L18: 1368 | N18: 1011 | O18: маш.-ч | P18: маш.-ч | Q18: 1 | W18: 0 | X18: 1372534845 | Y18: 0.042 | AA18: 0 | AB18: 65.71 | AC18: 11.6 | AD18: 0 | AE18: 0 | AF18: 65.71 | AG18: 11.6 | AH18: 0 | AI18: 1 | AJ18: 1 | AK18: 1 | AL18: 1 | AN18: 0 | AO18: 1 | AP18: 1 | AQ18: 0 | AR18: 0 | AT18: 0.14 | AU18: )*0,3 | AV18: 0 | AW18: 2 | AX18: 16781727 | AY18: 1 | AZ18: 0 | BA18: 18 | BB18: 0 | BC18: 0 | BD18: 0 | BE18: 0 | BF18: 0 | BG18: 0 | BH18: 0 | BI18: 0 | BJ18: 0 | BK18: 0 | BL18: 0 | BM18: 0 | BN18: 0 | BO18: 0 | BP18: 0 | BQ18: 0 | BR18: 0 | BS18: 0 | BT18: 0 | BU18: 0 | BV18: 0 | BW18: 0 | CX18: =Y18*Source!I34 -> 0.084 | CY18: =AB18 -> 65.71 | CZ18: =AF18 -> 65.71 | DA18: =AJ18 -> 1 | DB18: =ROUND((ROUND(AT18*CZ18,2)*0.3),6) -> 2.76 | DC18: =ROUND((ROUND(AT18*AG18,2)*0.3),6) -> 0.486
A19: =ROW(Source!A34) -> 34 | B19: 16781625 | C19: 16781723 | D19: 15249377 | E19: 1 | F19: 1 | G19: 1 | H19: 2 | I19: 91.17.04-233 | J19: ФСЭМ-2001, 91.17.04-233, приказ Минстроя России №1039/пр от 30.12.2016г. | K19: Установки для сварки ручной дуговой (постоянного тока) | L19: 1368 | N19: 1011 | O19: маш.-ч | P19: маш.-ч | Q19: 1 | W19: 0 | X19: -353815937 | Y19: 0.246 | AA19: 0 | AB19: 8.1 | AC19: 0 | AD19: 0 | AE19: 0 | AF19: 8.1 | AG19: 0 | AH19: 0 | AI19: 1 | AJ19: 1 | AK19: 1 | AL19: 1 | AN19: 0 | AO19: 1 | AP19: 1 | AQ19: 0 | AR19: 0 | AT19: 0.82 | AU19: )*0,3 | AV19: 0 | AW19: 2 | AX19: 16781728 | AY19: 1 | AZ19: 0 | BA19: 19 | BB19: 0 | BC19: 0 | BD19: 0 | BE19: 0 | BF19: 0 | BG19: 0 | BH19: 0 | BI19: 0 | BJ19: 0 | BK19: 0 | BL19: 0 | BM19: 0 | BN19: 0 | BO19: 0 | BP19: 0 | BQ19: 0 | BR19: 0 | BS19: 0 | BT19: 0 | BU19: 0 | BV19: 0 | BW19: 0 | CX19: =Y19*Source!I34 -> 0.492 | CY19: =AB19 -> 8.1 | CZ19: =AF19 -> 8.1 | DA19: =AJ19 -> 1 | DB19: =ROUND((ROUND(AT19*CZ19,2)*0.3),6) -> 1.992 | DC19: =ROUND((ROUND(AT19*AG19,2)*0.3),6) -> 0
A20: =ROW(Source!A34) -> 34 | B20: 16781625 | C20: 16781723 | D20: 15168752 | E20: 1 | F20: 1 | G20: 1 | H20: 3 | I20: 01.7.11.07-0034 | J20: ФССЦ-2001, 01.7.11.07-0034, приказ Минстроя России №1039/пр от 30.12.2016г. | K20: Электроды диаметром 4 мм Э42А | L20: 1346 | N20: 1009 | O20: кг | P20: кг | Q20: 1 | W20: 0 | X20: 586013393 | Y20: 0 | AA20: 10.57 | AB20: 0 | AC20: 0 | AD20: 0 | AE20: 10.57 | AF20: 0 | AG20: 0 | AH20: 0 | AI20: 1 | AJ20: 1 | AK20: 1 | AL20: 1 | AN20: 0 | AO20: 1 | AP20: 1 | AQ20: 0 | AR20: 0 | AT20: 0.1 | AU20: )*0 | AV20: 0 | AW20: 2 | AX20: 16781729 | AY20: 1 | AZ20: 0 | BA20: 20 | BB20: 0 | BC20: 0 | BD20: 0 | BE20: 0 | BF20: 0 | BG20: 0 | BH20: 0 | BI20: 0 | BJ20: 0 | BK20: 0 | BL20: 0 | BM20: 0 | BN20: 0 | BO20: 0 | BP20: 0 | BQ20: 0 | BR20: 0 | BS20: 0 | BT20: 0 | BU20: 0 | BV20: 0 | BW20: 0 | CX20: =Y20*Source!I34 -> 0 | CY20: =AA20 -> 10.57 | CZ20: =AE20 -> 10.57 | DA20: =AI20 -> 1 | DB20: =ROUND((ROUND(AT20*CZ20,2)*0),6) -> 0 | DC20: =ROUND((ROUND(AT20*AG20,2)*0),6) -> 0
A21: =ROW(Source!A34) -> 34 | B21: 16781625 | C21: 16781723 | D21: 15169942 | E21: 1 | F21: 1 | G21: 1 | H21: 3 | I21: 01.7.15.03-0042 | J21: ФССЦ-2001, 01.7.15.03-0042, приказ Минстроя России №1039/пр от 30.12.2016г. | K21: Болты с гайками и шайбами строительные | L21: 1346 | N21: 1009 | O21: кг | P21: кг | Q21: 1 | W21: 0 | X21: 103900845 | Y21: 0 | AA21: 9.04 | AB21: 0 | AC21: 0 | AD21: 0 | AE21: 9.04 | AF21: 0 | AG21: 0 | AH21: 0 | AI21: 1 | AJ21: 1 | AK21: 1 | AL21: 1 | AN21: 0 | AO21: 1 | AP21: 1 | AQ21: 0 | AR21: 0 | AT21: 0.17 | AU21: )*0 | AV21: 0 | AW21: 2 | AX21: 16781730 | AY21: 1 | AZ21: 0 | BA21: 21 | BB21: 0 | BC21: 0 | BD21: 0 | BE21: 0 | BF21: 0 | BG21: 0 | BH21: 0 | BI21: 0 | BJ21: 0 | BK21: 0 | BL21: 0 | BM21: 0 | BN21: 0 | BO21: 0 | BP21: 0 | BQ21: 0 | BR21: 0 | BS21: 0 | BT21: 0 | BU21: 0 | BV21: 0 | BW21: 0 | CX21: =Y21*Source!I34 -> 0 | CY21: =AA21 -> 9.04 | CZ21: =AE21 -> 9.04 | DA21: =AI21 -> 1 | DB21: =ROUND((ROUND(AT21*CZ21,2)*0),6) -> 0 | DC21: =ROUND((ROUND(AT21*AG21,2)*0),6) -> 0
A22: =ROW(Source!A34) -> 34 | B22: 16781625 | C22: 16781723 | D22: 15188647 | E22: 1 | F22: 1 | G22: 1 | H22: 3 | I22: 07.2.07.04-0007 | J22: ФССЦ-2001, 07.2.07.04-0007, приказ Минстроя России №1039/пр от 30.12.2016г. | K22: Конструкции стальные индивидуальные решетчатые сварные массой до 0,1 т | L22: 1348 | N22: 1009 | O22: т | P22: т | Q22: 1000 | W22: 0 | X22: 426000481 | Y22: 0 | AA22: 11500 | AB22: 0 | AC22: 0 | AD22: 0 | AE22: 11500 | AF22: 0 | AG22: 0 | AH22: 0 | AI22: 1 | AJ22: 1 | AK22: 1 | AL22: 1 | AN22: 0 | AO22: 1 | AP22: 1 | AQ22: 0 | AR22: 0 | AT22: 0.015 | AU22: )*0 | AV22: 0 | AW22: 2 | AX22: 16781731 | AY22: 1 | AZ22: 0 | BA22: 22 | BB22: 0 | BC22: 0 | BD22: 0 | BE22: 0 | BF22: 0 | BG22: 0 | BH22: 0 | BI22: 0 | BJ22: 0 | BK22: 0 | BL22: 0 | BM22: 0 | BN22: 0 | BO22: 0 | BP22: 0 | BQ22: 0 | BR22: 0 | BS22: 0 | BT22: 0 | BU22: 0 | BV22: 0 | BW22: 0 | CX22: =Y22*Source!I34 -> 0 | CY22: =AA22 -> 11500 | CZ22: =AE22 -> 11500 | DA22: =AI22 -> 1 | DB22: =ROUND((ROUND(AT22*CZ22,2)*0),6) -> 0 | DC22: =ROUND((ROUND(AT22*AG22,2)*0),6) -> 0
A23: =ROW(Source!A34) -> 34 | B23: 16781625 | C23: 16781723 | D23: 15203834 | E23: 1 | F23: 1 | G23: 1 | H23: 3 | I23: 14.4.02.09-0001 | J23: ФССЦ-2001, 14.4.02.09-0001, приказ Минстроя России №1039/пр от 30.12.2016г. | K23: Краска | L23: 1346 | N23: 1009 | O23: кг | P23: кг | Q23: 1 | W23: 0 | X23: 210558753 | Y23: 0 | AA23: 28.6 | AB23: 0 | AC23: 0 | AD23: 0 | AE23: 28.6 | AF23: 0 | AG23: 0 | AH23: 0 | AI23: 1 | AJ23: 1 | AK23: 1 | AL23: 1 | AN23: 0 | AO23: 1 | AP23: 1 | AQ23: 0 | AR23: 0 | AT23: 0.03 | AU23: )*0 | AV23: 0 | AW23: 2 | AX23: 16781732 | AY23: 1 | AZ23: 0 | BA23: 23 | BB23: 0 | BC23: 0 | BD23: 0 | BE23: 0 | BF23: 0 | BG23: 0 | BH23: 0 | BI23: 0 | BJ23: 0 | BK23: 0 | BL23: 0 | BM23: 0 | BN23: 0 | BO23: 0 | BP23: 0 | BQ23: 0 | BR23: 0 | BS23: 0 | BT23: 0 | BU23: 0 | BV23: 0 | BW23: 0 | CX23: =Y23*Source!I34 -> 0 | CY23: =AA23 -> 28.6 | CZ23: =AE23 -> 28.6 | DA23: =AI23 -> 1 | DB23: =ROUND((ROUND(AT23*CZ23,2)*0),6) -> 0 | DC23: =ROUND((ROUND(AT23*AG23,2)*0),6) -> 0
A24: =ROW(Source!A34) -> 34 | B24: 16781625 | C24: 16781723 | D24: 15164559 | E24: 17 | F24: 1 | G24: 1 | H24: 3 | I24: 999-9950 | K24: Вспомогательные ненормируемые материалы (2% от ОЗП) | L24: 1374 | N24: 1013 | O24: РУБ | P24: РУБ | Q24: 1 | W24: 0 | X24: -1731369543 | Y24: 0 | AA24: 1 | AB24: 0 | AC24: 0 | AD24: 0 | AE24: 1 | AF24: 0 | AG24: 0 | AH24: 0 | AI24: 1 | AJ24: 1 | AK24: 1 | AL24: 1 | AN24: 0 | AO24: 1 | AP24: 1 | AQ24: 0 | AR24: 0 | AT24: 0.46 | AU24: )*0 | AV24: 0 | AW24: 2 | AX24: 16781733 | AY24: 1 | AZ24: 0 | BA24: 24 | BB24: 0 | BC24: 0 | BD24: 0 | BE24: 0 | BF24: 0 | BG24: 0 | BH24: 0 | BI24: 0 | BJ24: 0 | BK24: 0 | BL24: 0 | BM24: 0 | BN24: 0 | BO24: 0 | BP24: 0 | BQ24: 0 | BR24: 0 | BS24: 0 | BT24: 0 | BU24: 0 | BV24: 0 | BW24: 0 | CX24: =Y24*Source!I34 -> 0 | CY24: =AA24 -> 1 | CZ24: =AE24 -> 1 | DA24: =AI24 -> 1 | DB24: =ROUND((ROUND(AT24*CZ24,2)*0),6) -> 0 | DC24: =ROUND((ROUND(AT24*AG24,2)*0),6) -> 0
A25: =ROW(Source!A35) -> 35 | B25: 16781639 | C25: 16781723 | D25: 15446300 | E25: 1 | F25: 1 | G25: 1 | H25: 1 | I25: 1-100-42 | K25: Рабочий среднего разряда 4.2 | L25: 1191 | N25: 1013 | O25: чел.-ч. | P25: чел.-ч. | Q25: 1 | W25: 0 | X25: 912892513 | Y25: 0.696 | AA25: 0 | AB25: 0 | AC25: 0 | AD25: 66.07 | AE25: 0 | AF25: 0 | AG25: 0 | AH25: 9.92 | AI25: 1 | AJ25: 1 | AK25: 1 | AL25: 6.66 | AN25: 0 | AO25: 1 | AP25: 1 | AQ25: 0 | AR25: 0 | AT25: 2.32 | AU25: )*0,3 | AV25: 1 | AW25: 2 | AX25: 16781724 | AY25: 1 | AZ25: 0 | BA25: 25 | BB25: 0 | BC25: 0 | BD25: 0 | BE25: 0 | BF25: 0 | BG25: 0 | BH25: 0 | BI25: 0 | BJ25: 0 | BK25: 0 | BL25: 0 | BM25: 0 | BN25: 0 | BO25: 0 | BP25: 0 | BQ25: 0 | BR25: 0 | BS25: 0 | BT25: 0 | BU25: 0 | BV25: 0 | BW25: 0 | CX25: =Y25*Source!I35 -> 1.392 | CY25: =AD25 -> 66.07 | CZ25: =AH25 -> 9.92 | DA25: =AL25 -> 6.66 | DB25: =ROUND((ROUND(AT25*CZ25,2)*0.3),6) -> 6.903 | DC25: =ROUND((ROUND(AT25*AG25,2)*0.3),6) -> 0
A26: =ROW(Source!A35) -> 35 | B26: 16781639 | C26: 16781723 | D26: 15430395 | E26: 1 | F26: 1 | G26: 1 | H26: 1 | I26: 4-100-00 | K26: Затраты труда машинистов | L26: 1191 | N26: 1013 | O26: чел.-ч. | P26: чел.-ч. | Q26: 1 | W26: 0 | X26: -1417349443 | Y26: 0.28 | AA26: 0 | AB26: 0 | AC26: 0 | AD26: 0 | AE26: 0 | AF26: 0 | AG26: 0 | AH26: 0 | AI26: 1 | AJ26: 1 | AK26: 6.66 | AL26: 1 | AN26: 0 | AO26: 1 | AP26: 0 | AQ26: 0 | AR26: 0 | AT26: 0.28 | AV26: 2 | AW26: 2 | AX26: 16781725 | AY26: 1 | AZ26: 2048 | BA26: 26 | BB26: 0 | BC26: 0 | BD26: 0 | BE26: 0 | BF26: 0 | BG26: 0 | BH26: 0 | BI26: 0 | BJ26: 0 | BK26: 0 | BL26: 0 | BM26: 0 | BN26: 0 | BO26: 0 | BP26: 0 | BQ26: 0 | BR26: 0 | BS26: 0 | BT26: 0 | BU26: 0 | BV26: 0 | BW26: 0 | CX26: =Y26*Source!I35 -> 0.56 | CY26: =AD26 -> 0 | CZ26: =AH26 -> 0 | DA26: =AL26 -> 1 | DB26: =ROUND(ROUND(AT26*CZ26,2),6) -> 0 | DC26: =ROUND(ROUND(AT26*AG26,2),6) -> 0
A27: =ROW(Source!A35) -> 35 | B27: 16781639 | C27: 16781723 | D27: 15247680 | E27: 1 | F27: 1 | G27: 1 | H27: 2 | I27: 91.05.05-014 | J27: ФСЭМ-2001, 91.05.05-014, приказ Минстроя России №1039/пр от 30.12.2016г. | K27: Краны на автомобильном ходу, грузоподъемность 10 т | L27: 1368 | N27: 1011 | O27: маш.-ч | P27: маш.-ч | Q27: 1 | W27: 0 | X27: -1718674368 | Y27: 0.042 | AA27: 0 | AB27: 745.85 | AC27: 13.5 | AD27: 0 | AE27: 0 | AF27: 111.99 | AG27: 13.5 | AH27: 0 | AI27: 1 | AJ27: 6.66 | AK27: 1 | AL27: 1 | AN27: 0 | AO27: 1 | AP27: 1 | AQ27: 0 | AR27: 0 | AT27: 0.14 | AU27: )*0,3 | AV27: 0 | AW27: 2 | AX27: 16781726 | AY27: 1 | AZ27: 0 | BA27: 27 | BB27: 0 | BC27: 0 | BD27: 0 | BE27: 0 | BF27: 0 | BG27: 0 | BH27: 0 | BI27: 0 | BJ27: 0 | BK27: 0 | BL27: 0 | BM27: 0 | BN27: 0 | BO27: 0 | BP27: 0 | BQ27: 0 | BR27: 0 | BS27: 0 | BT27: 0 | BU27: 0 | BV27: 0 | BW27: 0 | CX27: =Y27*Source!I35 -> 0.084 | CY27: =AB27 -> 745.85 | CZ27: =AF27 -> 111.99 | DA27: =AJ27 -> 6.66 | DB27: =ROUND((ROUND(AT27*CZ27,2)*0.3),6) -> 4.704 | DC27: =ROUND((ROUND(AT27*AG27,2)*0.3),6) -> 0.567
A28: =ROW(Source!A35) -> 35 | B28: 16781639 | C28: 16781723 | D28: 15249073 | E28: 1 | F28: 1 | G28: 1 | H28: 2 | I28: 91.14.02-001 | J28: ФСЭМ-2001, 91.14.02-001, приказ Минстроя России №1039/пр от 30.12.2016г. | K28: Автомобили бортовые, грузоподъемность до 5 т | L28: 1368 | N28: 1011 | O28: маш.-ч | P28: маш.-ч | Q28: 1 | W28: 0 | X28: 1372534845 | Y28: 0.042 | AA28: 0 | AB28: 437.63 | AC28: 11.6 | AD28: 0 | AE28: 0 | AF28: 65.71 | AG28: 11.6 | AH28: 0 | AI28: 1 | AJ28: 6.66 | AK28: 1 | AL28: 1 | AN28: 0 | AO28: 1 | AP28: 1 | AQ28: 0 | AR28: 0 | AT28: 0.14 | AU28: )*0,3 | AV28: 0 | AW28: 2 | AX28: 16781727 | AY28: 1 | AZ28: 0 | BA28: 28 | BB28: 0 | BC28: 0 | BD28: 0 | BE28: 0 | BF28: 0 | BG28: 0 | BH28: 0 | BI28: 0 | BJ28: 0 | BK28: 0 | BL28: 0 | BM28: 0 | BN28: 0 | BO28: 0 | BP28: 0 | BQ28: 0 | BR28: 0 | BS28: 0 | BT28: 0 | BU28: 0 | BV28: 0 | BW28: 0 | CX28: =Y28*Source!I35 -> 0.084 | CY28: =AB28 -> 437.63 | CZ28: =AF28 -> 65.71 | DA28: =AJ28 -> 6.66 | DB28: =ROUND((ROUND(AT28*CZ28,2)*0.3),6) -> 2.76 | DC28: =ROUND((ROUND(AT28*AG28,2)*0.3),6) -> 0.486
A29: =ROW(Source!A35) -> 35 | B29: 16781639 | C29: 16781723 | D29: 15249377 | E29: 1 | F29: 1 | G29: 1 | H29: 2 | I29: 91.17.04-233 | J29: ФСЭМ-2001, 91.17.04-233, приказ Минстроя России №1039/пр от 30.12.2016г. | K29: Установки для сварки ручной дуговой (постоянного тока) | L29: 1368 | N29: 1011 | O29: маш.-ч | P29: маш.-ч | Q29: 1 | W29: 0 | X29: -353815937 | Y29: 0.246 | AA29: 0 | AB29: 53.95 | AC29: 0 | AD29: 0 | AE29: 0 | AF29: 8.1 | AG29: 0 | AH29: 0 | AI29: 1 | AJ29: 6.66 | AK29: 1 | AL29: 1 | AN29: 0 | AO29: 1 | AP29: 1 | AQ29: 0 | AR29: 0 | AT29: 0.82 | AU29: )*0,3 | AV29: 0 | AW29: 2 | AX29: 16781728 | AY29: 1 | AZ29: 0 | BA29: 29 | BB29: 0 | BC29: 0 | BD29: 0 | BE29: 0 | BF29: 0 | BG29: 0 | BH29: 0 | BI29: 0 | BJ29: 0 | BK29: 0 | BL29: 0 | BM29: 0 | BN29: 0 | BO29: 0 | BP29: 0 | BQ29: 0 | BR29: 0 | BS29: 0 | BT29: 0 | BU29: 0 | BV29: 0 | BW29: 0 | CX29: =Y29*Source!I35 -> 0.492 | CY29: =AB29 -> 53.95 | CZ29: =AF29 -> 8.1 | DA29: =AJ29 -> 6.66 | DB29: =ROUND((ROUND(AT29*CZ29,2)*0.3),6) -> 1.992 | DC29: =ROUND((ROUND(AT29*AG29,2)*0.3),6) -> 0
A30: =ROW(Source!A35) -> 35 | B30: 16781639 | C30: 16781723 | D30: 15168752 | E30: 1 | F30: 1 | G30: 1 | H30: 3 | I30: 01.7.11.07-0034 | J30: ФССЦ-2001, 01.7.11.07-0034, приказ Минстроя России №1039/пр от 30.12.2016г. | K30: Электроды диаметром 4 мм Э42А | L30: 1346 | N30: 1009 | O30: кг | P30: кг | Q30: 1 | W30: 0 | X30: 586013393 | Y30: 0 | AA30: 70.4 | AB30: 0 | AC30: 0 | AD30: 0 | AE30: 10.57 | AF30: 0 | AG30: 0 | AH30: 0 | AI30: 6.66 | AJ30: 1 | AK30: 1 | AL30: 1 | AN30: 0 | AO30: 1 | AP30: 1 | AQ30: 0 | AR30: 0 | AT30: 0.1 | AU30: )*0 | AV30: 0 | AW30: 2 | AX30: 16781729 | AY30: 1 | AZ30: 0 | BA30: 30 | BB30: 0 | BC30: 0 | BD30: 0 | BE30: 0 | BF30: 0 | BG30: 0 | BH30: 0 | BI30: 0 | BJ30: 0 | BK30: 0 | BL30: 0 | BM30: 0 | BN30: 0 | BO30: 0 | BP30: 0 | BQ30: 0 | BR30: 0 | BS30: 0 | BT30: 0 | BU30: 0 | BV30: 0 | BW30: 0 | CX30: =Y30*Source!I35 -> 0 | CY30: =AA30 -> 70.4 | CZ30: =AE30 -> 10.57 | DA30: =AI30 -> 6.66 | DB30: =ROUND((ROUND(AT30*CZ30,2)*0),6) -> 0 | DC30: =ROUND((ROUND(AT30*AG30,2)*0),6) -> 0
A31: =ROW(Source!A35) -> 35 | B31: 16781639 | C31: 16781723 | D31: 15169942 | E31: 1 | F31: 1 | G31: 1 | H31: 3 | I31: 01.7.15.03-0042 | J31: ФССЦ-2001, 01.7.15.03-0042, приказ Минстроя России №1039/пр от 30.12.2016г. | K31: Болты с гайками и шайбами строительные | L31: 1346 | N31: 1009 | O31: кг | P31: кг | Q31: 1 | W31: 0 | X31: 103900845 | Y31: 0 | AA31: 60.21 | AB31: 0 | AC31: 0 | AD31: 0 | AE31: 9.04 | AF31: 0 | AG31: 0 | AH31: 0 | AI31: 6.66 | AJ31: 1 | AK31: 1 | AL31: 1 | AN31: 0 | AO31: 1 | AP31: 1 | AQ31: 0 | AR31: 0 | AT31: 0.17 | AU31: )*0 | AV31: 0 | AW31: 2 | AX31: 16781730 | AY31: 1 | AZ31: 0 | BA31: 31 | BB31: 0 | BC31: 0 | BD31: 0 | BE31: 0 | BF31: 0 | BG31: 0 | BH31: 0 | BI31: 0 | BJ31: 0 | BK31: 0 | BL31: 0 | BM31: 0 | BN31: 0 | BO31: 0 | BP31: 0 | BQ31: 0 | BR31: 0 | BS31: 0 | BT31: 0 | BU31: 0 | BV31: 0 | BW31: 0 | CX31: =Y31*Source!I35 -> 0 | CY31: =AA31 -> 60.21 | CZ31: =AE31 -> 9.04 | DA31: =AI31 -> 6.66 | DB31: =ROUND((ROUND(AT31*CZ31,2)*0),6) -> 0 | DC31: =ROUND((ROUND(AT31*AG31,2)*0),6) -> 0
A32: =ROW(Source!A35) -> 35 | B32: 16781639 | C32: 16781723 | D32: 15188647 | E32: 1 | F32: 1 | G32: 1 | H32: 3 | I32: 07.2.07.04-0007 | J32: ФССЦ-2001, 07.2.07.04-0007, приказ Минстроя России №1039/пр от 30.12.2016г. | K32: Конструкции стальные индивидуальные решетчатые сварные массой до 0,1 т | L32: 1348 | N32: 1009 | O32: т | P32: т | Q32: 1000 | W32: 0 | X32: 426000481 | Y32: 0 | AA32: 76590 | AB32: 0 | AC32: 0 | AD32: 0 | AE32: 11500 | AF32: 0 | AG32: 0 | AH32: 0 | AI32: 6.66 | AJ32: 1 | AK32: 1 | AL32: 1 | AN32: 0 | AO32: 1 | AP32: 1 | AQ32: 0 | AR32: 0 | AT32: 0.015 | AU32: )*0 | AV32: 0 | AW32: 2 | AX32: 16781731 | AY32: 1 | AZ32: 0 | BA32: 32 | BB32: 0 | BC32: 0 | BD32: 0 | BE32: 0 | BF32: 0 | BG32: 0 | BH32: 0 | BI32: 0 | BJ32: 0 | BK32: 0 | BL32: 0 | BM32: 0 | BN32: 0 | BO32: 0 | BP32: 0 | BQ32: 0 | BR32: 0 | BS32: 0 | BT32: 0 | BU32: 0 | BV32: 0 | BW32: 0 | CX32: =Y32*Source!I35 -> 0 | CY32: =AA32 -> 76590 | CZ32: =AE32 -> 11500 | DA32: =AI32 -> 6.66 | DB32: =ROUND((ROUND(AT32*CZ32,2)*0),6) -> 0 | DC32: =ROUND((ROUND(AT32*AG32,2)*0),6) -> 0
A33: =ROW(Source!A35) -> 35 | B33: 16781639 | C33: 16781723 | D33: 15203834 | E33: 1 | F33: 1 | G33: 1 | H33: 3 | I33: 14.4.02.09-0001 | J33: ФССЦ-2001, 14.4.02.09-0001, приказ Минстроя России №1039/пр от 30.12.2016г. | K33: Краска | L33: 1346 | N33: 1009 | O33: кг | P33: кг | Q33: 1 | W33: 0 | X33: 210558753 | Y33: 0 | AA33: 190.48 | AB33: 0 | AC33: 0 | AD33: 0 | AE33: 28.6 | AF33: 0 | AG33: 0 | AH33: 0 | AI33: 6.66 | AJ33: 1 | AK33: 1 | AL33: 1 | AN33: 0 | AO33: 1 | AP33: 1 | AQ33: 0 | AR33: 0 | AT33: 0.03 | AU33: )*0 | AV33: 0 | AW33: 2 | AX33: 16781732 | AY33: 1 | AZ33: 0 | BA33: 33 | BB33: 0 | BC33: 0 | BD33: 0 | BE33: 0 | BF33: 0 | BG33: 0 | BH33: 0 | BI33: 0 | BJ33: 0 | BK33: 0 | BL33: 0 | BM33: 0 | BN33: 0 | BO33: 0 | BP33: 0 | BQ33: 0 | BR33: 0 | BS33: 0 | BT33: 0 | BU33: 0 | BV33: 0 | BW33: 0 | CX33: =Y33*Source!I35 -> 0 | CY33: =AA33 -> 190.48 | CZ33: =AE33 -> 28.6 | DA33: =AI33 -> 6.66 | DB33: =ROUND((ROUND(AT33*CZ33,2)*0),6) -> 0 | DC33: =ROUND((ROUND(AT33*AG33,2)*0),6) -> 0
A34: =ROW(Source!A35) -> 35 | B34: 16781639 | C34: 16781723 | D34: 15164559 | E34: 17 | F34: 1 | G34: 1 | H34: 3 | I34: 999-9950 | K34: Вспомогательные ненормируемые материалы (2% от ОЗП) | L34: 1374 | N34: 1013 | O34: РУБ | P34: РУБ | Q34: 1 | W34: 0 | X34: -1731369543 | Y34: 0 | AA34: 1 | AB34: 0 | AC34: 0 | AD34: 0 | AE34: 1 | AF34: 0 | AG34: 0 | AH34: 0 | AI34: 1 | AJ34: 1 | AK34: 1 | AL34: 1 | AN34: 0 | AO34: 1 | AP34: 1 | AQ34: 0 | AR34: 0 | AT34: 0.46 | AU34: )*0 | AV34: 0 | AW34: 2 | AX34: 16781733 | AY34: 1 | AZ34: 0 | BA34: 34 | BB34: 0 | BC34: 0 | BD34: 0 | BE34: 0 | BF34: 0 | BG34: 0 | BH34: 0 | BI34: 0 | BJ34: 0 | BK34: 0 | BL34: 0 | BM34: 0 | BN34: 0 | BO34: 0 | BP34: 0 | BQ34: 0 | BR34: 0 | BS34: 0 | BT34: 0 | BU34: 0 | BV34: 0 | BW34: 0 | CX34: =Y34*Source!I35 -> 0 | CY34: =AA34 -> 1 | CZ34: =AE34 -> 1 | DA34: =AI34 -> 1 | DB34: =ROUND((ROUND(AT34*CZ34,2)*0),6) -> 0 | DC34: =ROUND((ROUND(AT34*AG34,2)*0),6) -> 0
A35: =ROW(Source!A36) -> 36 | B35: 16781625 | C35: 16781735 | D35: 15430397 | E35: 1 | F35: 1 | G35: 1 | H35: 1 | I35: 1-100-38 | K35: Рабочий среднего разряда 3.8 | L35: 1191 | N35: 1013 | O35: чел.-ч. | P35: чел.-ч. | Q35: 1 | W35: 0 | X35: -1081351934 | Y35: 81.968 | AA35: 0 | AB35: 0 | AC35: 0 | AD35: 9.4 | AE35: 0 | AF35: 0 | AG35: 0 | AH35: 9.4 | AI35: 1 | AJ35: 1 | AK35: 1 | AL35: 1 | AN35: 0 | AO35: 1 | AP35: 1 | AQ35: 0 | AR35: 0 | AT35: 102.46 | AU35: )*0,8 | AV35: 1 | AW35: 2 | AX35: 16781736 | AY35: 1 | AZ35: 0 | BA35: 35 | BB35: 0 | BC35: 0 | BD35: 0 | BE35: 0 | BF35: 0 | BG35: 0 | BH35: 0 | BI35: 0 | BJ35: 0 | BK35: 0 | BL35: 0 | BM35: 0 | BN35: 0 | BO35: 0 | BP35: 0 | BQ35: 0 | BR35: 0 | BS35: 0 | BT35: 0 | BU35: 0 | BV35: 0 | BW35: 0 | CX35: =Y35*Source!I36 -> 42.124995 | CY35: =AD35 -> 9.4 | CZ35: =AH35 -> 9.4 | DA35: =AL35 -> 1 | DB35: =ROUND((ROUND(AT35*CZ35,2)*0.8),6) -> 770.496 | DC35: =ROUND((ROUND(AT35*AG35,2)*0.8),6) -> 0
A36: =ROW(Source!A36) -> 36 | B36: 16781625 | C36: 16781735 | D36: 15430395 | E36: 1 | F36: 1 | G36: 1 | H36: 1 | I36: 4-100-00 | K36: Затраты труда машинистов | L36: 1191 | N36: 1013 | O36: чел.-ч. | P36: чел.-ч. | Q36: 1 | W36: 0 | X36: -1417349443 | Y36: 5.34 | AA36: 0 | AB36: 0 | AC36: 0 | AD36: 0 | AE36: 0 | AF36: 0 | AG36: 0 | AH36: 0 | AI36: 1 | AJ36: 1 | AK36: 1 | AL36: 1 | AN36: 0 | AO36: 1 | AP36: 0 | AQ36: 0 | AR36: 0 | AT36: 5.34 | AV36: 2 | AW36: 2 | AX36: 16781737 | AY36: 1 | AZ36: 2048 | BA36: 36 | BB36: 0 | BC36: 0 | BD36: 0 | BE36: 0 | BF36: 0 | BG36: 0 | BH36: 0 | BI36: 0 | BJ36: 0 | BK36: 0 | BL36: 0 | BM36: 0 | BN36: 0 | BO36: 0 | BP36: 0 | BQ36: 0 | BR36: 0 | BS36: 0 | BT36: 0 | BU36: 0 | BV36: 0 | BW36: 0 | CX36: =Y36*Source!I36 -> 2.7443328 | CY36: =AD36 -> 0 | CZ36: =AH36 -> 0 | DA36: =AL36 -> 1 | DB36: =ROUND(ROUND(AT36*CZ36,2),6) -> 0 | DC36: =ROUND(ROUND(AT36*AG36,2),6) -> 0
A37: =ROW(Source!A36) -> 36 | B37: 16781625 | C37: 16781735 | D37: 15247974 | E37: 1 | F37: 1 | G37: 1 | H37: 2 | I37: 91.06.06-048 | J37: ФСЭМ-2001, 91.06.06-048, приказ Минстроя России №1039/пр от 30.12.2016г. | K37: Подъемники одномачтовые, грузоподъемность до 500 кг, высота подъема 45 м | L37: 1368 | N37: 1011 | O37: маш.-ч | P37: маш.-ч | Q37: 1 | W37: 0 | X37: 1188625873 | Y37: 0.608 | AA37: 0 | AB37: 31.26 | AC37: 13.5 | AD37: 0 | AE37: 0 | AF37: 31.26 | AG37: 13.5 | AH37: 0 | AI37: 1 | AJ37: 1 | AK37: 1 | AL37: 1 | AN37: 0 | AO37: 1 | AP37: 1 | AQ37: 0 | AR37: 0 | AT37: 0.76 | AU37: )*0,8 | AV37: 0 | AW37: 2 | AX37: 16781738 | AY37: 1 | AZ37: 0 | BA37: 37 | BB37: 0 | BC37: 0 | BD37: 0 | BE37: 0 | BF37: 0 | BG37: 0 | BH37: 0 | BI37: 0 | BJ37: 0 | BK37: 0 | BL37: 0 | BM37: 0 | BN37: 0 | BO37: 0 | BP37: 0 | BQ37: 0 | BR37: 0 | BS37: 0 | BT37: 0 | BU37: 0 | BV37: 0 | BW37: 0 | CX37: =Y37*Source!I36 -> 0.31246336 | CY37: =AB37 -> 31.26 | CZ37: =AF37 -> 31.26 | DA37: =AJ37 -> 1 | DB37: =ROUND((ROUND(AT37*CZ37,2)*0.8),6) -> 19.008 | DC37: =ROUND((ROUND(AT37*AG37,2)*0.8),6) -> 8.208
A38: =ROW(Source!A36) -> 36 | B38: 16781625 | C38: 16781735 | D38: 15249073 | E38: 1 | F38: 1 | G38: 1 | H38: 2 | I38: 91.14.02-001 | J38: ФСЭМ-2001, 91.14.02-001, приказ Минстроя России №1039/пр от 30.12.2016г. | K38: Автомобили бортовые, грузоподъемность до 5 т | L38: 1368 | N38: 1011 | O38: маш.-ч | P38: маш.-ч | Q38: 1 | W38: 0 | X38: 1372534845 | Y38: 3.664 | AA38: 0 | AB38: 65.71 | AC38: 11.6 | AD38: 0 | AE38: 0 | AF38: 65.71 | AG38: 11.6 | AH38: 0 | AI38: 1 | AJ38: 1 | AK38: 1 | AL38: 1 | AN38: 0 | AO38: 1 | AP38: 1 | AQ38: 0 | AR38: 0 | AT38: 4.58 | AU38: )*0,8 | AV38: 0 | AW38: 2 | AX38: 16781739 | AY38: 1 | AZ38: 0 | BA38: 38 | BB38: 0 | BC38: 0 | BD38: 0 | BE38: 0 | BF38: 0 | BG38: 0 | BH38: 0 | BI38: 0 | BJ38: 0 | BK38: 0 | BL38: 0 | BM38: 0 | BN38: 0 | BO38: 0 | BP38: 0 | BQ38: 0 | BR38: 0 | BS38: 0 | BT38: 0 | BU38: 0 | BV38: 0 | BW38: 0 | CX38: =Y38*Source!I36 -> 1.8830029 | CY38: =AB38 -> 65.71 | CZ38: =AF38 -> 65.71 | DA38: =AJ38 -> 1 | DB38: =ROUND((ROUND(AT38*CZ38,2)*0.8),6) -> 240.76 | DC38: =ROUND((ROUND(AT38*AG38,2)*0.8),6) -> 42.504
A39: =ROW(Source!A36) -> 36 | B39: 16781625 | C39: 16781735 | D39: 15167143 | E39: 1 | F39: 1 | G39: 1 | H39: 3 | I39: 01.6.04.02-0011 | J39: ФССЦ-2001, 01.6.04.02-0011, приказ Минстроя России №1039/пр от 30.12.2016г. | K39: Панели потолочные с комплектующими «Армстронг» | L39: 1327 | N39: 1005 | O39: м2 | P39: м2 | Q39: 1 | W39: 0 | X39: 1385600515 | Y39: 0 | AA39: 51.8 | AB39: 0 | AC39: 0 | AD39: 0 | AE39: 51.8 | AF39: 0 | AG39: 0 | AH39: 0 | AI39: 1 | AJ39: 1 | AK39: 1 | AL39: 1 | AN39: 0 | AO39: 1 | AP39: 1 | AQ39: 0 | AR39: 0 | AT39: 103 | AU39: )*0 | AV39: 0 | AW39: 2 | AX39: 16781740 | AY39: 1 | AZ39: 0 | BA39: 39 | BB39: 0 | BC39: 0 | BD39: 0 | BE39: 0 | BF39: 0 | BG39: 0 | BH39: 0 | BI39: 0 | BJ39: 0 | BK39: 0 | BL39: 0 | BM39: 0 | BN39: 0 | BO39: 0 | BP39: 0 | BQ39: 0 | BR39: 0 | BS39: 0 | BT39: 0 | BU39: 0 | BV39: 0 | BW39: 0 | CX39: =Y39*Source!I36 -> 0 | CY39: =AA39 -> 51.8 | CZ39: =AE39 -> 51.8 | DA39: =AI39 -> 1 | DB39: =ROUND((ROUND(AT39*CZ39,2)*0),6) -> 0 | DC39: =ROUND((ROUND(AT39*AG39,2)*0),6) -> 0
A40: =ROW(Source!A37) -> 37 | B40: 16781639 | C40: 16781735 | D40: 15430397 | E40: 1 | F40: 1 | G40: 1 | H40: 1 | I40: 1-100-38 | K40: Рабочий среднего разряда 3.8 | L40: 1191 | N40: 1013 | O40: чел.-ч. | P40: чел.-ч. | Q40: 1 | W40: 0 | X40: -1081351934 | Y40: 81.968 | AA40: 0 | AB40: 0 | AC40: 0 | AD40: 62.6 | AE40: 0 | AF40: 0 | AG40: 0 | AH40: 9.4 | AI40: 1 | AJ40: 1 | AK40: 1 | AL40: 6.66 | AN40: 0 | AO40: 1 | AP40: 1 | AQ40: 0 | AR40: 0 | AT40: 102.46 | AU40: )*0,8 | AV40: 1 | AW40: 2 | AX40: 16781736 | AY40: 1 | AZ40: 0 | BA40: 40 | BB40: 0 | BC40: 0 | BD40: 0 | BE40: 0 | BF40: 0 | BG40: 0 | BH40: 0 | BI40: 0 | BJ40: 0 | BK40: 0 | BL40: 0 | BM40: 0 | BN40: 0 | BO40: 0 | BP40: 0 | BQ40: 0 | BR40: 0 | BS40: 0 | BT40: 0 | BU40: 0 | BV40: 0 | BW40: 0 | CX40: =Y40*Source!I37 -> 42.124995 | CY40: =AD40 -> 62.6 | CZ40: =AH40 -> 9.4 | DA40: =AL40 -> 6.66 | DB40: =ROUND((ROUND(AT40*CZ40,2)*0.8),6) -> 770.496 | DC40: =ROUND((ROUND(AT40*AG40,2)*0.8),6) -> 0
